Workbook

Sheet TOC
A1: BENUE STATE GOVERNMENT
A3: BENUE STATE 2024 SUPPLEMENTARY ESTIMATES - SUMMARY
A4: S/NO | B4: ADMIN CODE | C4: PSE/MDA | D4: PAGE NO.
A5: 1 | C5: TABLE OF CONTENT | D5: 1
A6: 2 | C6: 2024 SUPPLEMENTARY BUDGET: REVENUE SUMMARY | D6: 3
A7: 3 | C7: 2024 SUPPLEMENTARY BUDGET: REVENUE DETAILS | D7: 4
A8: 4 | C8: 2024 SUPPLEMENTARY BUDGET FRAMEWORK | D8: 6
A9: 5 | C9: 2024 SUPPLEMENTARY ESTIMATES - SUMMARY | D9: 7
A10: 6 | C10: 2024 SUPPLEMENTARY ESTIMATES - SECTORAL ALLOCATION | D10: 11
A11: 7 | C11: SUMMARY OF SUPPLEMENTARY ESTIMATES (RECURRENT AND CAPITAL EXPENDITURE) | D11: 14
A12: 1 | B12: 011100100100 | C12: Government House Administration | D12: 17
A13: 2 | B13: 011100100200 | C13: Deputy Governor's Office | D13: 18
A14: 3 | B14: 011100500100 | C14: Development Cooperations, Sustainable Development Goals (SDGs) | D14: 19
A15: 4 | B15: 011100800100 | C15: Benue State Emergency Management Agency (BESEMA) | D15: 20
A16: 5 | B16: 011101000100 | C16: Public Procurement Commission | D16: 22
A17: 6 | B17: 011102100500 | C17: Bureau of Archives, Research and Documentation | D17: 24
A18: 7 | B18: 011103300100 | C18: Benue State Aids Control Agency (BENSACA) | D18: 25
A19: 8 | B19: 011103700100 | C19: Muslim Pilgrims Welfare Board (MPWB) | D19: 26
A20: 9 | B20: 011103800100 | C20: Christian Pilgrims Welfare Board (CPWB) | D20: 27
A21: 10 | B21: 011104500100 | C21: Benue State Pension Commission | D21: 29
A22: 11 | B22: 011100600100 | C22: Benue State Commission for Peace and Reconciliation | D22: 33
A23: 12 | B23: 011200300100 | C23: Benue State House of Assembly | D23: 35
... A62: 51 | B62: 023800100100 | C62: Benue State Budget and Economic Planning Commission | D62: 183
A63: 52 | B63: 023800400100 | C63: Benue State Bureau of Statistics
A64: 53 | B64: 025000100100 | C64: Fiscal Responsibility Commission
A65: 54 | B65: 025200100100 | C65: Ministry of Water Resources, Environment and Climate Change
A66: 55 | B66: 025210200100 | C66: Benue State Water Board
A67: 56 | B67: 025210300100 | C67: Benue State Rural Water Supply and Sanitation Agency (BERWASSA)
A68: 57 | B68: 025210400100 | C68: Benue State Environmental Sanitation Authority
A69: 58 | B69: 025400100100 | C69: Ministry of Cooperatives and Rural Development
A70: 59 | B70: 025400200100 | C70: Benue State Urban Development Board
A71: 60 | B71: 026000100100 | C71: Ministry of Lands, Survey and Solid Minerals
A72: 61 | B72: 031801100100 | C72: Benue State Judicial Service Commission
A73: 62 | B73: 031805100100 | C73: High Court of Justice
A74: 63 | B74: 031805200100 | C74: Customary Court of Appeal
... A103: 92 | B103: 055100100100 | C103: Bureau of Local Government and Chieftaincy Affairs

Sheet BudgetSize,2024
A1: BENUE STATE GOVERNMENT
A3: BENUE STATE 2024 SUPPLEMENTARY ESTIMATES - SUMMARY
A5: S/No | B5: SECTORAL CODE | C5: PUBLIC SECTOR ENTITIES (PSEs) | D5: RECURRENT REVENUE | E5: PERSONNEL COST | F5: OVERHEAD COST | G5: RECURRENT EXPENDITURE | H5: CAPITAL EXPENDITURE | I5: TOTAL ALLOCATION
C6: PERCENTAGE: | E6: =E7/I7*100% -> 0.18165028 | F6: =F7/I7*100% -> 0.23249557 | G6: =SUM(E6,F6) -> 0.41414584 | H6: =H7/I7*100% -> 0.58585416 | I6: =SUM(G6,H6) -> 1
C7: TOTAL: | D7: =SUM(D8:D104) -> 3.7302057e+11 | E7: =SUM(E8:E104) -> 6.775929e+10 | F7: =SUM(F8:F104) -> 8.6725628e+10 | G7: =SUM(G8:G104) -> 1.5448492e+11 | H7: =SUM(H8:H104) -> 2.1853565e+11 | I7: =SUM(I8:I104) -> 3.7302057e+11 | K7: =I7-D7 -> 0.62512207
A8: 1 | B8: 011100100100 | C8: Government House Administration | E8: ='Detail RecExp. & CapEx'!K45 -> 1.652007e+08 | F8: ='Detail RecExp. & CapEx'!K46 -> 4536586900 | G8: =SUM(E8,F8) -> 4.7017876e+09 | H8: ='Detail RecExp. & CapEx'!K59 -> 646000000 | I8: =SUM(G8,H8) -> 5.3477876e+09
A9: 2 | B9: 011100100200 | C9: Deputy Governor's Office | E9: ='Detail RecExp. & CapEx'!K105 -> 6446411.7 | F9: ='Detail RecExp. & CapEx'!K106 -> 1835469200 | G9: =SUM(E9,F9) -> 1.8419156e+09 | H9: ='Detail RecExp. & CapEx'!K116 -> 51520000 | I9: =SUM(G9,H9) -> 1.8934356e+09
A10: 3 | B10: 011100500100 | C10: Development Cooperations, Sustainable Development Goals (SDGs) | E10: ='Detail RecExp. & CapEx'!K204 -> 0 | F10: ='Detail RecExp. & CapEx'!K205 -> 0 | G10: =SUM(E10,F10) -> 0 | H10: ='Detail RecExp. & CapEx'!K223 -> 0 | I10: =SUM(G10,H10) -> 0
A11: 4 | B11: 011100600100 | C11: Benue State Commission for Peace and Reconciliation | E11: ='Detail RecExp. & CapEx'!K620 -> 42250000 | F11: ='Detail RecExp. & CapEx'!K621 -> 291722400 | G11: =SUM(E11,F11) -> 333972400 | H11: ='Detail RecExp. & CapEx'!K632 -> 58000000 | I11: =SUM(G11,H11) -> 391972400
A12: 5 | B12: 011100800100 | C12: Benue State Emergency Management Agency (BESEMA) | D12: ='DetailSup-Rec.Rev.,2024'!H125 -> 5591636743 | E12: ='Detail RecExp. & CapEx'!K299 -> 2038658.5 | F12: ='Detail RecExp. & CapEx'!K300 -> 9502424000 | G12: =SUM(E12,F12) -> 9.5044627e+09 | H12: ='Detail RecExp. & CapEx'!K312 -> 1303000000 | I12: =SUM(G12,H12) -> 1.0807463e+10
A13: 6 | B13: 011101000100 | C13: Public Procurement Commission | D13: 97400000 | E13: - | F13: ='Detail RecExp. & CapEx'!K354 -> 12000000 | G13: =SUM(E13,F13) -> 12000000 | H13: ='Detail RecExp. & CapEx'!K367 -> 24977000 | I13: =SUM(G13,H13) -> 36977000
A14: 7 | B14: 011102000100 | C14: Benue State Social Investment Programme | E14: ='Detail RecExp. & CapEx'!K5575 -> 0 | F14: ='Detail RecExp. & CapEx'!K5576 -> 390130000 | G14: =SUM(E14,F14) -> 390130000 | H14: ='Detail RecExp. & CapEx'!K5591 -> 1.6935222e+09 | I14: =SUM(G14,H14) -> 2.0836522e+09
A15: 8 | B15: 011102100500 | C15: Bureau of Archives, Research and Documentation | E15: ='Detail RecExp. & CapEx'!K402 -> 27856086 | F15: ='Detail RecExp. & CapEx'!K403 -> 7467000 | G15: =SUM(E15,F15) -> 35323086 | H15: ='Detail RecExp. & CapEx'!K411 -> 1830000 | I15: =SUM(G15,H15) -> 37153086
A16: 9 | B16: 011103300100 | C16: Benue State Aids Control Agency (BENSACA) | D16: 13500000 | E16: - | F16: ='Detail RecExp. & CapEx'!K450 -> 18080000 | G16: =SUM(E16,F16) -> 18080000 | H16: - | I16: =SUM(G16,H16) -> 18080000
A17: 10 | B17: 011103700100 | C17: Muslim Pilgrims Welfare Board (MPWB) | D17: 500000 | E17: ='Detail RecExp. & CapEx'!K476 -> 4176600.8 | F17: ='Detail RecExp. & CapEx'!K477 -> 4248000 | G17: =SUM(E17,F17) -> 8424600.8 | H17: ='Detail RecExp. & CapEx'!K487 -> 87000000 | I17: =SUM(G17,H17) -> 95424601
A18: 11 | B18: 011103800100 | C18: Christian Pilgrims Welfare Board (CPWB) | D18: 600000 | E18: ='Detail RecExp. & CapEx'!K515 -> 4176600.8 | F18: ='Detail RecExp. & CapEx'!K516 -> 4248000 | G18: =SUM(E18,F18) -> 8424600.8 | H18: ='Detail RecExp. & CapEx'!K524 -> 636300 | I18: =SUM(G18,H18) -> 9060900.8
A19: 12 | B19: 011104500100 | C19: Benue State Pension Commission | D19: ='DetailSup-Rec.Rev.,2024'!H82 -> 55000000 | E19: ='Detail RecExp. & CapEx'!K579 -> 1.7772815e+10 | F19: ='Detail RecExp. & CapEx'!K580 -> 55020000 | G19: =SUM(E19,F19) -> 1.7827835e+10 | H19: - | I19: =SUM(G19,H19) -> 1.7827835e+10
A20: 13 | B20: 011110100100 | C20: Bureau of Special Projects & Infrastructure | E20: ='Detail RecExp. & CapEx'!K675 -> 9570000 | F20: ='Detail RecExp. & CapEx'!K676 -> 68109000 | G20: =SUM(E20,F20) -> 77679000 | H20: ='Detail RecExp. & CapEx'!K691 -> 6.359904e+10 | I20: =SUM(G20,H20) -> 6.3676719e+10
A21: 14 | B21: 011113200100 | C21: Bureau for International Cooperation & Development | E21: ='Detail RecExp. & CapEx'!K159 -> 0 | F21: ='Detail RecExp. & CapEx'!K160 -> 195400000 | G21: =SUM(E21,F21) -> 195400000 | H21: ='Detail RecExp. & CapEx'!K169 -> 500000 | I21: =SUM(G21,H21) -> 195900000
A22: 15 | B22: 011200300100 | C22: Benue State House of Assembly | E22: ='Detail RecExp. & CapEx'!K743 -> 5.5336654e+08 | F22: ='Detail RecExp. & CapEx'!K744 -> 4.461655e+09 | G22: =SUM(E22,F22) -> 5.0150215e+09 | H22: ='Detail RecExp. & CapEx'!K774 -> 3468084506 | I22: =SUM(G22,H22) -> 8.483106e+09
A23: 16 | B23: 011200400100 | C23: Benue State House of Assembly Service Commission | E23: ='Detail RecExp. & CapEx'!K817 -> 221477945 | F23: ='Detail RecExp. & CapEx'!K818 -> 758570001 | G23: =SUM(E23,F23) -> 980047946 | H23: ='Detail RecExp. & CapEx'!K834 -> 755705000 | I23: =SUM(G23,H23) -> 1735752946
A24: 17 | B24: 012300100100 | C24: Ministry of Information, Culture and Tourism | D24: 38046452 | E24: ='Detail RecExp. & CapEx'!K872 -> 4.8126776e+08 | F24: ='Detail RecExp. & CapEx'!K873 -> 48076452 | G24: =SUM(E24,F24) -> 5.2934421e+08 | H24: ='Detail RecExp. & CapEx'!K887 -> 188962830 | I24: =SUM(G24,H24) -> 7.1830704e+08
A25: 18 | B25: 012300300100 | C25: Benue State Television Corporation | D25: 10000000 | E25: ='Detail RecExp. & CapEx'!K940 -> 56676681 | F25: ='Detail RecExp. & CapEx'!K941 -> 87771435 | G25: =SUM(E25,F25) -> 1.4444812e+08 | H25: ='Detail RecExp. & CapEx'!K958 -> 32200000 | I25: =SUM(G25,H25) -> 1.7664812e+08
A26: 19 | B26: 012300400100 | C26: Radio Benue Corporation | D26: 15700000 | E26: ='Detail RecExp. & CapEx'!K998 -> 3.1072371e+08 | F26: ='Detail RecExp. & CapEx'!K999 -> 49520000 | G26: =SUM(E26,F26) -> 3.6024371e+08 | I26: =SUM(G26,H26) -> 3.6024371e+08
A27: 20 | B27: 012301300100 | C27: Benue Printing and Publishing Corporation (BPPC) | D27: 5800000 | E27: ='Detail RecExp. & CapEx'!K1032 -> 1.3231781e+08 | F27: ='Detail RecExp. & CapEx'!K1033 -> 9185385 | G27: =SUM(E27,F27) -> 1.415032e+08 | I27: =SUM(G27,H27) -> 1.415032e+08
A28: 21 | B28: 012305500100 | C28: Government Printing Department | D28: 800000 | E28: ='Detail RecExp. & CapEx'!K1067 -> 444248.48 | F28: ='Detail RecExp. & CapEx'!K1068 -> 7080000 | G28: =SUM(E28,F28) -> 7524248.5 | I28: =SUM(G28,H28) -> 7524248.5
A29: 22 | B29: 012400100100 | C29: Bureau of Internal Affairs and Special Services (BIASS) | D29: ='DetailSup-Rec.Rev.,2024'!H94 -> 21800000 | E29: ='Detail RecExp. & CapEx'!K1105 -> 124500000 | F29: ='Detail RecExp. & CapEx'!K1106 -> 1.2833235e+10 | G29: =SUM(E29,F29) -> 1.2957735e+10 | I29: =SUM(G29,H29) -> 1.2957735e+10
A30: 23 | B30: 012500100100 | C30: Office of the Head of Service (HOS) | E30: ='Detail RecExp. & CapEx'!K1146 -> 5.7470576e+08 | F30: ='Detail RecExp. & CapEx'!K1147 -> 46444800 | G30: =SUM(E30,F30) -> 6.2115056e+08 | I30: =SUM(G30,H30) -> 6.2115056e+08
A31: 24 | B31: 012500100200 | C31: Bureau of Establishment and Management Services | E31: ='Detail RecExp. & CapEx'!K1178 -> 3.1763351e+08 | F31: ='Detail RecExp. & CapEx'!K1179 -> 67896000 | G31: =SUM(E31,F31) -> 3.8552951e+08 | I31: =SUM(G31,H31) -> 3.8552951e+08
A32: 25 | B32: 012500100500 | C32: Bureau of Service Welfare | D32: 40909841 | E32: ='Detail RecExp. & CapEx'!K1214 -> 0 | F32: ='Detail RecExp. & CapEx'!K1215 -> 180668000 | G32: =SUM(E32,F32) -> 180668000 | H32: ='Detail RecExp. & CapEx'!K1227 -> 104000000 | I32: =SUM(G32,H32) -> 284668000
A33: 26 | B33: 012500500100 | C33: Bureau of Manpower Development and Training | D33: 5500000 | E33: ='Detail RecExp. & CapEx'!K1254 -> 11674200 | F33: ='Detail RecExp. & CapEx'!K1255 -> 11228000 | G33: =SUM(E33,F33) -> 22902200 | I33: =SUM(G33,H33) -> 22902200
B34: 012500600100 | C34: Benue Public service institute | F34: ='Detail RecExp. & CapEx'!K5629 -> 33600000 | G34: =SUM(E34,F34) -> 33600000 | H34: ='Detail RecExp. & CapEx'!K5644 -> 90000000 | I34: =SUM(G34,H34) -> 123600000
A35: 27 | B35: 014000100100 | C35: Office of the Auditor-General of the State | D35: 450000 | E35: ='Detail RecExp. & CapEx'!K1295 -> 1.4191836e+08 | F35: ='Detail RecExp. & CapEx'!K1296 -> 14160000 | G35: =SUM(E35,F35) -> 1.5607836e+08 | H35: ='Detail RecExp. & CapEx'!K1304 -> 200000000 | I35: =SUM(G35,H35) -> 3.5607836e+08
A36: 28 | B36: 014000200100 | C36: Local Government Audit Department | D36: 440000 | E36: ='Detail RecExp. & CapEx'!K1325 -> 68522495 | F36: ='Detail RecExp. & CapEx'!K1326 -> 7080000 | G36: =SUM(E36,F36) -> 75602495 | I36: =SUM(G36,H36) -> 75602495
A37: 29 | B37: 014700100100 | C37: Benue State Civil Service Commission | E37: ='Detail RecExp. & CapEx'!K1361 -> 5200830.1 | F37: ='Detail RecExp. & CapEx'!K1362 -> 21240000 | G37: =SUM(E37,F37) -> 26440830 | H37: ='Detail RecExp. & CapEx'!K1370 -> 70000000 | I37: =SUM(G37,H37) -> 96440830
A38: 30 | B38: 014800100100 | C38: Benue State Independent Electoral Commission (BSIEC) | D38: ='DetailSup-Rec.Rev.,2024'!H238 -> 6803478900 | E38: ='Detail RecExp. & CapEx'!K1416 -> 7.2469957e+08 | F38: ='Detail RecExp. & CapEx'!K1417 -> 4898646340 | G38: =SUM(E38,F38) -> 5.6233459e+09 | H38: ='Detail RecExp. & CapEx'!K1432 -> 3367556000 | I38: =SUM(G38,H38) -> 8.9909019e+09
A39: 31 | B39: 014900100100 | C39: Local Government Service Commission | D39: 120000000 | E39: ='Detail RecExp. & CapEx'!K1453 -> 25300564 | F39: ='Detail RecExp. & CapEx'!K1454 -> 1.2708e+08 | G39: =SUM(E39,F39) -> 1.5238056e+08 | H39: ='Detail RecExp. & CapEx'!K1462 -> 25139540 | I39: =SUM(G39,H39) -> 1.775201e+08
A40: 32 | B40: 015600100100 | C40: Ministry of Communications and Digital Economy | D40: ='DetailSup-Rec.Rev.,2024'!H142 -> 250000000 | E40: ='Detail RecExp. & CapEx'!K1516 -> 92822090 | F40: ='Detail RecExp. & CapEx'!K1517 -> 1091316900 | G40: =SUM(E40,F40) -> 1184138990 | H40: ='Detail RecExp. & CapEx'!K1535 -> 691979297 | I40: =SUM(G40,H40) -> 1876118287
A41: 33 | B41: 016100100100 | C41: Office of the Secretary to State Government (SSG) | E41: ='Detail RecExp. & CapEx'!K1571 -> 2.8808938e+09 | F41: ='Detail RecExp. & CapEx'!K1572 -> 2223522000 | G41: =SUM(E41,F41) -> 5.1044158e+09 | H41: ='Detail RecExp. & CapEx'!K1591 -> 506243900 | I41: =SUM(G41,H41) -> 5.6106597e+09
A42: 34 | B42: 016100200100 | C42: Bureau of Political - SSG | F42: ='Detail RecExp. & CapEx'!K1614 -> 12782000 | G42: =SUM(E42,F42) -> 12782000 | H42: - | I42: =SUM(G42,H42) -> 12782000
A43: 35 | B43: 016100300100 | C43: Bureau of Research and Policy Analysis (REPA) - SSG | F43: ='Detail RecExp. & CapEx'!K1629 -> 15650000 | G43: =SUM(E43,F43) -> 15650000 | H43: ='Detail RecExp. & CapEx'!K1637 -> 5000000 | I43: =SUM(G43,H43) -> 20650000
A44: 36 | B44: 016100400100 | C44: Office of the Secretary to State Government - (EXCO) | F44: ='Detail RecExp. & CapEx'!K1655 -> 22797600 | G44: =SUM(E44,F44) -> 22797600 | H44: - | I44: =SUM(G44,H44) -> 22797600
A45: 37 | B45: 016100500100 | C45: Liaison Office Lagos | D45: 900000 | F45: ='Detail RecExp. & CapEx'!K1690 -> 21240000 | G45: =SUM(E45,F45) -> 21240000 | H45: - | I45: =SUM(G45,H45) -> 21240000
A46: 38 | B46: 016100600100 | C46: Liaison Office Kaduna | D46: 450000 | F46: ='Detail RecExp. & CapEx'!K1722 -> 14160000 | G46: =SUM(E46,F46) -> 14160000 | H46: ='Detail RecExp. & CapEx'!K1730 -> 7000000 | I46: =SUM(G46,H46) -> 21160000
A47: 39 | B47: 016100700100 | C47: Liaison Office Abuja/Lodge | D47: 600000 | F47: ='Detail RecExp. & CapEx'!K1762 -> 56640000 | G47: =SUM(E47,F47) -> 56640000 | I47: =SUM(G47,H47) -> 56640000
A48: 40 | B48: 021500100100 | C48: Ministry of Agriculture & Food Security | E48: ='Detail RecExp. & CapEx'!K1810 -> 5.5063665e+08 | F48: ='Detail RecExp. & CapEx'!K1811 -> 31982280 | G48: =SUM(E48,F48) -> 5.8261893e+08 | H48: ='Detail RecExp. & CapEx'!K1866 -> 2901145118 | I48: =SUM(G48,H48) -> 3.483764e+09
A49: 41 | B49: 021502100100 | C49: Akperan Orshi Polytechnic, Yandev. | D49: 2366361880 | E49: ='Detail RecExp. & CapEx'!K1926 -> 1165977970 | F49: ='Detail RecExp. & CapEx'!K1927 -> 4.0657544e+08 | G49: =SUM(E49,F49) -> 1.5725534e+09 | H49: ='Detail RecExp. & CapEx'!K1982 -> 1.2274974e+09 | I49: =SUM(G49,H49) -> 2.8000508e+09
A50: 42 | B50: 021510200100 | C50: Bureau of Agricultural Development & Mechanization | D50: 800000000 | E50: ='Detail RecExp. & CapEx'!K2005 -> 770000000 | F50: ='Detail RecExp. & CapEx'!K2006 -> 199500000 | G50: =SUM(E50,F50) -> 969500000 | H50: ='Detail RecExp. & CapEx'!K2078 -> 1.5100905e+10 | I50: =SUM(G50,H50) -> 1.6070405e+10
A51: 43 | B51: 022000100100 | C51: Ministry of Finance | E51: ='Detail RecExp. & CapEx'!K2133 -> 115000000 | F51: ='Detail RecExp. & CapEx'!K2134 -> 13785774482 | G51: =SUM(E51,F51) -> 13900774482 | H51: ='Detail RecExp. & CapEx'!K2155 -> 1.8131128e+10 | I51: =SUM(G51,H51) -> 3.2031902e+10
A52: 44 | B52: 022000700100 | C52: Office of the Accountant-General | D52: ='DetailSup-Rec.Rev.,2024'!H184 -> 2.7443167e+11 | E52: ='Detail RecExp. & CapEx'!K2194 -> 3.3852651e+08 | F52: ='Detail RecExp. & CapEx'!K2195 -> 2.8158994e+08 | G52: =SUM(E52,F52) -> 6.2011646e+08 | H52: ='Detail RecExp. & CapEx'!K2206 -> 40313000 | I52: =SUM(G52,H52) -> 6.6042946e+08
A53: 45 | B53: 022000700500 | C53: Debt Management Office | D53: 20000000000 | E53: ='Detail RecExp. & CapEx'!K2241 -> 9514908 | F53: ='Detail RecExp. & CapEx'!K2242 -> 8.4501567e+09 | G53: =SUM(E53,F53) -> 8.4596716e+09 | H53: ='Detail RecExp. & CapEx'!K2250 -> 8.6666667e+09 | I53: =SUM(G53,H53) -> 1.7126338e+10
A54: 46 | B54: 022000800100 | C54: Benue State Internal Revenue Service (BIRS) | D54: ='DetailSup-Rec.Rev.,2024'!H206 -> 2.4359914e+10 | E54: ='Detail RecExp. & CapEx'!K2304 -> 772666811 | F54: ='Detail RecExp. & CapEx'!K2305 -> 1.4563515e+09 | G54: =SUM(E54,F54) -> 2.2290183e+09 | H54: ='Detail RecExp. & CapEx'!K2325 -> 204476080 | I54: =SUM(G54,H54) -> 2.4334944e+09
A55: 47 | B55: 022200100100 | C55: Ministry of Industry, Trade & Investment | D55: ='DetailSup-Rec.Rev.,2024'!H28 -> 3.7225148e+09 | E55: ='Detail RecExp. & CapEx'!K2384 -> 2.1668986e+08 | F55: ='Detail RecExp. & CapEx'!K2385 -> 175721285 | G55: =SUM(E55,F55) -> 3.9241114e+08 | H55: ='Detail RecExp. & CapEx'!K2412 -> 3894780000 | I55: =SUM(G55,H55) -> 4.2871911e+09
A56: 48 | B56: 22700600100 | C56: Benue State Bureau of Entrepreneurship & Wealth Creation | D56: 2700000000 | E56: ='Detail RecExp. & CapEx'!K264 -> 3240000 | F56: ='Detail RecExp. & CapEx'!K265 -> 844183525 | G56: =SUM(E56,F56) -> 847423525 | H56: ='Detail RecExp. & CapEx'!K278 -> 108386000 | I56: =SUM(G56,H56) -> 955809525
A57: 49 | B57: 022800100100 | C57: Ministry of Science, Technology & Innovation | D57: 203378697 | E57: ='Detail RecExp. & CapEx'!K2459 -> 77730948 | F57: ='Detail RecExp. & CapEx'!K2460 -> 71100815 | G57: =SUM(E57,F57) -> 1.4883176e+08 | H57: ='Detail RecExp. & CapEx'!K2506 -> 1.8080789e+09 | I57: =SUM(G57,H57) -> 1.9569106e+09
A58: 50 | B58: 022800100300 | C58: Business and Engineering Skills Training (BEST) Centre | D58: 2914000 | F58: ='Detail RecExp. & CapEx'!K2539 -> 2798053 | G58: =SUM(E58,F58) -> 2798053 | I58: =SUM(G58,H58) -> 2798053
A59: 51 | B59: 023100100100 | C59: Ministry of Power, Renewable Energy and Transport | E59: ='Detail RecExp. & CapEx'!K2595 -> 100000000 | F59: ='Detail RecExp. & CapEx'!K2596 -> 43810250 | G59: =SUM(E59,F59) -> 143810250 | H59: ='Detail RecExp. & CapEx'!K2627 -> 1.0971758e+10 | I59: =SUM(G59,H59) -> 1.1115568e+10
A60: 52 | B60: 023400100100 | C60: Ministry of Works, Housing and Urban Development | E60: ='Detail RecExp. & CapEx'!K2681 -> 1.1896086e+08 | F60: ='Detail RecExp. & CapEx'!K2682 -> 1.2241402e+08 | G60: =SUM(E60,F60) -> 2.4137488e+08 | H60: ='Detail RecExp. & CapEx'!K2704 -> 3.3865933e+10 | I60: =SUM(G60,H60) -> 3.4107308e+10
A61: 53 | B61: 023600400100 | C61: Benue State Council For Arts and Culture | D61: 5000000 | E61: ='Detail RecExp. & CapEx'!K2741 -> 1.1850601e+08 | F61: ='Detail RecExp. & CapEx'!K2742 -> 64948590 | G61: =SUM(E61,F61) -> 1.834546e+08 | I61: =SUM(G61,H61) -> 1.834546e+08
A62: 54 | B62: 023800100100 | C62: Benue State Budget and Economic Planning Commission | D62: ='DetailSup-Rec.Rev.,2024'!H221 -> 5.7182892e+09 | E62: ='Detail RecExp. & CapEx'!K2785 -> 72799242 | F62: ='Detail RecExp. & CapEx'!K2786 -> 3.8827032e+08 | G62: =SUM(E62,F62) -> 4.6106956e+08 | H62: ='Detail RecExp. & CapEx'!K2810 -> 9.5913364e+09 | I62: =SUM(G62,H62) -> 1.0052406e+10
A63: 55 | B63: 023800400100 | C63: Benue State Bureau of Statistics | E63: ='Detail RecExp. & CapEx'!K2850 -> 36000000 | F63: ='Detail RecExp. & CapEx'!K2851 -> 27810000 | G63: =SUM(E63,F63) -> 63810000 | H63: ='Detail RecExp. & CapEx'!K2860 -> 7500000 | I63: =SUM(G63,H63) -> 71310000
A64: 56 | B64: 025000100100 | C64: Fiscal Responsibility Commission | E64: ='Detail RecExp. & CapEx'!K2907 -> 62680340 | F64: ='Detail RecExp. & CapEx'!K2908 -> 30261000 | G64: =SUM(E64,F64) -> 92941340 | H64: ='Detail RecExp. & CapEx'!K2917 -> 3850000 | I64: =SUM(G64,H64) -> 96791340
A65: 57 | B65: 025200100100 | C65: Ministry of Water Resources, Environment and Climate Change | D65: ='DetailSup-Rec.Rev.,2024'!H46 -> 122772000 | E65: ='Detail RecExp. & CapEx'!K2961 -> 97793043 | F65: ='Detail RecExp. & CapEx'!K2962 -> 602262500 | G65: =SUM(E65,F65) -> 7.0005554e+08 | H65: ='Detail RecExp. & CapEx'!K2985 -> 1.9391574e+09 | I65: =SUM(G65,H65) -> 2.639213e+09
A66: 58 | B66: 025210200100 | C66: Benue State Water Board | D66: 62000000 | E66: ='Detail RecExp. & CapEx'!K3022 -> 141403890 | F66: ='Detail RecExp. & CapEx'!K3023 -> 17259517 | G66: =SUM(E66,F66) -> 158663407 | H66: - | I66: =SUM(G66,H66) -> 158663407
A67: 59 | B67: 025210300100 | C67: Benue State Rural Water Supply and Sanitation Agency (BERWASSA) | D67: 1.6670274e+09 | E67: ='Detail RecExp. & CapEx'!K3059 -> 36271157 | F67: ='Detail RecExp. & CapEx'!K3060 -> 21289317 | G67: =SUM(E67,F67) -> 57560474 | H67: ='Detail RecExp. & CapEx'!K3074 -> 1.0629064e+09 | I67: =SUM(G67,H67) -> 1.1204669e+09
A68: 60 | B68: 025210400100 | C68: Benue State Environmental Sanitation Authority | D68: 20000000 | E68: ='Detail RecExp. & CapEx'!K3109 -> 1.1053489e+08 | F68: ='Detail RecExp. & CapEx'!K3110 -> 119465000 | G68: =SUM(E68,F68) -> 2.2999989e+08 | H68: ='Detail RecExp. & CapEx'!K3119 -> 0 | I68: =SUM(G68,H68) -> 2.2999989e+08
A69: 61 | B69: 025400100100 | C69: Ministry of Cooperatives and Rural Development | D69: ='DetailSup-Rec.Rev.,2024'!H169 -> 200748180 | E69: ='Detail RecExp. & CapEx'!K3150 -> 107256252 | F69: ='Detail RecExp. & CapEx'!K3151 -> 16602775 | G69: =SUM(E69,F69) -> 123859027 | H69: ='Detail RecExp. & CapEx'!K3174 -> 2.8529111e+09 | I69: =SUM(G69,H69) -> 2.9767701e+09
A70: 62 | B70: 025400200100 | C70: Benue State Urban Development Board | D70: 84000000 | E70: ='Detail RecExp. & CapEx'!K3212 -> 38569253 | F70: ='Detail RecExp. & CapEx'!K3213 -> 34304999 | G70: =SUM(E70,F70) -> 72874252 | H70: ='Detail RecExp. & CapEx'!K3226 -> 15250000 | I70: =SUM(G70,H70) -> 88124252
A71: 63 | B71: 026000100100 | C71: Ministry of Lands, Survey and Solid Minerals | D71: 117086650 | E71: ='Detail RecExp. & CapEx'!K3252 -> 1.2159919e+08 | F71: ='Detail RecExp. & CapEx'!K3253 -> 30478000 | G71: =SUM(E71,F71) -> 1.5207719e+08 | H71: ='Detail RecExp. & CapEx'!K3268 -> 520100400 | I71: =SUM(G71,H71) -> 6.7217759e+08
A72: 64 | B72: 031801100100 | C72: Benue State Judicial Service Commission | E72: ='Detail RecExp. & CapEx'!K3303 -> 3.2806497e+08 | F72: ='Detail RecExp. & CapEx'!K3304 -> 76216130 | G72: =SUM(E72,F72) -> 4.042811e+08 | H72: ='Detail RecExp. & CapEx'!K3317 -> 197060000 | I72: =SUM(G72,H72) -> 6.013411e+08
A73: 65 | B73: 031805100100 | C73: High Court of Justice | D73: 135000000 | E73: ='Detail RecExp. & CapEx'!K3385 -> 3.4562788e+09 | F73: ='Detail RecExp. & CapEx'!K3386 -> 1.3594758e+09 | G73: =SUM(E73,F73) -> 4.8157545e+09 | H73: ='Detail RecExp. & CapEx'!K3402 -> 5104000000 | I73: =SUM(G73,H73) -> 9.9197545e+09
A74: 66 | B74: 031805200100 | C74: Customary Court of Appeal | D74: 8065999 | E74: ='Detail RecExp. & CapEx'!K3454 -> 4.3990125e+08 | F74: ='Detail RecExp. & CapEx'!K3455 -> 9.4550495e+08 | G74: =SUM(E74,F74) -> 1385406200 | H74: ='Detail RecExp. & CapEx'!K3476 -> 2301981211 | I74: =SUM(G74,H74) -> 3687387411
A75: 67 | B75: 032600100100 | C75: Ministry of Justice and Public Order | D75: 7100000 | E75: ='Detail RecExp. & CapEx'!K3514 -> 2.8034906e+08 | F75: ='Detail RecExp. & CapEx'!K3515 -> 3094931790 | G75: =SUM(E75,F75) -> 3.3752809e+09 | H75: ='Detail RecExp. & CapEx'!K3523 -> 965000000 | I75: =SUM(G75,H75) -> 4.3402809e+09
A76: 68 | B76: 032600700100 | C76: Citizens Mediation Centre, Makurdi | F76: ='Detail RecExp. & CapEx'!K3548 -> 5050000 | G76: =SUM(E76,F76) -> 5050000 | I76: =SUM(G76,H76) -> 5050000
A77: 69 | B77: 051400100100 | C77: Ministry of Women Affairs and Social Development | D77: 12000000 | E77: ='Detail RecExp. & CapEx'!K3591 -> 2.4247431e+08 | F77: ='Detail RecExp. & CapEx'!K3592 -> 400595330 | G77: =SUM(E77,F77) -> 6.4306964e+08 | H77: ='Detail RecExp. & CapEx'!K3610 -> 461500000 | I77: =SUM(G77,H77) -> 1.1045696e+09
A78: 70 | B78: 051405100100 | C78: Benue State Rehabilitation Board, Apir | E78: ='Detail RecExp. & CapEx'!K3650 -> 12052929 | F78: ='Detail RecExp. & CapEx'!K3651 -> 29266933 | G78: =SUM(E78,F78) -> 41319862 | H78: - | I78: =SUM(G78,H78) -> 41319862
A79: 71 | B79: 051405200100 | C79: Benue State Community and Social Development Agency | D79: ='DetailSup-Rec.Rev.,2024'!H133 -> 1531859075 | E79: ='Detail RecExp. & CapEx'!K3703 -> 2.7743052e+08 | F79: ='Detail RecExp. & CapEx'!K3704 -> 1.4400537e+09 | G79: =SUM(E79,F79) -> 1.7174843e+09 | H79: ='Detail RecExp. & CapEx'!K3717 -> 1300000000 | I79: =SUM(G79,H79) -> 3.0174843e+09
A80: 72 | B80: 051700100100 | C80: Ministry of Education and Knowledge Management | D80: ='DetailSup-Rec.Rev.,2024'!H160 -> 6.1182164e+08 | E80: ='Detail RecExp. & CapEx'!K3755 -> 2.2174701e+08 | F80: ='Detail RecExp. & CapEx'!K3756 -> 1.1893644e+08 | G80: =SUM(E80,F80) -> 3.4068345e+08 | H80: ='Detail RecExp. & CapEx'!K3782 -> 2939899999 | I80: =SUM(G80,H80) -> 3.2805834e+09
A81: 73 | B81: 051700300100 | C81: Benue State Universal Basic Education Board (SUBEB) | D81: 2597684360 | E81: ='Detail RecExp. & CapEx'!K3827 -> 5.4698559e+08 | F81: ='Detail RecExp. & CapEx'!K3828 -> 1.5807041e+08 | G81: =SUM(E81,F81) -> 7.05056e+08 | H81: ='Detail RecExp. & CapEx'!K3963 -> 1800000000 | I81: =SUM(G81,H81) -> 2.505056e+09
A82: 74 | B82: 051700800100 | C82: Benue State Library Board | D82: 800500 | E82: ='Detail RecExp. & CapEx'!K4001 -> 17487175 | F82: ='Detail RecExp. & CapEx'!K4002 -> 7090768 | G82: =SUM(E82,F82) -> 24577943 | H82: - | I82: =SUM(G82,H82) -> 24577943
A83: 75 | B83: 051700900100 | C83: Benue State Examinations Board | D83: 501015000 | E83: ='Detail RecExp. & CapEx'!K4047 -> 80643237 | F83: ='Detail RecExp. & CapEx'!K4048 -> 3.9159325e+08 | G83: =SUM(E83,F83) -> 4.7223649e+08 | H83: ='Detail RecExp. & CapEx'!K4057 -> 75747620 | I83: =SUM(G83,H83) -> 5.4798411e+08
A84: 76 | B84: 051701000100 | C84: Agency for Adult and Non-Formal Education | D84: ='DetailSup-Rec.Rev.,2024'!H73 -> 676000 | E84: ='Detail RecExp. & CapEx'!K4142 -> 2.6148563e+08 | F84: ='Detail RecExp. & CapEx'!K4143 -> 37167400 | G84: =SUM(E84,F84) -> 2.9865303e+08 | H84: - | I84: =SUM(G84,H84) -> 2.9865303e+08
A85: 77 | B85: 51701200100 | C85: Bureau For Education Quality Assurance | D85: ='DetailSup-Rec.Rev.,2024'!H258 -> 277046134 | E85: ='Detail RecExp. & CapEx'!K4095 -> 110000000 | F85: ='Detail RecExp. & CapEx'!K4096 -> 930626890 | G85: =SUM(E85,F85) -> 1040626890 | H85: ='Detail RecExp. & CapEx'!K4114 -> 326000000 | I85: =SUM(G85,H85) -> 1366626890
A86: 78 | B86: 051701800100 | C86: Benue State Polytechnic, Ugbokolo | D86: 923131970 | E86: ='Detail RecExp. & CapEx'!K4200 -> 1.2995389e+09 | F86: ='Detail RecExp. & CapEx'!K4201 -> 365780542 | G86: =SUM(E86,F86) -> 1.6653194e+09 | H86: ='Detail RecExp. & CapEx'!K4227 -> 1051570000 | I86: =SUM(G86,H86) -> 2.7168894e+09
A87: 79 | B87: 051701900100 | C87: College of Education, Katsina-Ala | D87: 1865274520 | E87: ='Detail RecExp. & CapEx'!K4295 -> 1.7375254e+09 | F87: ='Detail RecExp. & CapEx'!K4296 -> 111921997 | G87: =SUM(E87,F87) -> 1.8494474e+09 | H87: ='Detail RecExp. & CapEx'!K4329 -> 118302000 | I87: =SUM(G87,H87) -> 1.9677494e+09
A88: 80 | B88: 051702100100 | C88: College of Education Oju | D88: 1465750000 | E88: ='Detail RecExp. & CapEx'!K4381 -> 1.4932948e+09 | F88: ='Detail RecExp. & CapEx'!K4382 -> 75415000 | G88: =SUM(E88,F88) -> 1.5687098e+09 | H88: ='Detail RecExp. & CapEx'!K4413 -> 320391680 | I88: =SUM(G88,H88) -> 1.8891014e+09
A89: 81 | B89: 051702100200 | C89: Benue State University College of Health Sciences | D89: ='DetailSup-Rec.Rev.,2024'!H109 -> 3.0763143e+08 | E89: ='Detail RecExp. & CapEx'!K4475 -> 1.8063349e+09 | F89: ='Detail RecExp. & CapEx'!K4476 -> 306583876 | G89: =SUM(E89,F89) -> 2.1129188e+09 | H89: ='Detail RecExp. & CapEx'!K4499 -> 217551570 | I89: =SUM(G89,H89) -> 2.3304703e+09
A90: 82 | B90: 051702100300 | C90: Benue State University (BSU), Makurdi | D90: 3269940098 | E90: ='Detail RecExp. & CapEx'!K4566 -> 5.3774868e+09 | F90: ='Detail RecExp. & CapEx'!K4567 -> 2.3799251e+09 | G90: =SUM(E90,F90) -> 7.7574119e+09 | H90: ='Detail RecExp. & CapEx'!K4588 -> 367769100 | I90: =SUM(G90,H90) -> 8.125181e+09
A91: 83 | B91: 051705400100 | C91: Benue State Teaching Service Board (TSB) | D91: 225990000 | E91: ='Detail RecExp. & CapEx'!K4630 -> 6.2050312e+09 | F91: ='Detail RecExp. & CapEx'!K4631 -> 1.1301054e+08 | G91: =SUM(E91,F91) -> 6.3180417e+09 | H91: ='Detail RecExp. & CapEx'!K4644 -> 65018447 | I91: =SUM(G91,H91) -> 6.3830602e+09
A92: 84 | B92: 051705500100 | C92: Benue State Science and Technical Education Board | D92: 1555500 | E92: ='Detail RecExp. & CapEx'!K4685 -> 5.0823419e+08 | F92: ='Detail RecExp. & CapEx'!K4686 -> 48264844 | G92: =SUM(E92,F92) -> 5.5649903e+08 | H92: ='Detail RecExp. & CapEx'!K4697 -> 134000000 | I92: =SUM(G92,H92) -> 6.9049903e+08
A93: 85 | B93: 051705600100 | C93: Benue State Scholarship Board | D93: 8000000 | E93: ='Detail RecExp. & CapEx'!K4733 -> 8648979 | F93: ='Detail RecExp. & CapEx'!K4734 -> 157692360 | G93: =SUM(E93,F93) -> 1.6634134e+08 | H93: - | I93: =SUM(G93,H93) -> 1.6634134e+08
A94: 86 | B94: 051705700100 | C94: Akawe Torkula Polytechnic, Makurdi | D94: 466940000 | E94: ='Detail RecExp. & CapEx'!K4780 -> 9.3687629e+08 | F94: ='Detail RecExp. & CapEx'!K4781 -> 15811350 | G94: =SUM(E94,F94) -> 9.5268764e+08 | H94: ='Detail RecExp. & CapEx'!K4863 -> 600062030 | I94: =SUM(G94,H94) -> 1.5527497e+09
A95: 87 | B95: 052100100100 | C95: Ministry of Health and Human Services | D95: 1227500000 | E95: ='Detail RecExp. & CapEx'!K4902 -> 5.575996e+08 | F95: ='Detail RecExp. & CapEx'!K4903 -> 388305000 | G95: =SUM(E95,F95) -> 9.459046e+08 | H95: ='Detail RecExp. & CapEx'!K4927 -> 1872000000 | I95: =SUM(G95,H95) -> 2.8179046e+09
A96: 88 | B96: 052100200100 | C96: Benue State Health Insurance Agency | D96: 1697500000 | E96: ='Detail RecExp. & CapEx'!K4972 -> 1836000000 | F96: ='Detail RecExp. & CapEx'!K4973 -> 148265000 | G96: =SUM(E96,F96) -> 1984265000 | H96: ='Detail RecExp. & CapEx'!K4987 -> 61000000 | I96: =SUM(G96,H96) -> 2045265000
A97: 89 | B97: 052102600100 | C97: Benue State University Teaching Hospital (BSUTH) | D97: 3036319332 | E97: ='Detail RecExp. & CapEx'!K5058 -> 6.6470767e+09 | F97: ='Detail RecExp. & CapEx'!K5059 -> 1401549950 | G97: =SUM(E97,F97) -> 8.0486267e+09 | H97: ='Detail RecExp. & CapEx'!K5082 -> 5832770930 | I97: =SUM(G97,H97) -> 1.3881398e+10
A98: 90 | B98: 052102700100 | C98: Benue State Primary Health Care Board | D98: ='DetailSup-Rec.Rev.,2024'!H64 -> 2105327454 | E98: ='Detail RecExp. & CapEx'!K5141 -> 2728897.4 | F98: ='Detail RecExp. & CapEx'!K5142 -> 20300000 | G98: =SUM(E98,F98) -> 23028897 | H98: ='Detail RecExp. & CapEx'!K5158 -> 40300000 | I98: =SUM(G98,H98) -> 63328897
A99: 91 | B99: 052110200100 | C99: Hospital Management Board | D99: 337985000 | E99: ='Detail RecExp. & CapEx'!K5203 -> 2.5366561e+09 | F99: ='Detail RecExp. & CapEx'!K5204 -> 40003000 | G99: =SUM(E99,F99) -> 2.5766591e+09 | H99: ='Detail RecExp. & CapEx'!K5213 -> 3500000 | I99: =SUM(G99,H99) -> 2.5801591e+09
A100: 92 | B100: 053900100100 | C100: Ministry of Youth and Sports Development | D100: 62164000 | E100: ='Detail RecExp. & CapEx'!K5260 -> 69508800 | F100: ='Detail RecExp. & CapEx'!K5261 -> 164917360 | G100: =SUM(E100,F100) -> 234426160 | H100: ='Detail RecExp. & CapEx'!K5275 -> 2272257535 | I100: =SUM(G100,H100) -> 2506683695
A101: 93 | B101: 053905100100 | C101: Benue State Sports Council | D101: 464477 | E101: ='Detail RecExp. & CapEx'!K5307 -> 1.3488964e+08 | F101: ='Detail RecExp. & CapEx'!K5308 -> 1.0122859e+08 | G101: =SUM(E101,F101) -> 2.3611822e+08 | H101: - | I101: =SUM(G101,H101) -> 2.3611822e+08
A102: 94 | B102: 053905400100 | C102: Benue State Sports Marketing and Lottery Board | D102: 70000000 | E102: ='Detail RecExp. & CapEx'!K5356 -> 18500000 | F102: ='Detail RecExp. & CapEx'!K5357 -> 5948750 | G102: =SUM(E102,F102) -> 24448750 | H102: ='Detail RecExp. & CapEx'!K5377 -> 19082000 | I102: =SUM(G102,H102) -> 43530750
...

Sheet BudgetSect,2024
A1: BENUE STATE GOVERNMENT
A3: 2024 SUPPLEMENTARY ESTIMATES - SECTORAL ALLOCATION
A4: S/No | B4: SECTORAL CODE | C4: PUBLIC SECTOR ENTITIES (PSEs) | D4: RECURRENT REVENUE | E4: PERSONNEL COST | F4: OVERHEAD COST | G4: RECURRENT EXPENDITURE | H4: CAPITAL EXPENDITURE | I4: TOTAL ALLOCATION
C5: TOTAL: | D5: =SUM(D7,D49,D75,D82) -> 3.7302057e+11 | E5: =SUM(E7,E49,E75,E82) -> 6.775929e+10 | F5: =SUM(F7,F49,F75,F82) -> 8.6725628e+10 | G5: =SUM(G7,G49,G75,G82) -> 1.5448492e+11 | H5: =SUM(H7,H49,H75,H82) -> 2.1853565e+11 | I5: =SUM(I7,I49,I75,I82) -> 3.7302057e+11 | J5: =D5-I5 -> -0.62536621
C7: ADMINISTRATION SECTOR: | D7: =SUM(D8:D47) -> 1.3073512e+10 | E7: =SUM(E8:E45) -> 2.4758676e+10 | F7: =SUM(F8:F47) -> 4.4042149e+10 | G7: =SUM(G8:G47) -> 6.8800825e+10 | H7: =SUM(H8:H47) -> 7.6977896e+10 | I7: =SUM(I8:I47) -> 1.4577872e+11
A8: 1 | B8: 011100100100 | C8: Government House Administration | E8: ='BudgetSize,2024'!E8 -> 1.652007e+08 | F8: ='BudgetSize,2024'!F8 -> 4536586900 | G8: =SUM(E8,F8) -> 4.7017876e+09 | H8: ='BudgetSize,2024'!H8 -> 646000000 | I8: =SUM(G8,H8) -> 5.3477876e+09
A9: 2 | B9: 011100100200 | C9: Deputy Governor's Office | E9: ='BudgetSize,2024'!E9 -> 6446411.7 | F9: ='BudgetSize,2024'!F9 -> 1835469200 | G9: =SUM(E9,F9) -> 1.8419156e+09 | H9: ='BudgetSize,2024'!H9 -> 51520000 | I9: =SUM(G9,H9) -> 1.8934356e+09
A10: 3 | B10: 011100500100 | C10: Development Cooperations, Sustainable Development Goals (SDGs) | D10: ='BudgetSize,2024'!D10 -> 0 | E10: ='BudgetSize,2024'!E10 -> 0 | F10: ='BudgetSize,2024'!F10 -> 0 | G10: =SUM(E10,F10) -> 0 | H10: ='BudgetSize,2024'!H10 -> 0 | I10: =SUM(G10,H10) -> 0
A11: 4 | B11: 011100600100 | C11: Benue State Commission for Peace and Reconciliation | E11: ='BudgetSize,2024'!E11 -> 42250000 | F11: ='BudgetSize,2024'!F11 -> 291722400 | G11: =SUM(E11,F11) -> 333972400 | H11: ='BudgetSize,2024'!H11 -> 58000000 | I11: =SUM(G11,H11) -> 391972400
A12: 5 | B12: 011100800100 | C12: Benue State Emergency Management Agency (BESEMA) | D12: ='BudgetSize,2024'!D12 -> 5591636743 | E12: ='BudgetSize,2024'!E12 -> 2038658.5 | F12: ='BudgetSize,2024'!F12 -> 9502424000 | G12: =SUM(E12,F12) -> 9.5044627e+09 | H12: ='BudgetSize,2024'!H12 -> 1303000000 | I12: =SUM(G12,H12) -> 1.0807463e+10
A13: 6 | B13: 011101000100 | C13: Public Procurement Commission | D13: ='BudgetSize,2024'!D13 -> 97400000 | E13: ='BudgetSize,2024'!E13 -> - | F13: ='BudgetSize,2024'!F13 -> 12000000 | G13: =SUM(E13,F13) -> 12000000 | H13: ='BudgetSize,2024'!H13 -> 24977000 | I13: =SUM(G13,H13) -> 36977000
A14: 7 | B14: 011102000100 | C14: Benue State Social Investment Programme | E14: ='BudgetSize,2024'!E14 -> 0 | F14: ='BudgetSize,2024'!F14 -> 390130000 | G14: =SUM(E14,F14) -> 390130000 | H14: ='BudgetSize,2024'!H14 -> 1.6935222e+09 | I14: =SUM(G14,H14) -> 2.0836522e+09
A15: 8 | B15: 011102100500 | C15: Bureau of Archives, Research and Documentation | E15: ='BudgetSize,2024'!E15 -> 27856086 | F15: ='BudgetSize,2024'!F15 -> 7467000 | G15: =SUM(E15,F15) -> 35323086 | H15: ='BudgetSize,2024'!H15 -> 1830000 | I15: =SUM(G15,H15) -> 37153086
A16: 9 | B16: 011103300100 | C16: Benue State Aids Control Agency (BENSACA) | D16: ='BudgetSize,2024'!D16 -> 13500000 | E16: ='BudgetSize,2024'!E16 -> - | F16: ='BudgetSize,2024'!F16 -> 18080000 | G16: =SUM(E16,F16) -> 18080000 | H16: ='BudgetSize,2024'!H16 -> - | I16: =SUM(G16,H16) -> 18080000
A17: 10 | B17: 011103700100 | C17: Muslim Pilgrims Welfare Board (MPWB) | D17: ='BudgetSize,2024'!D17 -> 500000 | E17: ='BudgetSize,2024'!E17 -> 4176600.8 | F17: ='BudgetSize,2024'!F17 -> 4248000 | G17: =SUM(E17,F17) -> 8424600.8 | H17: ='BudgetSize,2024'!H17 -> 87000000 | I17: =SUM(G17,H17) -> 95424601
A18: 11 | B18: 011103800100 | C18: Christian Pilgrims Welfare Board (CPWB) | D18: ='BudgetSize,2024'!D18 -> 600000 | E18: ='BudgetSize,2024'!E18 -> 4176600.8 | F18: ='BudgetSize,2024'!F18 -> 4248000 | G18: =SUM(E18,F18) -> 8424600.8 | H18: ='BudgetSize,2024'!H18 -> 636300 | I18: =SUM(G18,H18) -> 9060900.8
A19: 12 | B19: 011104500100 | C19: Benue State Pension Commission | D19: ='BudgetSize,2024'!D19 -> 55000000 | E19: ='BudgetSize,2024'!E19 -> 1.7772815e+10 | F19: ='BudgetSize,2024'!F19 -> 55020000 | G19: =SUM(E19,F19) -> 1.7827835e+10 | H19: ='BudgetSize,2024'!H19 -> - | I19: =SUM(G19,H19) -> 1.7827835e+10
A20: 13 | B20: 011110100100 | C20: Bureau of Special Projects & Infrastructure | E20: ='BudgetSize,2024'!E20 -> 9570000 | F20: ='BudgetSize,2024'!F20 -> 68109000 | G20: =SUM(E20,F20) -> 77679000 | H20: ='BudgetSize,2024'!H20 -> 6.359904e+10 | I20: =SUM(G20,H20) -> 6.3676719e+10
A21: 14 | B21: 011113200100 | C21: Bureau for International Cooperation & Development | E21: ='BudgetSize,2024'!E21 -> 0 | F21: ='BudgetSize,2024'!F21 -> 195400000 | G21: =SUM(E21,F21) -> 195400000 | H21: ='BudgetSize,2024'!H21 -> 500000 | I21: =SUM(G21,H21) -> 195900000
A22: 15 | B22: 011200300100 | C22: Benue State House of Assembly | E22: ='BudgetSize,2024'!E22 -> 5.5336654e+08 | F22: ='BudgetSize,2024'!F22 -> 4.461655e+09 | G22: =SUM(E22,F22) -> 5.0150215e+09 | H22: ='BudgetSize,2024'!H22 -> 3468084506 | I22: =SUM(G22,H22) -> 8.483106e+09
A23: 16 | B23: 011200400100 | C23: Benue State House of Assembly Service Commission | E23: ='BudgetSize,2024'!E23 -> 221477945 | F23: ='BudgetSize,2024'!F23 -> 758570001 | G23: =SUM(E23,F23) -> 980047946 | H23: ='BudgetSize,2024'!H23 -> 755705000 | I23: =SUM(G23,H23) -> 1735752946
A24: 17 | B24: 012300100100 | C24: Ministry of Information, Culture and Tourism | D24: ='BudgetSize,2024'!D24 -> 38046452 | E24: ='BudgetSize,2024'!E24 -> 4.8126776e+08 | F24: ='BudgetSize,2024'!F24 -> 48076452 | G24: =SUM(E24,F24) -> 5.2934421e+08 | H24: ='BudgetSize,2024'!H24 -> 188962830 | I24: =SUM(G24,H24) -> 7.1830704e+08
A25: 18 | B25: 012300300100 | C25: Benue State Television Corporation | D25: ='BudgetSize,2024'!D25 -> 10000000 | E25: ='BudgetSize,2024'!E25 -> 56676681 | F25: ='BudgetSize,2024'!F25 -> 87771435 | G25: =SUM(E25,F25) -> 1.4444812e+08 | H25: ='BudgetSize,2024'!H25 -> 32200000 | I25: =SUM(G25,H25) -> 1.7664812e+08
A26: 19 | B26: 012300400100 | C26: Radio Benue Corporation | D26: ='BudgetSize,2024'!D26 -> 15700000 | E26: ='BudgetSize,2024'!E26 -> 3.1072371e+08 | F26: ='BudgetSize,2024'!F26 -> 49520000 | G26: =SUM(E26,F26) -> 3.6024371e+08 | I26: =SUM(G26,H26) -> 3.6024371e+08
A27: 20 | B27: 012301300100 | C27: Benue Printing and Publishing Corporation (BPPC) | D27: ='BudgetSize,2024'!D27 -> 5800000 | E27: ='BudgetSize,2024'!E27 -> 1.3231781e+08 | F27: ='BudgetSize,2024'!F27 -> 9185385 | G27: =SUM(E27,F27) -> 1.415032e+08 | I27: =SUM(G27,H27) -> 1.415032e+08
A28: 21 | B28: 012305500100 | C28: Government Printing Department | D28: ='BudgetSize,2024'!D28 -> 800000 | E28: ='BudgetSize,2024'!E28 -> 444248.48 | F28: ='BudgetSize,2024'!F28 -> 7080000 | G28: =SUM(E28,F28) -> 7524248.5 | I28: =SUM(G28,H28) -> 7524248.5
A29: 22 | B29: 012400100100 | C29: Bureau of Internal Affairs and Special Services (BIASS) | D29: ='BudgetSize,2024'!D29 -> 21800000 | E29: ='BudgetSize,2024'!E29 -> 124500000 | F29: ='BudgetSize,2024'!F29 -> 1.2833235e+10 | G29: =SUM(E29,F29) -> 1.2957735e+10 | I29: =SUM(G29,H29) -> 1.2957735e+10
A30: 23 | B30: 012500100100 | C30: Office of the Head of Service (HOS) | E30: ='BudgetSize,2024'!E30 -> 5.7470576e+08 | F30: ='BudgetSize,2024'!F30 -> 46444800 | G30: =SUM(E30,F30) -> 6.2115056e+08 | I30: =SUM(G30,H30) -> 6.2115056e+08
A31: 24 | B31: 012500100200 | C31: Bureau of Establishment and Management Services | E31: ='BudgetSize,2024'!E31 -> 3.1763351e+08 | F31: ='BudgetSize,2024'!F31 -> 67896000 | G31: =SUM(E31,F31) -> 3.8552951e+08 | I31: =SUM(G31,H31) -> 3.8552951e+08
A32: 25 | B32: 012500100500 | C32: Bureau of Service Welfare | D32: ='BudgetSize,2024'!D32 -> 40909841 | E32: ='BudgetSize,2024'!E32 -> 0 | F32: ='BudgetSize,2024'!F32 -> 180668000 | G32: =SUM(E32,F32) -> 180668000 | H32: ='BudgetSize,2024'!H32 -> 104000000 | I32: =SUM(G32,H32) -> 284668000
A33: 26 | B33: 012500500100 | C33: Bureau of Manpower Development and Training | D33: ='BudgetSize,2024'!D33 -> 5500000 | E33: ='BudgetSize,2024'!E33 -> 11674200 | F33: ='BudgetSize,2024'!F33 -> 11228000 | G33: =SUM(E33,F33) -> 22902200 | I33: =SUM(G33,H33) -> 22902200
B34: 012500600100 | C34: Benue Public service institute | F34: ='Detail RecExp. & CapEx'!K5629 -> 33600000 | G34: =SUM(E34,F34) -> 33600000 | H34: ='Detail RecExp. & CapEx'!K5644 -> 90000000 | I34: =SUM(G34,H34) -> 123600000
A35: 27 | B35: 014000100100 | C35: Office of the Auditor-General of the State | D35: ='BudgetSize,2024'!D35 -> 450000 | E35: ='BudgetSize,2024'!E35 -> 1.4191836e+08 | F35: ='BudgetSize,2024'!F35 -> 14160000 | G35: =SUM(E35,F35) -> 1.5607836e+08 | H35: ='BudgetSize,2024'!H35 -> 200000000 | I35: =SUM(G35,H35) -> 3.5607836e+08
A36: 28 | B36: 014000200100 | C36: Local Government Audit Department | D36: ='BudgetSize,2024'!D36 -> 440000 | E36: ='BudgetSize,2024'!E36 -> 68522495 | F36: ='BudgetSize,2024'!F36 -> 7080000 | G36: =SUM(E36,F36) -> 75602495 | I36: =SUM(G36,H36) -> 75602495
A37: 29 | B37: 014700100100 | C37: Benue State Civil Service Commission | E37: ='BudgetSize,2024'!E37 -> 5200830.1 | F37: ='BudgetSize,2024'!F37 -> 21240000 | G37: =SUM(E37,F37) -> 26440830 | H37: ='BudgetSize,2024'!H37 -> 70000000 | I37: =SUM(G37,H37) -> 96440830
A38: 30 | B38: 014800100100 | C38: Benue State Independent Electoral Commission (BSIEC) | D38: ='BudgetSize,2024'!D38 -> 6803478900 | E38: ='BudgetSize,2024'!E38 -> 7.2469957e+08 | F38: ='BudgetSize,2024'!F38 -> 4898646340 | G38: =SUM(E38,F38) -> 5.6233459e+09 | H38: ='BudgetSize,2024'!H38 -> 3367556000 | I38: =SUM(G38,H38) -> 8.9909019e+09
A39: 31 | B39: 014900100100 | C39: Local Government Service Commission | D39: ='BudgetSize,2024'!D39 -> 120000000 | E39: ='BudgetSize,2024'!E39 -> 25300564 | F39: ='BudgetSize,2024'!F39 -> 1.2708e+08 | G39: =SUM(E39,F39) -> 1.5238056e+08 | H39: ='BudgetSize,2024'!H39 -> 25139540 | I39: =SUM(G39,H39) -> 1.775201e+08
A40: 32 | B40: 015600100100 | C40: Ministry of Communications and Digital Economy | D40: ='BudgetSize,2024'!D40 -> 250000000 | E40: ='BudgetSize,2024'!E40 -> 92822090 | F40: ='BudgetSize,2024'!F40 -> 1091316900 | G40: =SUM(E40,F40) -> 1184138990 | H40: ='BudgetSize,2024'!H40 -> 691979297 | I40: =SUM(G40,H40) -> 1876118287
A41: 33 | B41: 016100100100 | C41: Office of the Secretary to State Government (SSG) | E41: ='BudgetSize,2024'!E41 -> 2.8808938e+09 | F41: ='BudgetSize,2024'!F41 -> 2223522000 | G41: =SUM(E41,F41) -> 5.1044158e+09 | H41: ='BudgetSize,2024'!H41 -> 506243900 | I41: =SUM(G41,H41) -> 5.6106597e+09
A42: 34 | B42: 016100200100 | C42: Bureau of Political - SSG | F42: ='BudgetSize,2024'!F42 -> 12782000 | G42: =SUM(E42,F42) -> 12782000 | I42: =SUM(G42,H42) -> 12782000
A43: 35 | B43: 016100300100 | C43: Bureau of Research and Policy Analysis (REPA) - SSG | F43: ='BudgetSize,2024'!F43 -> 15650000 | G43: =SUM(E43,F43) -> 15650000 | H43: ='BudgetSize,2024'!H43 -> 5000000 | I43: =SUM(G43,H43) -> 20650000
A44: 36 | B44: 016100400100 | C44: Office of the Secretary to State Government - (EXCO) | F44: ='BudgetSize,2024'!F44 -> 22797600 | G44: =SUM(E44,F44) -> 22797600 | I44: =SUM(G44,H44) -> 22797600
A45: 37 | B45: 016100500100 | C45: Liaison Office Lagos | D45: ='BudgetSize,2024'!D45 -> 900000 | F45: ='BudgetSize,2024'!F45 -> 21240000 | G45: =SUM(E45,F45) -> 21240000 | I45: =SUM(G45,H45) -> 21240000
A46: 38 | B46: 016100600100 | C46: Liaison Office Kaduna | D46: ='BudgetSize,2024'!D46 -> 450000 | F46: ='BudgetSize,2024'!F46 -> 14160000 | G46: =SUM(E46,F46) -> 14160000 | H46: ='BudgetSize,2024'!H46 -> 7000000 | I46: =SUM(G46,H46) -> 21160000
A47: 39 | B47: 016100700100 | C47: Liaison Office Abuja/Lodge | D47: ='BudgetSize,2024'!D47 -> 600000 | F47: ='BudgetSize,2024'!F47 -> 56640000 | G47: =SUM(E47,F47) -> 56640000 | I47: =SUM(G47,H47) -> 56640000
C49: ECONOMIC SECTOR: | D49: =SUM(D50:D73) -> 3.3658368e+11 | E49: =SUM(E50:E73) -> 5.1823578e+09 | F49: =SUM(F50:F73) -> 2.722491e+10 | G49: =SUM(G50:G73) -> 3.2407268e+10 | H49: =SUM(H50:H73) -> 1.1291408e+11 | I49: =SUM(I50:I73) -> 1.4532135e+11
A50: 40 | B50: 021500100100 | C50: Ministry of Agriculture | E50: ='BudgetSize,2024'!E48 -> 5.5063665e+08 | F50: ='BudgetSize,2024'!F48 -> 31982280 | G50: =SUM(E50,F50) -> 5.8261893e+08 | H50: ='BudgetSize,2024'!H48 -> 2901145118 | I50: =SUM(G50,H50) -> 3.483764e+09
A51: 41 | B51: 021502100100 | C51: Akperan Orshi Polytechnic, Yandev. | D51: ='BudgetSize,2024'!D49 -> 2366361880 | E51: ='BudgetSize,2024'!E49 -> 1165977970 | F51: ='BudgetSize,2024'!F49 -> 4.0657544e+08 | G51: =SUM(E51,F51) -> 1.5725534e+09 | H51: ='BudgetSize,2024'!H49 -> 1.2274974e+09 | I51: =SUM(G51,H51) -> 2.8000508e+09
A52: 42 | B52: 021510200100 | C52: Bureau of Agricultural Development & Mechanization/Benue State Agriculture and Rural Development Authority (BNARDA) | D52: ='BudgetSize,2024'!D50 -> 800000000 | E52: ='BudgetSize,2024'!E50 -> 770000000 | F52: ='BudgetSize,2024'!F50 -> 199500000 | G52: =SUM(E52,F52) -> 969500000 | H52: ='BudgetSize,2024'!H50 -> 1.5100905e+10 | I52: =SUM(G52,H52) -> 1.6070405e+10
A53: 43 | B53: 022000100100 | C53: Ministry of Finance | E53: ='BudgetSize,2024'!E51 -> 115000000 | F53: ='BudgetSize,2024'!F51 -> 13785774482 | G53: =SUM(E53,F53) -> 13900774482 | H53: ='BudgetSize,2024'!H51 -> 1.8131128e+10 | I53: =SUM(G53,H53) -> 3.2031902e+10
A54: 44 | B54: 022000700100 | C54: Office of the Accountant-General | D54: ='BudgetSize,2024'!D52 -> 2.7443167e+11 | E54: ='BudgetSize,2024'!E52 -> 3.3852651e+08 | F54: ='BudgetSize,2024'!F52 -> 2.8158994e+08 | G54: =SUM(E54,F54) -> 6.2011646e+08 | H54: ='BudgetSize,2024'!H52 -> 40313000 | I54: =SUM(G54,H54) -> 6.6042946e+08
A55: 45 | B55: 022000700500 | C55: Debt Management Office | D55: ='BudgetSize,2024'!D53 -> 20000000000 | E55: ='BudgetSize,2024'!E53 -> 9514908 | F55: ='BudgetSize,2024'!F53 -> 8.4501567e+09 | G55: =SUM(E55,F55) -> 8.4596716e+09 | H55: ='BudgetSize,2024'!H53 -> 8.6666667e+09 | I55: =SUM(G55,H55) -> 1.7126338e+10
A56: 46 | B56: 022000800100 | C56: Benue State Internal Revenue Service (BIRS) | D56: ='BudgetSize,2024'!D54 -> 2.4359914e+10 | E56: ='BudgetSize,2024'!E54 -> 772666811 | F56: ='BudgetSize,2024'!F54 -> 1.4563515e+09 | G56: =SUM(E56,F56) -> 2.2290183e+09 | H56: ='BudgetSize,2024'!H54 -> 204476080 | I56: =SUM(G56,H56) -> 2.4334944e+09
A57: 47 | B57: 022200100100 | C57: Ministry of Industry, Trade & Investment | D57: ='BudgetSize,2024'!D55 -> 3.7225148e+09 | E57: ='BudgetSize,2024'!E55 -> 2.1668986e+08 | F57: ='BudgetSize,2024'!F55 -> 175721285 | G57: =SUM(E57,F57) -> 3.9241114e+08 | H57: ='BudgetSize,2024'!H55 -> 3894780000 | I57: =SUM(G57,H57) -> 4.2871911e+09
A58: 48 | B58: 22700600100 | C58: Benue State Bureau of Entrepreneurship & Wealth Creation | D58: 2700000000 | E58: ='BudgetSize,2024'!E56 -> 3240000 | F58: ='BudgetSize,2024'!F56 -> 844183525 | G58: =SUM(E58,F58) -> 847423525 | H58: ='BudgetSize,2024'!H56 -> 108386000 | I58: =SUM(G58,H58) -> 955809525
A59: 49 | B59: 022800100100 | C59: Ministry of Science, Technology & Innovation | D59: ='BudgetSize,2024'!D57 -> 203378697 | E59: ='BudgetSize,2024'!E57 -> 77730948 | F59: ='BudgetSize,2024'!F57 -> 71100815 | G59: =SUM(E59,F59) -> 1.4883176e+08 | H59: ='BudgetSize,2024'!H57 -> 1.8080789e+09 | I59: =SUM(G59,H59) -> 1.9569106e+09
A60: 50 | B60: 022800100300 | C60: Business and Engineering Skills Training (BEST) Centre | D60: ='BudgetSize,2024'!D58 -> 2914000 | F60: ='BudgetSize,2024'!F58 -> 2798053 | G60: =SUM(E60,F60) -> 2798053 | I60: =SUM(G60,H60) -> 2798053
A61: 51 | B61: 023100100100 | C61: Ministry of Power, Renewable Energy and Transport | E61: ='BudgetSize,2024'!E59 -> 100000000 | F61: ='BudgetSize,2024'!F59 -> 43810250 | G61: =SUM(E61,F61) -> 143810250 | H61: ='BudgetSize,2024'!H59 -> 1.0971758e+10 | I61: =SUM(G61,H61) -> 1.1115568e+10
A62: 52 | B62: 023400100100 | C62: Ministry of Works, Housing and Urban Development | E62: ='BudgetSize,2024'!E60 -> 1.1896086e+08 | F62: ='BudgetSize,2024'!F60 -> 1.2241402e+08 | G62: =SUM(E62,F62) -> 2.4137488e+08 | H62: ='BudgetSize,2024'!H60 -> 3.3865933e+10 | I62: =SUM(G62,H62) -> 3.4107308e+10
A63: 53 | B63: 023600400100 | C63: Benue State Council For Arts and Culture | D63: ='BudgetSize,2024'!D61 -> 5000000 | E63: ='BudgetSize,2024'!E61 -> 1.1850601e+08 | F63: ='BudgetSize,2024'!F61 -> 64948590 | G63: =SUM(E63,F63) -> 1.834546e+08 | I63: =SUM(G63,H63) -> 1.834546e+08
A64: 55 | B64: 023800100100 | C64: Benue State Budget and Economic Planning Commission | D64: ='BudgetSize,2024'!D62 -> 5.7182892e+09 | E64: ='BudgetSize,2024'!E62 -> 72799242 | F64: ='BudgetSize,2024'!F62 -> 3.8827032e+08 | G64: =SUM(E64,F64) -> 4.6106956e+08 | H64: ='BudgetSize,2024'!H62 -> 9.5913364e+09 | I64: =SUM(G64,H64) -> 1.0052406e+10
A65: 56 | B65: 023800400100 | C65: Benue State Bureau of Statistics | E65: ='BudgetSize,2024'!E63 -> 36000000 | F65: ='BudgetSize,2024'!F63 -> 27810000 | G65: =SUM(E65,F65) -> 63810000 | H65: ='BudgetSize,2024'!H63 -> 7500000 | I65: =SUM(G65,H65) -> 71310000
A66: 57 | B66: 025000100100 | C66: Fiscal Responsibility Commission | E66: ='BudgetSize,2024'!E64 -> 62680340 | F66: ='BudgetSize,2024'!F64 -> 30261000 | G66: =SUM(E66,F66) -> 92941340 | H66: ='BudgetSize,2024'!H64 -> 3850000 | I66: =SUM(G66,H66) -> 96791340
A67: 58 | B67: 025200100100 | C67: Ministry of Water Resources, Environment and Climate Change | D67: ='BudgetSize,2024'!D65 -> 122772000 | E67: ='BudgetSize,2024'!E65 -> 97793043 | F67: ='BudgetSize,2024'!F65 -> 602262500 | G67: =SUM(E67,F67) -> 7.0005554e+08 | H67: ='BudgetSize,2024'!H65 -> 1.9391574e+09 | I67: =SUM(G67,H67) -> 2.639213e+09
A68: 59 | B68: 025210200100 | C68: Benue State Water Board | D68: ='BudgetSize,2024'!D66 -> 62000000 | E68: ='BudgetSize,2024'!E66 -> 141403890 | F68: ='BudgetSize,2024'!F66 -> 17259517 | G68: =SUM(E68,F68) -> 158663407 | I68: =SUM(G68,H68) -> 158663407
A69: 60 | B69: 025210300100 | C69: Benue State Rural Water Supply and Sanitation Agency (BERWASSA) | D69: ='BudgetSize,2024'!D67 -> 1.6670274e+09 | E69: ='BudgetSize,2024'!E67 -> 36271157 | F69: ='BudgetSize,2024'!F67 -> 21289317 | G69: =SUM(E69,F69) -> 57560474 | H69: ='BudgetSize,2024'!H67 -> 1.0629064e+09 | I69: =SUM(G69,H69) -> 1.1204669e+09
A70: 61 | B70: 025210400100 | C70: Benue State Environmental Sanitation Authority | D70: ='BudgetSize,2024'!D68 -> 20000000 | E70: ='BudgetSize,2024'!E68 -> 1.1053489e+08 | F70: ='BudgetSize,2024'!F68 -> 119465000 | G70: =SUM(E70,F70) -> 2.2999989e+08 | H70: ='BudgetSize,2024'!H68 -> 0 | I70: =SUM(G70,H70) -> 2.2999989e+08
A71: 62 | B71: 025400100100 | C71: Ministry of Cooperatives and Rural Development | D71: ='BudgetSize,2024'!D69 -> 200748180 | E71: ='BudgetSize,2024'!E69 -> 107256252 | F71: ='BudgetSize,2024'!F69 -> 16602775 | G71: =SUM(E71,F71) -> 123859027 | H71: ='BudgetSize,2024'!H69 -> 2.8529111e+09 | I71: =SUM(G71,H71) -> 2.9767701e+09
A72: 63 | B72: 025400200100 | C72: Benue State Urban Development Board | D72: ='BudgetSize,2024'!D70 -> 84000000 | E72: ='BudgetSize,2024'!E70 -> 38569253 | F72: ='BudgetSize,2024'!F70 -> 34304999 | G72: =SUM(E72,F72) -> 72874252 | H72: ='BudgetSize,2024'!H70 -> 15250000 | I72: =SUM(G72,H72) -> 88124252
A73: 64 | B73: 026000100100 | C73: Ministry of Lands, Survey and Solid Minerals | D73: ='BudgetSize,2024'!D71 -> 117086650 | E73: ='BudgetSize,2024'!E71 -> 1.2159919e+08 | F73: ='BudgetSize,2024'!F71 -> 30478000 | G73: =SUM(E73,F73) -> 1.5207719e+08 | H73: ='BudgetSize,2024'!H71 -> 520100400 | I73: =SUM(G73,H73) -> 6.7217759e+08
C75: LAW & JUSTICE SECTOR: | D75: =SUM(D76:D80) -> 150165999 | E75: =SUM(E76:E80) -> 4.5045941e+09 | F75: =SUM(F76:F80) -> 5.4811786e+09 | G75: =SUM(G76:G80) -> 9.9857727e+09 | H75: =SUM(H76:H80) -> 8568041211 | I75: =SUM(I76:I80) -> 1.8553814e+10
A76: 65 | B76: 031801100100 | C76: Benue State Judicial Service Commission | E76: ='BudgetSize,2024'!E72 -> 3.2806497e+08 | F76: ='BudgetSize,2024'!F72 -> 76216130 | G76: =SUM(E76,F76) -> 4.042811e+08 | H76: ='BudgetSize,2024'!H72 -> 197060000 | I76: =SUM(G76,H76) -> 6.013411e+08
A77: 66 | B77: 031805100100 | C77: High Court of Justice | D77: ='BudgetSize,2024'!D73 -> 135000000 | E77: ='BudgetSize,2024'!E73 -> 3.4562788e+09 | F77: ='BudgetSize,2024'!F73 -> 1.3594758e+09 | G77: =SUM(E77,F77) -> 4.8157545e+09 | H77: ='BudgetSize,2024'!H73 -> 5104000000 | I77: =SUM(G77,H77) -> 9.9197545e+09
A78: 67 | B78: 031805200100 | C78: Customary Court of Appeal | D78: ='BudgetSize,2024'!D74 -> 8065999 | E78: ='BudgetSize,2024'!E74 -> 4.3990125e+08 | F78: ='BudgetSize,2024'!F74 -> 9.4550495e+08 | G78: =SUM(E78,F78) -> 1385406200 | H78: ='BudgetSize,2024'!H74 -> 2301981211 | I78: =SUM(G78,H78) -> 3687387411
A79: 68 | B79: 032600100100 | C79: Ministry of Justice and Public Order | D79: ='BudgetSize,2024'!D75 -> 7100000 | E79: ='BudgetSize,2024'!E75 -> 2.8034906e+08 | F79: ='BudgetSize,2024'!F75 -> 3094931790 | G79: =SUM(E79,F79) -> 3.3752809e+09 | H79: ='BudgetSize,2024'!H75 -> 965000000 | I79: =SUM(G79,H79) -> 4.3402809e+09
A80: 69 | B80: 032600700100 | C80: Citizens Mediation Centre, Makurdi | F80: ='BudgetSize,2024'!F76 -> 5050000 | G80: =SUM(E80,F80) -> 5050000 | I80: =SUM(G80,H80) -> 5050000
C82: SOCIAL SECTOR: | D82: =SUM(D83:D110) -> 2.3213212e+10 | E82: =SUM(E83:E110) -> 3.3313663e+10 | F82: =SUM(F83:F110) -> 9.9773899e+09 | G82: =SUM(G83:G110) -> 4.3291052e+10 | H82: =SUM(H83:H110) -> 2.0075634e+10 | I82: =SUM(I83:I110) -> 6.3366686e+10
A83: 70 | B83: 051400100100 | C83: Ministry of Women Affairs and Social Development | D83: ='BudgetSize,2024'!D77 -> 12000000 | E83: ='BudgetSize,2024'!E77 -> 2.4247431e+08 | F83: ='BudgetSize,2024'!F77 -> 400595330 | G83: =SUM(E83,F83) -> 6.4306964e+08 | H83: ='BudgetSize,2024'!H77 -> 461500000 | I83: =SUM(G83,H83) -> 1.1045696e+09
A84: 71 | B84: 051405100100 | C84: Benue State Rehabilitation Board, Apir | E84: ='BudgetSize,2024'!E78 -> 12052929 | F84: ='BudgetSize,2024'!F78 -> 29266933 | G84: =SUM(E84,F84) -> 41319862 | I84: =SUM(G84,H84) -> 41319862
A85: 72 | B85: 051405200100 | C85: Benue State Community and Social Development Agency | D85: ='BudgetSize,2024'!D79 -> 1531859075 | E85: ='BudgetSize,2024'!E79 -> 2.7743052e+08 | F85: ='BudgetSize,2024'!F79 -> 1.4400537e+09 | G85: =SUM(E85,F85) -> 1.7174843e+09 | H85: ='BudgetSize,2024'!H79 -> 1300000000 | I85: =SUM(G85,H85) -> 3.0174843e+09
A86: 73 | B86: 051700100100 | C86: Ministry of Education and Knowledge Management | D86: ='BudgetSize,2024'!D80 -> 6.1182164e+08 | E86: ='BudgetSize,2024'!E80 -> 2.2174701e+08 | F86: ='BudgetSize,2024'!F80 -> 1.1893644e+08 | G86: =SUM(E86,F86) -> 3.4068345e+08 | H86: ='BudgetSize,2024'!H80 -> 2939899999 | I86: =SUM(G86,H86) -> 3.2805834e+09
A87: 74 | B87: 051700300100 | C87: Benue State Universal Basic Education Board (SUBEB) | D87: ='BudgetSize,2024'!D81 -> 2597684360 | E87: ='BudgetSize,2024'!E81 -> 5.4698559e+08 | F87: ='BudgetSize,2024'!F81 -> 1.5807041e+08 | G87: =SUM(E87,F87) -> 7.05056e+08 | H87: ='BudgetSize,2024'!H81 -> 1800000000 | I87: =SUM(G87,H87) -> 2.505056e+09
A88: 75 | B88: 051700800100 | C88: Benue State Library Board | D88: ='BudgetSize,2024'!D82 -> 800500 | E88: ='BudgetSize,2024'!E82 -> 17487175 | F88: ='BudgetSize,2024'!F82 -> 7090768 | G88: =SUM(E88,F88) -> 24577943 | I88: =SUM(G88,H88) -> 24577943
A89: 76 | B89: 051700900100 | C89: Benue State Examinations Board | D89: ='BudgetSize,2024'!D83 -> 501015000 | E89: ='BudgetSize,2024'!E83 -> 80643237 | F89: ='BudgetSize,2024'!F83 -> 3.9159325e+08 | G89: =SUM(E89,F89) -> 4.7223649e+08 | H89: ='BudgetSize,2024'!H83 -> 75747620 | I89: =SUM(G89,H89) -> 5.4798411e+08
A90: 77 | B90: 051701000100 | C90: Agency for Adult and Non-Formal Education | D90: ='BudgetSize,2024'!D84 -> 676000 | E90: ='BudgetSize,2024'!E84 -> 2.6148563e+08 | F90: ='BudgetSize,2024'!F84 -> 37167400 | G90: =SUM(E90,F90) -> 2.9865303e+08 | I90: =SUM(G90,H90) -> 2.9865303e+08
A91: 78 | B91: 51701200100 | C91: Bureau For Education Quality Assurance | D91: ='BudgetSize,2024'!D85 -> 277046134 | E91: ='BudgetSize,2024'!E85 -> 110000000 | F91: ='BudgetSize,2024'!F85 -> 930626890 | G91: =SUM(E91,F91) -> 1040626890 | H91: ='BudgetSize,2024'!H85 -> 326000000 | I91: =SUM(G91,H91) -> 1366626890
A92: 79 | B92: 051701800100 | C92: Benue State Polytechnic, Ugbokolo | D92: ='BudgetSize,2024'!D86 -> 923131970 | E92: ='BudgetSize,2024'!E86 -> 1.2995389e+09 | F92: ='BudgetSize,2024'!F86 -> 365780542 | G92: =SUM(E92,F92) -> 1.6653194e+09 | H92: ='BudgetSize,2024'!H86 -> 1051570000 | I92: =SUM(G92,H92) -> 2.7168894e+09
A93: 80 | B93: 051701900100 | C93: College of Education, Katsina-Ala | D93: ='BudgetSize,2024'!D87 -> 1865274520 | E93: ='BudgetSize,2024'!E87 -> 1.7375254e+09 | F93: ='BudgetSize,2024'!F87 -> 111921997 | G93: =SUM(E93,F93) -> 1.8494474e+09 | H93: ='BudgetSize,2024'!H87 -> 118302000 | I93: =SUM(G93,H93) -> 1.9677494e+09
A94: 81 | B94: 051702100100 | C94: College of Education Oju | D94: ='BudgetSize,2024'!D88 -> 1465750000 | E94: ='BudgetSize,2024'!E88 -> 1.4932948e+09 | F94: ='BudgetSize,2024'!F88 -> 75415000 | G94: =SUM(E94,F94) -> 1.5687098e+09 | H94: ='BudgetSize,2024'!H88 -> 320391680 | I94: =SUM(G94,H94) -> 1.8891014e+09
A95: 82 | B95: 051702100200 | C95: Benue State University College of Health Sciences | D95: ='BudgetSize,2024'!D89 -> 3.0763143e+08 | E95: ='BudgetSize,2024'!E89 -> 1.8063349e+09 | F95: ='BudgetSize,2024'!F89 -> 306583876 | G95: =SUM(E95,F95) -> 2.1129188e+09 | H95: ='BudgetSize,2024'!H89 -> 217551570 | I95: =SUM(G95,H95) -> 2.3304703e+09
A96: 83 | B96: 051702100300 | C96: Benue State University (BSU), Makurdi | D96: ='BudgetSize,2024'!D90 -> 3269940098 | E96: ='BudgetSize,2024'!E90 -> 5.3774868e+09 | F96: ='BudgetSize,2024'!F90 -> 2.3799251e+09 | G96: =SUM(E96,F96) -> 7.7574119e+09 | H96: ='BudgetSize,2024'!H90 -> 367769100 | I96: =SUM(G96,H96) -> 8.125181e+09
A97: 84 | B97: 051705400100 | C97: Benue State Teaching Service Board (TSB) | D97: ='BudgetSize,2024'!D91 -> 225990000 | E97: ='BudgetSize,2024'!E91 -> 6.2050312e+09 | F97: ='BudgetSize,2024'!F91 -> 1.1301054e+08 | G97: =SUM(E97,F97) -> 6.3180417e+09 | H97: ='BudgetSize,2024'!H91 -> 65018447 | I97: =SUM(G97,H97) -> 6.3830602e+09
A98: 85 | B98: 051705500100 | C98: Benue State Science and Technical Education Board | D98: ='BudgetSize,2024'!D92 -> 1555500 | E98: ='BudgetSize,2024'!E92 -> 5.0823419e+08 | F98: ='BudgetSize,2024'!F92 -> 48264844 | G98: =SUM(E98,F98) -> 5.5649903e+08 | H98: ='BudgetSize,2024'!H92 -> 134000000 | I98: =SUM(G98,H98) -> 6.9049903e+08
A99: 86 | B99: 051705600100 | C99: Benue State Scholarship Board | D99: ='BudgetSize,2024'!D93 -> 8000000 | E99: ='BudgetSize,2024'!E93 -> 8648979 | F99: ='BudgetSize,2024'!F93 -> 157692360 | G99: =SUM(E99,F99) -> 1.6634134e+08 | H99: ='BudgetSize,2024'!H93 -> - | I99: =SUM(G99,H99) -> 1.6634134e+08
A100: 87 | B100: 051705700100 | C100: Akawe Torkula Polytechnic, Makurdi | D100: ='BudgetSize,2024'!D94 -> 466940000 | E100: ='BudgetSize,2024'!E94 -> 9.3687629e+08 | F100: ='BudgetSize,2024'!F94 -> 15811350 | G100: =SUM(E100,F100) -> 9.5268764e+08 | H100: ='BudgetSize,2024'!H94 -> 600062030 | I100: =SUM(G100,H100) -> 1.5527497e+09
A101: 88 | B101: 052100100100 | C101: Ministry of Health and Human Services | D101: ='BudgetSize,2024'!D95 -> 1227500000 | E101: ='BudgetSize,2024'!E95 -> 5.575996e+08 | F101: ='BudgetSize,2024'!F95 -> 388305000 | G101: =SUM(E101,F101) -> 9.459046e+08 | H101: ='BudgetSize,2024'!H95 -> 1872000000 | I101: =SUM(G101,H101) -> 2.8179046e+09
A102: 89 | B102: 052100200100 | C102: Benue State Health Insurance Agency | D102: ='BudgetSize,2024'!D96 -> 1697500000 | E102: ='BudgetSize,2024'!E96 -> 1836000000 | F102: ='BudgetSize,2024'!F96 -> 148265000 | G102: =SUM(E102,F102) -> 1984265000 | H102: ='BudgetSize,2024'!H96 -> 61000000 | I102: =SUM(G102,H102) -> 2045265000
A103: 90 | B103: 052102600100 | C103: Benue State University Teaching Hospital (BSUTH) | D103: ='BudgetSize,2024'!D97 -> 3036319332 | E103: ='BudgetSize,2024'!E97 -> 6.6470767e+09 | F103: ='BudgetSize,2024'!F97 -> 1401549950 | G103: =SUM(E103,F103) -> 8.0486267e+09 | H103: ='BudgetSize,2024'!H97 -> 5832770930 | I103: =SUM(G103,H103) -> 1.3881398e+10
... A106: 93 | B106: 053900100100 | C106: Ministry of Youth and Sports Development | D106: ='BudgetSize,2024'!D100 -> 62164000 | E106: ='BudgetSize,2024'!E100 -> 69508800 | F106: ='BudgetSize,2024'!F100 -> 164917360 | G106: =SUM(E106,F106) -> 234426160 | H106: ='BudgetSize,2024'!H100 -> 2272257535 | I106: =SUM(G106,H106) -> 2506683695
A107: 94 | B107: 053905100100 | C107: Benue State Sports Council | D107: ='BudgetSize,2024'!D101 -> 464477 | E107: ='BudgetSize,2024'!E101 -> 1.3488964e+08 | F107: ='BudgetSize,2024'!F101 -> 1.0122859e+08 | G107: =SUM(E107,F107) -> 2.3611822e+08 | I107: =SUM(G107,H107) -> 2.3611822e+08
...

Sheet Revenue Brief,2024
A1: BENUE STATE GOVERNMENT
A2: 2024 SUPPLEMENTARY BUDGET REVENUE SUMMARY
A3: S/No. | B3: Economic Code | C3: Source of Revenue | D3: Revenue Estimates January-December, 2024
A4: 1 | C4: Opening Balance
B5: 11 | C5: GOVERNMENT SHARE OF FAAC
A6: 2 | B6: 11010101 | C6: Statutory Allocation | D6: 109012216496
A7: 3 | B7: 11010201 | C7: Share of VAT | D7: 5.8835946e+10
A8: 4 | B8: 11010301 | C8: Other Federation Account | D8: 5.0040884e+10
A9: 5 | B9: 11010302 | C9: FAAC Special Allocations | D9: 46940300000
C10: Sub-Total (FAAC): | D10: =SUM(D6:D9) -> 2.6482935e+11
B11: 12 | C11: INDEPENDENT REVENUE
B12: 1201 | C12: TAX REVENUE
B13: 120101 | C13: PERSONAL TAXES
A14: 6 | B14: 12010101 | C14: Pay-As-You-Earn (PAYE) | D14: 19385062017
A15: 7 | B15: 12010301 | C15: Stamp Duty | D15: 30300000
A16: 8 | B16: 12010302 | C16: Development Tax/Levy | D16: 62735000
A17: 9 | B17: 12010303 | C17: Capital Gain Tax | D17: 5882287.5
A18: 10 | B18: 12010305 | C18: Other Service Taxes | D18: 4700000000
A19: 11 | B19: 12010306 | C19: Development Levies | D19: 95025234
C20: Sub-Total (Tax Revenue): | D20: =SUM(D14:D19) -> 2.4279005e+10
B22: 1202 | C22: NON-TAX REVENUE
A23: 12 | B23: 120201 | C23: Licenses | D23: 574001917
A24: 13 | B24: 120204 | C24: Fees | D24: 5.6672565e+09
A25: 14 | B25: 120205 | C25: Fine | D25: 55359500
A26: 15 | B26: 120206 | C26: Sales | D26: 1.8989615e+09
A27: 16 | B27: 120207 | C27: Earnings | D27: 1.3579082e+09
A28: 17 | B28: 120208 | C28: Rent on Govt. Buildings | D28: 70141801
A29: 18 | B29: 120209 | C29: Rent on Land & Others | D29: 203550000
A30: 19 | B30: 120212 | C30: Interest Earned | D30: 30451216
C31: Sub-Total (Non-Tax Revenue): | D31: =SUM(D23:D30) -> 9.8576306e+09
B32: 120211 | C32: INVESTMENT INCOME
A33: 20 | B33: 12021103 | C33: Other Investment Income | D33: 305000000
C34: Sub-Total (Investment Income): | D34: =D33 -> 305000000
B36: 13 | C36: AID & GRANTS
A37: 21 | B37: 130101 | C37: Domestic Aid | D37: 600000000
A38: 22 | B38: 130102 | C38: Foreign Aid | D38: 4.1386551e+08
A39: 23 | B39: 130201 | C39: Domestic Grants | D39: 33117962380
A40: 24 | B40: 130202 | C40: Foreign Grants | D40: 8.099589e+09
C41: Sub-Total (Aid & Grants): | D41: =SUM(D37:D40) -> 42231416907
B43: 14 | C43: CAPITAL DEV. FUND (CDF) RECEIPTS
A44: 25 | B44: 140201 | C44: Other Capital Receipts to CDF | D44: 827168864
A45: 26 | B45: 140301 | C45: Domestic Loans/Borrowings Receipt | D45: 23798000000
A46: 27 | B46: 140302 | C46: International Loans/Borrowings Receipt | D46: 6893000000
C47: Sub-Total (CDF Receipts): | D47: =SUM(D44:D46) -> 31518168864
C49: TOTAL REVENUE: | D49: =SUM(D10,D20,D31,D34,D41,D47) -> 3.7302057e+11

Sheet DetailSup-Rec.Rev.,2024
B3: BENUE STATE GOVERNMENT
B4: 2024 SUPPLEMENTARY BUDGET
D5: 2024 APPROVED SUPPLEMENTARY REVENUE ESTIMATES
B7: 11100500100 | C7: DEVELOPMENT COOPERATIONS, SUSTAINABLE DEVELOPMENT GOALS (SDGS)
B8: RECURRENT REVENUE
B9: Economic Code | C9: Fund Code | D9: Source of Revenue | E9: 2024 Approved Estimates | F9: 2024 Actual Expenditure Jan. - June | G9: 2024 Approved Supplementary Revenue Estimates | H9: 2024 Approved Revised Revenue Estimates
B10: 13020101 | C10: 08304 | D10: CURRENT DOMESTIC GRANTS | E10: 298000000 | G10: =H10-E10 -> -298000000
B11: 13020202 | C11: 08304 | D11: CAPITAL FOREIGN GRANTS | E11: 4246000000 | G11: =H11-E11 -> -4246000000
D12: TOTAL RECURRENT REVENUE | E12: =SUM(E10:E11) -> 4544000000 | F12: =SUM(F10:F11) -> 0 | G12: =SUM(G10:G11) -> -4544000000 | H12: =SUM(H10:H11) -> 0
G14: TOTAL REVENUE | H14: =H12 -> 0
B16: 027000100100 | C16: MINISTRY OF INDUSTRY TRADE AND INVESTEMENT
B17: RECURRENT REVENUE
B18: Economic Code | C18: Fund Code | D18: Source of Revenue | E18: 2024 Approved Estimates | F18: 2024 Actual Expenditure Jan. - June | G18: 2024 Approved Supplementary Revenue Estimates | H18: 2024 Approved Revised Revenue Estimates
B19: 12020442 | C19: 2101 | D19: ASSOCIATION FEES | E19: 69016015 | H19: =E19+G19 -> 69016015
B20: 12020449 | C20: 2101 | D20: BUSINESS/TRADE OPERATING FEES | E20: 12000000 | H20: =E20+G20 -> 12000000
B21: 12020620 | C21: 2101 | D21: SALES OF OTHER GOVERNMENT PROPERTIES | E21: 1000000000 | G21: 3.9567321e+08 | H21: =E21+G21 -> 1.3956732e+09
B22: 12020711 | C22: 2101 | D22: EARNINGS FROM COMMERCIAL ACTIVITIES | E22: 209720960 | G22: 100208444 | H22: =E22+G22 -> 309929404
B23: 12020906 | C23: 2101 | D23: RENTS ON GOVT. PROPERTIES | E23: 50000000 | H23: =E23+G23 -> 50000000
B24: 12021208 | C24: 08111 | D24: INTEREST ON LOANS TO GOVERNMENT OWNED COMPANIES | E24: 1691860 | G24: 11204356 | H24: =E24+G24 -> 12896216
B25: 14030201 | C25: 08111 | D25: INTERNATIONAL LOANS/ BORROWINGS FROM FINANCIAL INSTITUTIONS | E25: 3873000000 | G25: -2e+09 | H25: =E25+G25 -> 1.873e+09
D26: TOTAL RECURRENT REVENUE | E26: =SUM(E19:E25) -> 5.2154288e+09 | F26: =SUM(F19:F25) -> 0 | G26: =SUM(G19:G25) -> -1.492914e+09 | H26: =SUM(H19:H25) -> 3.7225148e+09
G28: TOTAL REVENUE | H28: =H26 -> 3.7225148e+09
B31: 25200100100 | C31: MINISTRY OF WATER RESOURCES AND ENVIRONMENT
B32: RECURRENT REVENUE
B33: Economic Code | C33: Fund Code | D33: Source of Revenue | E33: 2024 Approved Estimates | F33: 2024 Actual Expenditure Jan. - June | G33: 2024 Approved Supplementary Revenue Estimates | H33: 2024 Approved Revised Revenue Estimates
B34: 12020114 | C34: 2101 | D34: DANE GUN LICENSES | E34: 250000 | H34: =SUM(E34,G34) -> 250000
B35: 12020121 | C35: 2101 | D35: HUNTING PERMITS | E35: 250000 | H35: =SUM(E35,G35) -> 250000
B36: 12020127 | C36: 2101 | D36: BOREHOLE DRILLING LICENSES | E36: 50000000 | H36: =SUM(E36,G36) -> 50000000
B37: 12020424 | C37: 2101 | D37: ACCREDITATION FEES | E37: 5000000 | H37: =SUM(E37,G37) -> 5000000
B38: 12020430 | C38: 2101 | D38: PROFESSIONAL REGISTRATION FEES | E38: 22000000 | H38: =SUM(E38,G38) -> 22000000
B39: 12020431 | C39: 2101 | D39: ENVIRONMENTAL IMPACT ASSESSMENT FEES | E39: 10000000 | H39: =SUM(E39,G39) -> 10000000
B40: 12020436 | C40: 2101 | D40: BILL BOARD ADVERTISEMENT FEES | G40: 2400000 | H40: =SUM(E40,G40) -> 2400000
B41: 12020451 | C41: 2101 | D41: TIMBER & FOREST FEES | E41: 30000000 | H41: =SUM(E41,G41) -> 30000000
B42: 12020711 | C42: 2101 | D42: EARNINGS FROM COMMERCIAL ACTIVITIES | E42: 1472000 | H42: =SUM(E42,G42) -> 1472000
B43: 12020803 | C43: 2101 | D43: RENT ON GOVT BUILDINGS | E43: 1400000 | H43: =SUM(E43,G43) -> 1400000
D44: TOTAL RECURRENT REVENUE | E44: =SUM(E34:E43) -> 120372000 | F44: =SUM(F34:F43) -> 0 | G44: =SUM(G34:G43) -> 2400000 | H44: =SUM(H34:H43) -> 122772000
G46: TOTAL REVENUE | H46: =H44 -> 122772000
B49: 052102700100 | C49: BENUE STATE PRIMARY HEALTH CARE BOARD
B50: RECURRENT REVENUE
B51: Economic Code | C51: Fund Code | D51: Source of Revenue | E51: 2024 Approved Estimates | F51: 2024 Actual Expenditure Jan. - June | G51: 2024 Approved Supplementary Revenue Estimates | H51: 2024 Approved Revised Revenue Estimates
B52: 12020612 | C52: 2101 | D52: PROCEEDS FROM SALES OF DRUGS AND MEDICATIONS | E52: 28991271 | G52: 0 | H52: 28991271
B53: 12020707 | C53: 2101 | D53: EARNINGS FROM MEDICAL SERVICES | G53: 15000000 | H53: 15000000
B54: 13010102 | C54: 08303 | D54: CAPITAL DOMESTIC AIDS | G54: 600000000 | H54: 600000000
B55: 13020202 | C55: 08120 | D55: CURRENT DOMESTIC GRANTS: United Nations Population Fund (UNFPA)-Maternal and Newborn and Child Health | E55: 10000000 | G55: 220000000 | H55: 230000000
B56: 13020103 | C56: 08303 | D56: CURRENT DOMESTIC GRANTS(LGHA GRANTS) | E56: 14200000 | G56: 800000 | H56: 15000000
B57: 13020106 | C57: 08301 | D57: CURRENT DOMESTIC GRANTS(APIN): AIDS Prevention Initiative in Nigeria(APIN) Public Health Initiative | E57: 5000000 | G57: -5000000
B58: 13020202 | C58: 08119 | D58: CURRENT FOREIGN GRANT: FROM UNICEF FOR ACSM HPV,MNCAH | E58: 120972890 | G58: -120972689
B59: 13010202 | C59: 08123 | D59: CURRENT FOREIGN AID(ICRC) International Committee of the Red Cross ICRC Water and Sanitation Support | E59: 10000000 | G59: -10000000
B60: 13020106 | C60: 08123 | D60: CAPITAL DOMESTIC GRANTS | G60: 4.8866732e+08 | H60: 4.8866732e+08
B61: 14020101 | C61: 08120 | D61: OTHER CAPITAL RECEIPTS TO CDF | G61: 727668864 | H61: 7.2766886e+08
D62: TOTAL RECURRENT REVENUE | E62: =SUM(E52:E61) -> 189164161 | F62: =SUM(F52:F61) -> 0 | G62: =SUM(G52:G61) -> 1.9161635e+09 | H62: =SUM(H52:H61) -> 2105327454
G64: TOTAL REVENUE | H64: =H62 -> 2105327454
B67: 51701000100 | C67: AGENCY FOR ADULT & NON-FORMAL EDUCATION (ANFEA)
B68: RECURRENT REVENUE
B69: Economic Code | C69: Fund Code | D69: Source of Revenue | E69: 2024 Approved Estimates | F69: 2024 Actual Expenditure Jan. - June | G69: 2024 Approved Supplementary Revenue Estimates | H69: 2024 Approved Revised Revenue Estimates
B70: 12020452 | C70: 2101 | D70: PROCEEDS FROM SALES OF DRUGS AND MEDICATIONS | E70: 500000 | F70: 296000 | G70: 176000 | H70: =G70+E70 -> 676000
D71: TOTAL RECURRENT REVENUE | E71: =SUM(E70:E70) -> 500000 | F71: =SUM(F70:F70) -> 296000 | G71: =SUM(G70:G70) -> 176000 | H71: =SUM(H70:H70) -> 676000
G73: TOTAL REVENUE | H73: =H71 -> 676000
B76: 11104500100 | C76: BENUE STATE PENSION COMMISSION
B77: RECURRENT REVENUE
B78: Economic Code | C78: Fund Code | D78: Source of Revenue | E78: 2024 Approved Estimates | F78: 2024 Actual Expenditure Jan. - June | G78: 2024 Approved Supplementary Revenue Estimates | H78: 2024 Approved Revised Revenue Estimates
B79: 12021103 | C79: 2101 | D79: OTHER INVESTMENT INCOME | E79: 10000000 | F79: 41975664 | G79: 45000000 | H79: =G79+E79 -> 55000000
D80: TOTAL RECURRENT REVENUE | E80: =SUM(E79:E79) -> 10000000 | F80: =SUM(F79:F79) -> 41975664 | G80: =SUM(G79:G79) -> 45000000 | H80: =SUM(H79:H79) -> 55000000
G82: TOTAL REVENUE | H82: =H80 -> 55000000
B85: 12400100100 | C85: BUREAU OF INTERNAL AFFAIRS
B86: RECURRENT REVENUE
B87: Economic Code | C87: Fund Code | D87: Source of Revenue | E87: 2024 Approved Estimates | F87: 2024 Actual Expenditure Jan. - June | G87: 2024 Approved Supplementary Revenue Estimates | H87: 2024 Approved Revised Revenue Estimates
B88: 12020428 | C88: 2101 | D88: FIRE SAFETY CERTIFICATE FEES | E88: 20000000 | H88: =E88+G88 -> 20000000
B89: 12020453 | C89: 2101 | D89: APPLICATIONS FEES (STATE OF ORIGIN CERTIFICATE) | E89: 1500000 | F89: 889700 | H89: =E89+G89 -> 1500000
B90: 12020711 | C90: 2101 | D90: EARNINGS FROM COMMERCIAL ACTIVITIES (AUCTIONEER LICENSE) | E90: 200000 | F90: 241150 | G90: 100000 | H90: =E90+G90 -> 300000
B91: 14070102 | C91: 2101 | D91: UNSPECIFIED REVENUE (Auctioneers License) | F91: 15000
D92: TOTAL RECURRENT REVENUE | E92: =SUM(E88:E91) -> 21700000 | F92: =SUM(F88:F91) -> 1145850 | G92: =SUM(G88:G91) -> 100000 | H92: =SUM(H88:H91) -> 21800000
G94: TOTAL REVENUE | H94: =H92 -> 21800000
B97: 051702100200 | C97: BENUE STATE UNIVERSITY COLLEGE OF HEALTH SCIENCE
B98: RECURRENT REVENUE
B99: Economic Code | C99: Fund Code | D99: Source of Revenue | E99: 2024 Approved Estimates | F99: 2024 Actual Expenditure Jan. - June | G99: 2024 Approved Supplementary Revenue Estimates | H99: 2024 Approved Revised Revenue Estimates
B100: 12020417 | C100: 2101 | D100: CONTRACTOR REGISTRATION FEES | E100: 60000 | F100: 40000 | G100: =H100-E100 -> 40000 | H100: 100000
B101: 12020427 | C101: 2101 | D101: TENDER FEES | E101: 50000 | F101: 0 | G101: =H101-E101 -> 0 | H101: 50000
B102: 12020452 | C102: 2101 | D102: SCHOOL/ TUITION/ EXAMINATION FEES | E102: 273682800 | F102: 1.1913343e+08 | G102: =H102-E102 -> 0 | H102: 273682800
B103: 12020453 | C103: 2101 | D103: APPLICATIONS FEES | E103: 31440633 | F103: 5584400 | G103: =H103-E103 -> 0 | H103: 31440633
B104: 12020501 | C104: 2101 | D104: FINES/PENALTIES | E104: 79000 | F104: 10000 | G104: =H104-E104 -> 0 | H104: 79000
B105: 12020601 | C105: 2101 | D105: SALES OF JOURNAL & PUBLICATIONS | E105: 679000 | F105: 139000 | G105: =H105-E105 -> 0 | H105: 679000
B106: 12020604 | C106: 2101 | D106: SALES OF STORES/SCRAPS/UNSERVICABLE ITEMS | E106: 40000 | F106: 780000 | G106: =H106-E106 -> 1560000 | H106: 1600000
D107: TOTAL RECURRENT REVENUE | E107: =SUM(E100:E106) -> 3.0603143e+08 | F107: =SUM(F100:F106) -> 1.2568683e+08 | G107: =SUM(G100:G106) -> 1600000 | H107: =SUM(H100:H106) -> 3.0763143e+08
G109: TOTAL REVENUE | H109: =H107 -> 3.0763143e+08
B112: 11100800100 | C112: BENUE STATE EMERGENCY MANAGEMENT AGENCY (BESEMA)
B113: RECURRENT REVENUE
B114: Economic Code | C114: Fund Code | D114: Source of Revenue | E114: 2024 Approved Estimates | F114: 2024 Actual Revenue Jan. - June | G114: 2024 Proposed Supplementary Revenue Estimates | H114: 2024 Revised Revenue Estimates
B115: 13020103 | C115: 08303 | D115: CURRENT GRANTS FROM LGAS | E115: 1500000000 | F115: 1.322e+09 | G115: 5.28e+08 | H115: =E115+G115 -> 2.028e+09
B116: 13020105 | C116: 08306 | D116: CURRENT GRANTS FROM OTHER SOURCES(Donations From Individuals) | G116: 5000000 | H116: =E116+G116 -> 5000000 | K116: =G115-K123 -> 5.28e+08
B117: 13020201 | C117: 08120 | D117: CURRENT FOREIGN GRANTS(UNFPA,UNICEF,WHO etc.) | E117: 1500000000 | F117: 170844100 | G117: 500000000 | H117: =E117+G117 -> 2000000000
B118: 13020202 | C118: 08120 | D118: CAPITAL FOREIGN GRANTS | G118: 11578750 | H118: =E118+G118 -> 11578750
B119: 13020201 | C119: 08120 | D119: CURRENT FOREIGN GRANTS (UNHCR) | F119: 1.3149574e+09 | G119: 500000000 | H119: =E119+G119 -> 500000000
B120: 13020201 | C120: 08120 | D120: CURRENT FOREIGN GRANTS(IOM) | G120: 47057993 | H120: =E120+G120 -> 47057993
B121: 13020101 | C121: 08304 | D121: CURRENT GRANTS FROM FGN | E121: 40000000 | F121: 1378341500 | G121: 460000000 | H121: =E121+G121 -> 500000000
B122: 13020102 | C122: 08304 | D122: CAPITAL GRANTS FROM FGN | G122: 500000000 | H122: =E122+G122 -> 500000000
D123: TOTAL RECURRENT REVENUE | E123: =SUM(E115:E122) -> 3040000000 | F123: =SUM(F115:F122) -> 4.186143e+09 | G123: =SUM(G115:G122) -> 2551636743 | H123: =SUM(H115:H122) -> 5591636743 | J123: 5591636743 | K123: =H123-J123 -> 0
G125: TOTAL REVENUE | H125: =H123 -> 5591636743
B127: 51405200100 | C127: BENUE STATE COMMUNITY AND SOCIAL DEVELOPMENT AGENCY
B128: RECURRENT REVENUE
...

Sheet Budget Framework,2024
B2: BENUE STATE GOVERNMENT
B4: 2024 SUPPLEMENTARY BUDGET FRAMEWORK
B5: S/No. | C5: Source of Revenue | D5: 2024 Revenue Estimates January- December | E5: o/w COVID-responsive* (in 2022 )
B6: 1 | C6: Opening Balance
C7: RECEIPTS:
B8: 2 | C8: Statutory Allocation | D8: ='Revenue Brief,2024'!D6 -> 109012216496
B9: 3 | C9: FAAC Special Allocations | D9: ='Revenue Brief,2024'!D9 -> 46940300000
B10: 4 | C10: Share of VAT | D10: ='Revenue Brief,2024'!D7 -> 5.8835946e+10
B11: 5 | C11: Other Federation Account | D11: ='Revenue Brief,2024'!D8 -> 5.0040884e+10
D12: =SUM(D8:D11) -> 2.6482935e+11
C13: INDEPENDENT REVENUE
B14: 6 | C14: Tax Revenue | D14: ='Revenue Brief,2024'!D20 -> 2.4279005e+10
B15: 7 | C15: Non-Tax Revenue | D15: ='Revenue Brief,2024'!D31 -> 9.8576306e+09
D16: =SUM(D14:D15) -> 34136635162
C18: TOTAL PROJECTED FUNDS: | D18: =SUM(D12,D16) -> 2.9896598e+11
C19: OTHER RECEIPTS/REVENUE
B20: 8 | C20: Domestic Aid | D20: ='Revenue Brief,2024'!D37 -> 600000000
B21: 9 | C21: Domestic Grant | D21: ='Revenue Brief,2024'!D39 -> 33117962380
B22: 10 | C22: Foreign Aid | D22: ='Revenue Brief,2024'!D38 -> 4.1386551e+08
B23: 11 | C23: Foreign Grant | D23: ='Revenue Brief,2024'!D40 -> 8.099589e+09
B24: 12 | C24: Other Capital Receipts | D24: ='Revenue Brief,2024'!D44 -> 827168864
C25: Other Investment Income | D25: ='Revenue Brief,2024'!D33 -> 305000000
D26: =SUM(D20:D25) -> 43363585771
C27: DEFICIT FINANCING:
B28: 13 | C28: Domestic Loans/Bond/Deficit Financing | D28: ='Revenue Brief,2024'!D46+'Revenue Brief,2024'!D45 -> 30691000000
D29: =D28 -> 30691000000
C30: EXPENDITURE:
B31: 14 | C31: Debt Payments Local | D31: 7.1429724e+09
B32: 15 | C32: Debt Payments Foreign | D32: 1.2803143e+09
B33: 16 | C33: Pension | D33: 12383235057
B34: 17 | C34: Gratuity | D34: 2341525372
B35: 18 | C35: Death benefits | D35: 1.1290464e+08
B36: 19 | C36: NHIS Contribution | D36: 1.7382399e+09
B37: 20 | C37: Contributory Pension | D37: 2.1185013e+09
B38: 21 | C38: Group Life Insurance | D38: 1070000000
B39: 22 | C39: Employee Compensation Fund | D39: 1.5767761e+09
B40: 23 | C40: Personnel Costs | D40: 4.6618108e+10
B41: 24 | C41: Overhead Costs | D41: 7.8102341e+10
C42: CAPITAL
B43: 23 | C43: ADMINISTRATION SECTOR: | D43: ='BudgetSect,2024'!H7 -> 7.6977896e+10
B44: 24 | C44: ECONOMIC SECTOR: | D44: ='BudgetSect,2024'!H49 -> 1.1291408e+11
B45: 25 | C45: LAW & JUSTICE SECTOR: | D45: ='BudgetSect,2024'!H75 -> 8568041211
B46: 26 | C46: SOCIAL SECTOR: | D46: ='BudgetSect,2024'!H82 -> 2.0075634e+10
C47: TOTAL EXPENDITURE: | D47: =SUM(D31:D46) -> 3.7302057e+11 | E47: =SUM(E31:E46) -> 0
C49: TOTAL REVENUE: | D49: =SUM(D18,D26,D29) -> 3.7302057e+11
C50: FINANCING GAP | D50: =D47-D49 -> 0

Sheet Detail RecExp. & CapEx
B1: BENUE STATE GOVERNMENT
B2: 2024 SUPPLEMENTARY BUDGET
B4: 011100100100 | C4: GOVERNMENT HOUSE MAKURDI
B5: RECURRENT EXPENDITURE
B6: Economic Code | C6: Functional Code | D6: Programme Code | E6: Funds Code | F6: Geo. Code | G6: Item of Expenditure | H6: 2024 Approved Estimates | I6: ACTUAL EXPENDITURE JAN. - JUNE 2024 | J6: 2024 Approved Supplementary Recurrent Estimates | K6: 2024 Approved Revised Recurrent Estimates
B7: 21010103 | C7: 70111 | D7: 131001 | E7: 2204 | F7: 10721300 | G7: CONSOLIDATED REVENUE FUND CHARGE- SALARIES | H7: 1.152007e+08 | I7: 56897053 | J7: 0 | K7: =SUM(H7,J7) -> 1.152007e+08
B8: 21020101 | C8: 70111 | D8: 131001 | E8: 2101 | F8: 10742400 | G8: NON REGULAR ALLOWANCES | H8: 50000000 | I8: 452200 | J8: 0 | K8: =SUM(H8,J8) -> 50000000
B9: 22020101 | C9: 70111 | D9: 131001 | E9: 2101 | F9: 10742400 | G9: LOCAL TRAVEL & TRANSPORT: TRAINING | H9: 862400 | I9: 500000 | J9: 3137600 | K9: =SUM(H9,J9) -> 4000000
B10: 22020102 | C10: 70111 | D10: 131001 | E10: 2101 | F10: 10742400 | G10: LOCAL TRAVEL & TRANSPORT: OTHERS | H10: 280000000 | I10: 34553900 | J10: 1500000 | K10: =SUM(H10,J10) -> 281500000
B11: 22020201 | C11: 70111 | D11: 131001 | E11: 2101 | F11: 10742400 | G11: ELECTRICITY CHARGES | H11: 26515566 | I11: 18751368 | J11: 60484434 | K11: =SUM(H11,J11) -> 87000000
B12: 22020203 | C12: 70111 | D12: 131001 | E12: 2101 | F12: 10742400 | G12: INTERNET ACCESS CHARGES | H12: 5600000 | I12: 1694200 | J12: 0 | K12: =SUM(H12,J12) -> 5600000
B13: 22020204 | C13: 70111 | D13: 131001 | E13: 2101 | F13: 10742400 | G13: SATELLITE BROADCASTING ACCESS CHARGES | H13: 64000000 | I13: 1595000 | J13: 0 | K13: =SUM(H13,J13) -> 64000000
B14: 22020206 | C14: 70111 | D14: 131001 | E14: 2101 | F14: 10742400 | G14: SEWERAGE CHARGES | H14: 840000 | I14: 0 | J14: 1500000 | K14: =SUM(H14,J14) -> 2340000
B15: 22020301 | C15: 70111 | D15: 131001 | E15: 2101 | F15: 10742400 | G15: OFFICE STATIONERIES / COMPUTER CONSUMABLES | H15: 5600000 | I15: 5442700 | J15: 6580000 | K15: =SUM(H15,J15) -> 12180000
B16: 22020303 | C16: 70111 | D16: 131001 | E16: 2101 | F16: 10742400 | G16: NEWSPAPERS | H16: 2680000 | I16: 179500 | J16: 2000000 | K16: =SUM(H16,J16) -> 4680000
B17: 22020305 | C17: 70111 | D17: 131001 | E17: 2101 | F17: 10742400 | G17: PRINTING OF NON SECURITY DOCUMENTS | H17: 2800000 | I17: 500000 | J17: 3000000 | K17: =SUM(H17,J17) -> 5800000
B18: 22020306 | C18: 70111 | D18: 131001 | E18: 2101 | F18: 10742400 | G18: PRINTING OF SECURITY DOCUMENTS | H18: 1750000 | I18: 1675000 | J18: 0 | K18: =SUM(H18,J18) -> 1750000
... B42: 22040109 | C42: 70111 | D42: 131001 | E42: 2101 | F42: 10742400 | G42: GRANTS TO COMMUNITIES/NGOs | H42: 2457386000 | I42: 638685980 | J42: 8500000 | K42: =SUM(H42,J42) -> 2465886000
G43: TOTAL RECURRENT EXPENDITURE: | H43: =SUM(H7:H42) -> 4.5708356e+09 | I43: =SUM(I7:I42) -> 1.2902662e+09 | J43: =SUM(J7:J42) -> 130952034 | K43: =SUM(K7:K42) -> 4.7017876e+09
J45: Personnel Cost | K45: =K7+K8 -> 1.652007e+08
J46: Overhead Cost | K46: =K43-K45 -> 4536586900
B48: 011100100100 | C48: GOVERNMENT HOUSE MAKURDI
B49: CAPITAL EXPENDITURE
B50: Economic Code | C50: Functional Code | D50: Programme Code | E50: Funds Code | F50: Geo. Code | G50: Item of Expenditure | H50: 2024 Approved Estimates | I50: 2024 ACTUAL EXPENDITURE JAN. - JUNE. | J50: 2024 Approved Supplementary Capital Estimates | K50: 2024 Approved Revised Capital Estimates
B51: 23010112 | C51: 70111 | D51: 13100122000100 | E51: 3101 | F51: 10742400 | G51: PURCHASE OF OFFICE FURNITURE AND FITTINGS: Purchase of 10N0 Executive Chairs & Tables for government house makurdi | H51: 15000000 | J51: 5500000 | K51: =SUM(H51,J51) -> 20500000
B52: 23010113 | C52: 70111 | D52: 11100123000100 | E52: 3101 | F52: 10742400 | G52: PURCHASE OF 5N0 HP Elitebook LAPTOP COMPUTER | H52: 2000000 | I52: 750000 | K52: =SUM(H52,J52) -> 2000000
B53: 23010115 | C53: 70111 | D53: 11100123000200 | E53: 3101 | F53: 10742400 | G53: PURCHASE OF 3N0 HP Laser Jet CP5225 Printer | H53: 5000000 | J53: -5000000 | K53: =SUM(H53,J53) -> 0
B54: 23010115 | C54: 70111 | D54: 11100123000300 | E54: 3101 | F54: 10742400 | G54: PURCHASE OF 2N0 Konica Minolta BizHub C554e PHOTOCOPYING MACHINE | H54: 5000000 | I54: 538000 | J54: 500000 | K54: =SUM(H54,J54) -> 5500000
B55: 23010119 | C55: 70111 | D55: 14100123000100 | E55: 3101 | F55: 10742400 | G55: PURCHASE OF POWER GENERATING SETS: 1No.650KVA Mikano sound proof generator for government house makurdi | H55: 95000000 | J55: 0 | K55: =SUM(H55,J55) -> 95000000
B56: 23010112 | C56: 70111 | D56: 11100123000400 | E56: 3101 | F56: 10742400 | G56: PURCHASE OF OFFICE FURNITURE AND FITTINGS: Purchase of Media & Publicity Equipment for Office of the Press Secretary, Government House. | H56: 512500000 | I56: 103242000 | J56: 10500000 | K56: =SUM(H56,J56) -> 523000000
G57: TOTAL CAPITAL EXPENDITURE: | H57: =SUM(H51:H56) -> 634500000 | I57: =SUM(I51:I56) -> 104530000 | J57: =SUM(J51:J56) -> 11500000 | K57: =SUM(K51:K56) -> 646000000
J59: TOTAL CAPITAL | K59: =K57 -> 646000000
B61: 11100100200 | C61: DEPUTY GOVERNOR'S OFFICE
B62: RECURRENT EXPENDITURE
B63: Economic Code | C63: Functional Code | D63: Programme Code | E63: Funds Code | F63: Geo. Code | G63: Item of Expenditure | H63: 2024 Approved Estimates | I63: 2024 ACTUAL EXPENDITURE JAN. - JUNE 2024 | J63: 2024 Approved Supplementary Recurrent Estimates | K63: 2024 Approved Revised Recurrent Estimates
B64: 21010103 | C64: 70111 | D64: 131001 | E64: 2204 | F64: 10721300 | G64: CONSOLIDATED REVENUE FUND CHARGE- SALARIES | H64: 6446411.7 | I64: 4118716.1 | K64: =SUM(H64,J64) -> 6446411.7
B65: 22020101 | C65: 70111 | D65: 131001 | E65: 2101 | F65: 10742400 | G65: LOCAL TRAVEL & TRANSPORT: TRAINING | H65: 1600000 | I65: 0 | K65: =SUM(H65,J65) -> 1600000
B66: 22020102 | C66: 70111 | D66: 131001 | E66: 2101 | F66: 10742400 | G66: LOCAL TRAVEL & TRANSPORT: OTHERS | H66: 120000000 | I66: 15241000 | K66: =SUM(H66,J66) -> 120000000
B67: 22020201 | C67: 70111 | D67: 131001 | E67: 2101 | F67: 10742400 | G67: ELECTRICITY CHARGES | H67: 8000000 | I67: 0 | K67: =SUM(H67,J67) -> 8000000
B68: 22020202 | C68: 70111 | D68: 131001 | E68: 2101 | F68: 10742400 | G68: TELEPHONE CHARGES | H68: 3000000 | I68: 575000 | K68: =SUM(H68,J68) -> 3000000
B69: 22020203 | C69: 70111 | D69: 131001 | E69: 2101 | F69: 10742400 | G69: INTERNET ACCESS CHARGES | H69: 2000000 | I69: 0 | K69: =SUM(H69,J69) -> 2000000
B70: 22020204 | C70: 70111 | D70: 131001 | E70: 2101 | F70: 10742400 | G70: SATELLITE BROADCASTING ACCESS CHARGES | H70: 1000000 | I70: 0 | K70: =SUM(H70,J70) -> 1000000
B71: 22020205 | C71: 70111 | D71: 131001 | E71: 2101 | F71: 10742400 | G71: WATER RATES | H71: 400000 | I71: 0 | K71: =SUM(H71,J71) -> 400000
B72: 22020206 | C72: 70111 | D72: 131001 | E72: 2101 | F72: 10742400 | G72: SEWERAGE CHARGES | H72: 400000 | I72: 0 | K72: =SUM(H72,J72) -> 400000
B73: 22020207 | C73: 70111 | D73: 131001 | E73: 2101 | F73: 10742400 | G73: LEASED COMMUNICATION LINES(S) | H73: 560000 | I73: 0 | K73: =SUM(H73,J73) -> 560000
B74: 22020301 | C74: 70111 | D74: 131001 | E74: 2101 | F74: 10742400 | G74: OFFICE STATIONERIES / COMPUTER CONSUMABLES | H74: 10000000 | I74: 4618600 | K74: =SUM(H74,J74) -> 10000000
B75: 22020303 | C75: 70111 | D75: 131001 | E75: 2101 | F75: 10742400 | G75: NEWSPAPERS | H75: 640000 | I75: 50000 | K75: =SUM(H75,J75) -> 640000
... B102: 22021009 | C102: 70111 | D102: 131001 | E102: 2101 | F102: 10742400 | G102: SPORTING ACTIVITIES | H102: 1300000000 | I102: 348000000 | K102: =SUM(H102,J102) -> 1300000000
G103: TOTAL RECURRENT EXPENDITURE: | H103: =SUM(H64:H102) -> 1.8419156e+09 | I103: =SUM(I64:I102) -> 4.1130648e+08 | J103: =SUM(J64:J102) -> 0 | K103: =SUM(K64:K102) -> 1.8419156e+09
J105: Personnel Cost | K105: =SUM(K64) -> 6446411.7
J106: Overhead Cost | K106: =K103-K105 -> 1835469200
B108: 011100100200 | C108: DEPUTY GOVERNOR'S OFFICE
B109: CAPITAL EXPENDITURE
B110: Economic Code | C110: Functional Code | D110: Programme Code | E110: Funds Code | F110: Geo. Code | G110: Item of Expenditure | H110: 2024 Approved Estimates | I110: 2024 ACTUAL EXPENDITURE JAN. - JUNE. | J110: 2024 Approved Supplementary Capital Estimates | K110: 2024 Approved Revised Capital Estimates
B111: 23010112 | C111: 70111 | D111: 13100122000200 | E111: 3101 | F111: 10742400 | G111: PURCHASE OF OFFICE FURNITURE AND FITTINGS: Chairs, Tables, Safes/File Cabinets/Cupboards, Ceiling Fans, Stools and Telveision Sets | H111: 34020000 | K111: =SUM(H111,J111) -> 34020000
B112: 23010119 | C112: 70111 | D112: 13100122000300 | E112: 3101 | F112: 10742400 | G112: PURCHASE OF POWER GENERATING SETS: Generator for Deputy Governor's Office, Makurdi | H112: 3500000 | K112: =SUM(H112,J112) -> 3500000
B113: 23020101 | C113: 70111 | D113: 13100122000400 | E113: 3101 | F113: 10742400 | G113: Construction of Perimeter Fence at Deputy Governor's Office Makurdi | H113: 14000000 | K113: =SUM(H113,J113) -> 14000000
G114: TOTAL CAPITAL EXPENDITURE: | H114: =SUM(H111:H113) -> 51520000 | I114: =SUM(I111:I113) -> 0 | J114: =SUM(J111:J113) -> 0 | K114: =SUM(K111:K113) -> 51520000
J116: TOTAL CAPITAL | K116: =K114 -> 51520000
B118: 11113200100 | C118: BUREAU OF INTERNATIONAL COOPERATION AND DEVELOPMENT
B119: RECURRENT EXPENDITURE
B120: Economic Code | C120: Functional Code | D120: Programme Code | E120: Funds Code | F120: Geo. Code | G120: Item of Expenditure | H120: 2024 Approved Estimates | I120: ACTUAL EXPENDITURE JAN. - JUNE 2024 | J120: 2024 Approved Supplementary Recurrent Estimates | K120: 2024 Approved Revised Recurrent Estimates
B121: 22020101 | C121: 70111 | D121: 131001 | E121: 2101 | F121: 10742400 | G121: LOCAL TRAVEL & TRANSPORT: TRAINING | J121: 15000000 | K121: =SUM(H121,J121) -> 15000000
B122: 22020102 | C122: 70111 | D122: 131001 | E122: 2101 | F122: 10742400 | G122: LOCAL TRAVEL & TRANSPORT: OTHERS | J122: 15000000 | K122: =SUM(H122,J122) -> 15000000
B123: 22020103 | C123: 70111 | D123: 131001 | E123: 2101 | F123: 10742400 | G123: INTERNATIONAL TRAVEL & TRANSPORT: TRAINING | J123: 40000000 | K123: =SUM(H123,J123) -> 40000000
B124: 22020104 | C124: 70111 | D124: 131001 | E124: 2101 | F124: 10742400 | G124: INTERNATIONAL TRAVEL & TRANSPORT: OTHERS | J124: 30000000 | K124: =SUM(H124,J124) -> 30000000
B125: 22020201 | C125: 70111 | D125: 131001 | E125: 2101 | F125: 10742400 | G125: ELECTRICITY CHARGES | J125: 3000000 | K125: =SUM(H125,J125) -> 3000000
B126: 22020202 | C126: 70111 | D126: 131001 | E126: 2101 | F126: 10742400 | G126: TELEPHONE CHARGES | J126: 1000000 | K126: =SUM(H126,J126) -> 1000000
B127: 22020203 | C127: 70111 | D127: 131001 | E127: 2101 | F127: 10742400 | G127: INTERNET ACCESS CHARGES | J127: 1200000 | K127: =SUM(H127,J127) -> 1200000
B128: 22020205 | C128: 70111 | D128: 131001 | E128: 2101 | F128: 10742400 | G128: WATER RATES | J128: 300000 | K128: =SUM(H128,J128) -> 300000
B129: 22020208 | C129: 70111 | D129: 131001 | E129: 2101 | F129: 10742400 | G129: SOFTWARE CHARGES/ LICENSE RENEWAL | J129: 10000000 | K129: =SUM(H129,J129) -> 10000000
B130: 22020301 | C130: 70111 | D130: 131001 | E130: 2101 | F130: 10742400 | G130: OFFICE STATIONERIES / COMPUTER CONSUMABLES | J130: 4000000 | K130: =SUM(H130,J130) -> 4000000
B131: 22020303 | C131: 70111 | D131: 131001 | E131: 2101 | F131: 10742400 | G131: NEWSPAPERS | J131: 500000 | K131: =SUM(H131,J131) -> 500000
B132: 22020305 | C132: 70111 | D132: 131001 | E132: 2101 | F132: 10742400 | G132: PRINTING OF NON SECURITY DOCUMENTS | J132: 1500000 | K132: =SUM(H132,J132) -> 1500000
... B145: 22020605 | C145: 70111 | D145: 131001 | E145: 2101 | F145: 10742400 | G145: CLEANING & FUMIGATION SERVICES | J145: 300000 | K145: =SUM(H145,J145) -> 300000
B146: 22020703 | C146: 70111 | D146: 131001 | E146: 2101 | F146: 10742400 | G146: LEGAL SERVICES | J146: 1000000 | K146: 1000000
B147: 22020801 | C147: 70111 | D147: 131001 | E147: 2101 | F147: 10742400 | G147: MOTOR VEHICLE FUEL COST | J147: 3000000 | K147: 3000000
B148: 22020803 | C148: 70111 | D148: 131001 | E148: 2101 | F148: 10742400 | G148: PLANT / GENERATOR FUEL COST | J148: 4000000 | K148: 4000000
B149: 22020901 | C149: 70111 | D149: 131001 | E149: 2101 | F149: 10742400 | G149: BANK CHARGES (OTHER THAN INTEREST) | J149: 600000 | K149: 600000
B150: 22020902 | C150: 70111 | D150: 131001 | E150: 2101 | F150: 10742400 | G150: INSURANCE PREMIUM | J150: 1000000 | K150: 1000000
B151: 22021001 | C151: 70111 | D151: 131001 | E151: 2101 | F151: 10742400 | G151: REFRESHMENT & MEALS | J151: 5000000 | K151: 5000000
B152: 22021003 | C152: 70111 | D152: 131001 | E152: 2101 | F152: 10742400 | G152: PUBLICITY & ADVERTISEMENTS | J152: 800000 | K152: 800000
B153: 22021006 | C153: 70111 | D153: 131001 | E153: 2101 | F153: 10742400 | G153: POSTAGES & COURIER SERVICES | J153: 500000 | K153: 500000
B154: 22021007 | C154: 70111 | D154: 131001 | E154: 2101 | F154: 10742400 | G154: WELFARE PACKAGES | J154: 2000000 | K154: 2000000
B155: 22021008 | C155: 70111 | D155: 131001 | E155: 2101 | F155: 10742400 | G155: SUBSCRIPTION TO PROFESSIONAL BODIES | J155: 1000000 | K155: 1000000
B156: 22021014 | C156: 70111 | D156: 131001 | E156: 2101 | F156: 10742400 | G156: ANNUAL BUDGET EXPENSES & ADMINISTRATION | J156: 500000 | K156: 500000
G157: TOTAL RECURRENT EXPENDITURE: | H157: =SUM(H121:H156) -> 0 | I157: =SUM(I121:I156) -> 0 | J157: =SUM(J121:J156) -> 195400000 | K157: =SUM(K121:K156) -> 195400000
J159: Personnel Cost | K159: 0
J160: Overhead Cost | K160: =K157 -> 195400000
B162: 11113200100 | C162: BUREAU OF INTERNATIONAL COOPERATION AND DEVELOPMENT
B163: CAPITAL EXPENDITURE
B164: Economic Code | C164: Functional Code | D164: Programme Code | E164: Funds Code | F164: Geo. Code | G164: Item of Expenditure | H164: 2024 Approved Estimates | I164: 2024 ACTUAL EXPENDITURE JAN. - JUNE. | J164: 2024 Approved Supplementary Capital Estimates | K164: 2024 Approved Revised Capital Estimates
B165: 23010112 | C165: 70111 | D165: 13100124000100 | E165: 3101 | F165: 10721300 | G165: PURCHASE OF OFFICE FURNITURE AND FITTINGS: Purchase of 10 No Executive Chairs & Tables for Int. Coop Makurdi | J165: 500000 | K165: =SUM(H165,J165) -> 500000
B166: 23010113 | C166: 70111 | D166: 11100124000100 | E166: 3101 | F166: 10721300 | G166: PURCHASE OF COMPUTERS: PURCHASE OF 2NO Hp 250 G8 Intel Celeron 8GB RAM 1TB HDD Windows 10 | K166: =SUM(H166,J166) -> 0
G167: TOTAL CAPITAL EXPENDITURE: | H167: =SUM(H165:H166) -> 0 | I167: =SUM(I165:I166) -> 0 | J167: =SUM(J165:J166) -> 500000 | K167: =SUM(K165:K166) -> 500000
J169: TOTAL CAPITAL | K169: =K167 -> 500000
B171: 011100500100 | C171: DEVELOPMENT COOPERATIONS, SUSTAINABLE DEVELOPMENT GOALS (SDGs)
B172: RECURRENT EXPENDITURE
B173: Economic Code | C173: Functional Code | D173: Programme Code | E173: Funds Code | F173: Geo. Code | G173: Item of Expenditure | H173: 2024 Approved Estimates | I173: ACTUAL EXPENDITURE JAN. - JUNE 2024 | J173: 2024 Approved Supplementary Recurrent Estimates | K173: 2024 Approved Revised Recurrent Estimates
B174: 22020101 | C174: 70132 | D174: 131001 | E174: 2101 | F174: 10742400 | G174: LOCAL TRAVEL & TRANSPORT: TRAINING | H174: 400000
...

Sheet Summary of Suppl.Est.
C1: BENUE STATE GOVERNMENT
C3: Summary of 2024 Supplementary Estimates (Revenue, Recurrent and Capital Expenditure)
A4: S/No | B4: Organizational Code | C4: Public Sector Entities (PSEs) | D4: 2024 Approved Revenue Estimates | E4: 2024 Supplementary Estimates (Recurrent Revenue) | F4: 2024 Revised Revenue Estimates | G4: 2024 Supplementary Estimates (Recurrent Expenditure) | H4: 2024 Supplementary Estimates (Capital Expenditure) | I4: 2024 Approved Supplementary Estimates (Total Recurrent & Capital Expenditure) | J4: MDAs Recurrent Actuals Jan. - June 2024 | K4: MDAs Capital Actuals Jan. - June 2024 | L4: Proposed 2024 REC.EXP & CAP.EXP Supplementary Performance By MDAs | M4: 2024 Approved Estimates | N4: 2024 Revised Estimates
B5: TOTAL: | D5: =SUM(D6:D102) -> 2.257274e+11 | E5: =SUM(E6:E102) -> 1.4759317e+11 | F5: =SUM(F6:F102) -> 3.7332057e+11 | G5: =SUM(G6:G102) -> 4.4300716e+10 | H5: =SUM(H6:H102) -> 1.0756656e+11 | I5: =SUM(I6:I102) -> 1.5186728e+11 | J5: =SUM(J6:J102) -> 4.358138e+10 | K5: =SUM(K6:K102) -> 3.4312485e+10 | L5: =P5 -> 7.7893865e+10 | M5: =SUM(M6:M102) -> 2.2115329e+11 | N5: =SUM(N6:N102) -> 3.7302057e+11 | P5: =J5+K5 -> 7.7893865e+10
A6: 1 | B6: 011100100100 | C6: Government House Administration | F6: =SUM(D6,E6) -> 0 | G6: ='Detail RecExp. & CapEx'!J43 -> 130952034 | H6: ='Detail RecExp. & CapEx'!J57 -> 11500000 | I6: =G6+H6 -> 142452034 | J6: ='Detail RecExp. & CapEx'!I43 -> 1.2902662e+09 | K6: ='Detail RecExp. & CapEx'!I57 -> 104530000 | L6: =J6+K6 -> 1.3947962e+09 | M6: 5.2053356e+09 | N6: =SUM(I6,M6) -> 5.3477876e+09 | Q6: Government House Administration
A7: 2 | B7: 011100100200 | C7: Deputy Governor's Office | F7: =SUM(D7,E7) -> 0 | G7: ='Detail RecExp. & CapEx'!J103 -> 0 | H7: ='Detail RecExp. & CapEx'!J114 -> 0 | I7: =G7+H7 -> 0 | J7: ='Detail RecExp. & CapEx'!I103 -> 4.1130648e+08 | K7: ='Detail RecExp. & CapEx'!I114 -> 0 | L7: =J7+K7 -> 4.1130648e+08 | M7: 1.8934356e+09 | N7: =SUM(I7,M7) -> 1.8934356e+09 | Q7: Deputy Governor's Office
A8: 3 | B8: 011100500100 | C8: Development Cooperations, Sustainable Development Goals (SDGs) | D8: 4544000000 | E8: ='DetailSup-Rec.Rev.,2024'!G12 -> -4544000000 | F8: =SUM(D8,E8) -> 0 | G8: ='Detail RecExp. & CapEx'!J202 -> 0 | H8: ='Detail RecExp. & CapEx'!J221 -> 0 | I8: =G8+H8 -> 0 | J8: ='Detail RecExp. & CapEx'!I202 -> 200718.07 | K8: ='Detail RecExp. & CapEx'!I221 -> 0 | L8: =J8+K8 -> 200718.07 | N8: =SUM(I8,M8) -> 0 | Q8: Development Cooperations, Sustainable Development Goals (SDGs)
A9: 4 | B9: 011100600100 | C9: Benue State Commission for Peace and Reconciliation | F9: =SUM(D9,E9) -> 0 | G9: ='Detail RecExp. & CapEx'!J618 -> 0 | H9: ='Detail RecExp. & CapEx'!J630 -> 0 | I9: =G9+H9 -> 0 | J9: ='Detail RecExp. & CapEx'!I618 -> 0 | K9: ='Detail RecExp. & CapEx'!I630 -> 0 | L9: =J9+K9 -> 0 | M9: 391972400 | N9: =SUM(I9,M9) -> 391972400 | Q9: Benue State Commission for Peace and Reconciliation
A10: 5 | B10: 011100800100 | C10: Benue State Emergency Management Agency (BESEMA) | D10: 3040000000 | E10: ='DetailSup-Rec.Rev.,2024'!G123 -> 2551636743 | F10: =SUM(D10,E10) -> 5591636743 | G10: ='Detail RecExp. & CapEx'!J297 -> 6500000000 | H10: ='Detail RecExp. & CapEx'!J310 -> 1260000000 | I10: =G10+H10 -> 7760000000 | J10: ='Detail RecExp. & CapEx'!I297 -> 4.1872157e+09 | K10: ='Detail RecExp. & CapEx'!I310 -> 0 | L10: =J10+K10 -> 4.1872157e+09 | M10: 3.0474627e+09 | N10: =SUM(I10,M10) -> 1.0807463e+10 | Q10: Benue State Emergency Management Agency (BESEMA)
A11: 6 | B11: 011101000100 | C11: Public Procurement Commission | D11: 97400000 | F11: =SUM(D11,E11) -> 97400000 | G11: ='Detail RecExp. & CapEx'!J351 -> 12000000 | H11: ='Detail RecExp. & CapEx'!J364 -> 0 | I11: =G11+H11 -> 12000000 | J11: ='Detail RecExp. & CapEx'!I351 -> 0 | K11: ='Detail RecExp. & CapEx'!I364 -> 0 | L11: =J11+K11 -> 0 | M11: 24977000 | N11: =SUM(I11,M11) -> 36977000 | Q11: Public Procurement Commission
B12: 011102000100 | C12: Benue State Social Investment Programme | G12: ='Detail RecExp. & CapEx'!J5573 -> 390130000 | H12: ='Detail RecExp. & CapEx'!J5589 -> 1.6935222e+09 | I12: =G12+H12 -> 2.0836522e+09 | L12: =J12+K12 -> 0 | N12: =SUM(I12,M12) -> 2.0836522e+09 | Q12: Benue State Social Investment Programme
A13: 7 | B13: 011102100500 | C13: Bureau of Archives, Research and Documentation | F13: =SUM(D13,E13) -> 0 | G13: ='Detail RecExp. & CapEx'!J400 -> 387000 | H13: ='Detail RecExp. & CapEx'!J409 -> 0 | I13: =G13+H13 -> 387000 | J13: ='Detail RecExp. & CapEx'!I400 -> 12981964 | K13: ='Detail RecExp. & CapEx'!J409 -> 0 | L13: =J13+K13 -> 12981964 | M13: 36766086 | N13: =SUM(I13,M13) -> 37153086 | Q13: Bureau of Archives, Research and Documentation
A14: 8 | B14: 011103300100 | C14: Benue State Aids Control Agency (BENSACA) | D14: 13500000 | F14: =SUM(D14,E14) -> 13500000 | G14: ='Detail RecExp. & CapEx'!J447 -> 0 | I14: =G14+H14 -> 0 | J14: ='Detail RecExp. & CapEx'!I447 -> 1000129 | L14: =J14+K14 -> 1000129 | M14: 18080000 | N14: =SUM(I14,M14) -> 18080000 | Q14: Benue State Aids Control Agency (BENSACA)
A15: 9 | B15: 011103700100 | C15: Muslim Pilgrims Welfare Board (MPWB) | D15: 500000 | F15: =SUM(D15,E15) -> 500000 | G15: ='Detail RecExp. & CapEx'!J474 -> 0 | H15: ='Detail RecExp. & CapEx'!J485 -> 0 | I15: =G15+H15 -> 0 | J15: ='Detail RecExp. & CapEx'!I474 -> 2623553.9 | K15: ='Detail RecExp. & CapEx'!I485 -> 0 | L15: =J15+K15 -> 2623553.9 | M15: 95424601 | N15: =SUM(I15,M15) -> 95424601 | Q15: Muslim Pilgrims Welfare Board (MPWB)
A16: 10 | B16: 011103800100 | C16: Christian Pilgrims Welfare Board (CPWB) | D16: 600000 | F16: =SUM(D16,E16) -> 600000 | G16: ='Detail RecExp. & CapEx'!J513 -> 0 | H16: ='Detail RecExp. & CapEx'!J522 -> 0 | I16: =G16+H16 -> 0 | J16: ='Detail RecExp. & CapEx'!I513 -> 1317998.8 | K16: ='Detail RecExp. & CapEx'!I522 -> 0 | L16: =J16+K16 -> 1317998.8 | M16: 9060900.8 | N16: =SUM(I16,M16) -> 9060900.8 | Q16: Christian Pilgrims Welfare Board (CPWB)
A17: 11 | B17: 011104500100 | C17: Benue State Pension Commission | D17: 10000000 | E17: ='DetailSup-Rec.Rev.,2024'!G80 -> 45000000 | F17: =SUM(D17,E17) -> 55000000 | G17: ='Detail RecExp. & CapEx'!J577 -> 3526700000 | I17: =G17+H17 -> 3526700000 | J17: ='Detail RecExp. & CapEx'!I577 -> 6.6922022e+09 | L17: =J17+K17 -> 6.6922022e+09 | M17: 1.4301135e+10 | N17: =SUM(I17,M17) -> 1.7827835e+10 | Q17: Benue State Pension Commission
A18: 12 | B18: 011110100100 | C18: Bureau of Special Projects & Infrastructure | F18: =SUM(D18,E18) -> 0 | G18: ='Detail RecExp. & CapEx'!J673 -> 77679000 | H18: ='Detail RecExp. & CapEx'!J689 -> 6.359904e+10 | I18: =G18+H18 -> 6.3676719e+10 | L18: =J18+K18 -> 0 | N18: =SUM(I18,M18) -> 6.3676719e+10 | Q18: Bureau of Special Projects & Infrastructure
A19: 13 | B19: 011113200100 | C19: Bureau for International Cooperation & Development | F19: =SUM(D19,E19) -> 0 | G19: ='Detail RecExp. & CapEx'!K160 -> 195400000 | H19: ='Detail RecExp. & CapEx'!K169 -> 500000 | I19: =G19+H19 -> 195900000 | L19: =J19+K19 -> 0 | N19: =SUM(I19,M19) -> 195900000 | Q19: Bureau for International Cooperation & Development
A20: 14 | B20: 011200300100 | C20: Benue State House of Assembly | F20: =SUM(D20,E20) -> 0 | G20: ='Detail RecExp. & CapEx'!J741 -> 2.0609163e+09 | H20: ='Detail RecExp. & CapEx'!J772 -> 756032506 | I20: =G20+H20 -> 2.8169488e+09 | J20: ='Detail RecExp. & CapEx'!I741 -> 1.2465885e+09 | K20: ='Detail RecExp. & CapEx'!I772 -> 0 | L20: =G20+H20 -> 2.8169488e+09 | M20: 5.6661572e+09 | N20: =SUM(I20,M20) -> 8483106038 | Q20: Benue State House of Assembly
A21: 15 | B21: 011200400100 | C21: Benue State House of Assembly Service Commission | F21: =SUM(D21,E21) -> 0 | G21: ='Detail RecExp. & CapEx'!J815 -> 8.5624897e+08 | H21: ='Detail RecExp. & CapEx'!J832 -> 362157000 | I21: =G21+H21 -> 1.218406e+09 | J21: ='Detail RecExp. & CapEx'!I815 -> 89462805 | K21: ='Detail RecExp. & CapEx'!I832 -> 25473000 | L21: =J21+K21 -> 1.149358e+08 | M21: 5.1734697e+08 | N21: =SUM(I21,M21) -> 1735752946 | Q21: Benue State House of Assembly Service Commission
A22: 16 | B22: 012300100100 | C22: Ministry of Information, Culture and Tourism | D22: 38046452 | F22: =SUM(D22,E22) -> 38046452 | G22: ='Detail RecExp. & CapEx'!J870 -> 2.3623703e+08 | H22: ='Detail RecExp. & CapEx'!J885 -> -550000000 | I22: =G22+H22 -> -3.1376297e+08 | J22: ='Detail RecExp. & CapEx'!I870 -> 2.5342175e+08 | K22: ='Detail RecExp. & CapEx'!I885 -> 84656220 | L22: =J22+K22 -> 3.3807797e+08 | M22: 1.03207e+09 | N22: =SUM(I22,M22) -> 7.1830704e+08 | Q22: Ministry of Information, Culture and Tourism
A23: 17 | B23: 012300300100 | C23: Benue State Television Corporation | D23: 10000000 | F23: =SUM(D23,E23) -> 10000000 | G23: ='Detail RecExp. & CapEx'!J938 -> 50665368 | H23: ='Detail RecExp. & CapEx'!J956 -> -3000000 | I23: =G23+H23 -> 47665368 | J23: ='Detail RecExp. & CapEx'!I938 -> 48336223 | K23: ='Detail RecExp. & CapEx'!I956 -> 0 | L23: =J23+K23 -> 48336223 | M23: 1.2898275e+08 | N23: =SUM(I23,M23) -> 1.7664812e+08 | Q23: Benue State Television Corporation
A24: 18 | B24: 012300400100 | C24: Radio Benue Corporation | D24: 15700000 | F24: =SUM(D24,E24) -> 15700000 | G24: ='Detail RecExp. & CapEx'!J996 -> 31670000 | I24: =G24+H24 -> 31670000 | J24: ='Detail RecExp. & CapEx'!I996 -> 1.6012554e+08 | L24: =J24+K24 -> 1.6012554e+08 | M24: 3.2857371e+08 | N24: =SUM(I24,M24) -> 3.6024371e+08 | Q24: Radio Benue Corporation
A25: 19 | B25: 012301300100 | C25: Benue Printing and Publishing Corporation (BPPC) | D25: 5800000 | F25: =SUM(D25,E25) -> 5800000 | G25: ='Detail RecExp. & CapEx'!J1030 -> 2105385 | I25: =G25+H25 -> 2105385 | J25: ='Detail RecExp. & CapEx'!I1030 -> 60658586 | L25: =J25+K25 -> 60658586 | M25: 1.3939781e+08 | N25: =SUM(I25,M25) -> 1.415032e+08 | Q25: Benue Printing and Publishing Corporation (BPPC)
A26: 20 | B26: 012305500100 | C26: Government Printing Department | D26: 800000 | F26: =SUM(D26,E26) -> 800000 | G26: ='Detail RecExp. & CapEx'!J1065 -> 0 | I26: =G26+H26 -> 0 | J26: ='Detail RecExp. & CapEx'!I1065 -> 240883.5 | L26: =J26+K26 -> 240883.5 | M26: 7524248.5 | N26: =SUM(I26,M26) -> 7524248.5 | Q26: Government Printing Department
A27: 21 | B27: 012400100100 | C27: Bureau of Internal Affairs and Special Services (BIASS) | D27: 21700000 | E27: ='DetailSup-Rec.Rev.,2024'!G92 -> 100000 | F27: =SUM(D27,E27) -> 21800000 | G27: ='Detail RecExp. & CapEx'!J1103 -> 2.1493346e+09 | I27: =G27+H27 -> 2.1493346e+09 | J27: ='Detail RecExp. & CapEx'!I1103 -> 1.2578583e+08 | L27: =J27+K27 -> 1.2578583e+08 | M27: 10808400000 | N27: =SUM(I27,M27) -> 1.2957735e+10 | Q27: Bureau of Internal Affairs and Special Services (BIASS)
A28: 22 | B28: 012500100100 | C28: Office of the Head of Service (HOS) | F28: =SUM(D28,E28) -> 0 | G28: ='Detail RecExp. & CapEx'!J1144 -> 0 | I28: =G28+H28 -> 0 | J28: ='Detail RecExp. & CapEx'!I1144 -> 2.3381611e+08 | L28: =J28+K28 -> 2.3381611e+08 | M28: 6.2115056e+08 | N28: =SUM(I28,M28) -> 6.2115056e+08 | Q28: Office of the Head of Service (HOS)
A29: 23 | B29: 012500100200 | C29: Bureau of Establishment and Management Services | F29: =SUM(D29,E29) -> 0 | G29: ='Detail RecExp. & CapEx'!J1176 -> 59400000 | I29: =G29+H29 -> 59400000 | J29: ='Detail RecExp. & CapEx'!I1176 -> 1.8359844e+08 | L29: =J29+K29 -> 1.8359844e+08 | M29: 3.2612951e+08 | N29: =SUM(I29,M29) -> 3.8552951e+08 | Q29: Bureau of Establishment and Management Services
A30: 24 | B30: 012500100500 | C30: Bureau of Service Welfare | D30: 40909841 | F30: =SUM(D30,E30) -> 40909841 | G30: ='Detail RecExp. & CapEx'!J1212 -> 0 | H30: ='Detail RecExp. & CapEx'!J1225 -> -893000000 | I30: =G30+H30 -> -893000000 | J30: ='Detail RecExp. & CapEx'!I1212 -> 20295000 | K30: ='Detail RecExp. & CapEx'!I1225 -> 0 | L30: =J30+K30 -> 20295000 | M30: 1177668000 | N30: =SUM(I30,M30) -> 284668000 | Q30: Bureau of Service Welfare
A31: 25 | B31: 012500500100 | C31: Bureau of Manpower Development and Training | D31: 5500000 | F31: =SUM(D31,E31) -> 5500000 | G31: ='Detail RecExp. & CapEx'!J1252 -> 0 | I31: =G31+H31 -> 0 | J31: ='Detail RecExp. & CapEx'!I1252 -> 6407952.7 | L31: =J31+K31 -> 6407952.7 | M31: 22902200 | N31: =SUM(I31,M31) -> 22902200 | Q31: Bureau of Manpower Development and Training
B32: 012500600100 | C32: Benue Public service institute | G32: ='Detail RecExp. & CapEx'!K5629 -> 33600000 | H32: ='Detail RecExp. & CapEx'!K5644 -> 90000000 | I32: =G32+H32 -> 123600000 | N32: =SUM(I32,M32) -> 123600000 | Q32: Benue Public service institute
A33: 26 | B33: 014000100100 | C33: Office of the Auditor-General of the State | D33: 450000 | F33: =SUM(D33,E33) -> 450000 | G33: ='Detail RecExp. & CapEx'!J1293 -> 0 | H33: ='Detail RecExp. & CapEx'!J1302 -> -300000000 | I33: =G33+H33 -> -300000000 | J33: ='Detail RecExp. & CapEx'!I1293 -> 67950624 | K33: ='Detail RecExp. & CapEx'!I1302 -> 0 | L33: =J33+K33 -> 67950624 | M33: 6.5607836e+08 | N33: =SUM(I33,M33) -> 3.5607836e+08 | Q33: Office of the Auditor-General of the State
A34: 27 | B34: 014000200100 | C34: Local Government Audit Department | D34: 440000 | F34: =SUM(D34,E34) -> 440000 | G34: ='Detail RecExp. & CapEx'!J1323 -> 0 | I34: =G34+H34 -> 0 | J34: ='Detail RecExp. & CapEx'!I1323 -> 29413914 | L34: =J34+K34 -> 29413914 | M34: 75602495 | N34: =SUM(I34,M34) -> 75602495 | Q34: Local Government Audit Department
A35: 28 | B35: 014700100100 | C35: Benue State Civil Service Commission | F35: =SUM(D35,E35) -> 0 | G35: ='Detail RecExp. & CapEx'!J1359 -> 0 | H35: ='Detail RecExp. & CapEx'!J1368 -> 0 | I35: =G35+H35 -> 0 | J35: ='Detail RecExp. & CapEx'!I1359 -> 9133759.1 | K35: ='Detail RecExp. & CapEx'!I1368 -> 0 | L35: =J35+K35 -> 9133759.1 | M35: 96440830 | N35: =SUM(I35,M35) -> 96440830 | Q35: Benue State Civil Service Commission
A36: 29 | B36: 014800100100 | C36: Benue State Independent Electoral Commission (BSIEC) | D36: 158700000 | E36: ='DetailSup-Rec.Rev.,2024'!G236 -> 6644778900 | F36: =SUM(D36,E36) -> 6803478900 | G36: ='Detail RecExp. & CapEx'!J1414 -> 3451425240 | H36: ='Detail RecExp. & CapEx'!J1430 -> 3340300000 | I36: =G36+H36 -> 6791725240 | J36: ='Detail RecExp. & CapEx'!I1414 -> 1.1190737e+08 | K36: ='Detail RecExp. & CapEx'!I1430 -> 0 | L36: =J36+K36 -> 1.1190737e+08 | M36: 2.1991767e+09 | N36: =SUM(I36,M36) -> 8.9909019e+09 | Q36: Benue State Independent Electoral Commission (BSIEC)
A37: 30 | B37: 014900100100 | C37: Local Government Service Commission | D37: 120000000 | F37: =SUM(D37,E37) -> 120000000 | G37: ='Detail RecExp. & CapEx'!J1451 -> 0 | H37: ='Detail RecExp. & CapEx'!J1460 -> 0 | I37: =G37+H37 -> 0 | J37: ='Detail RecExp. & CapEx'!I1451 -> 92366261 | K37: ='Detail RecExp. & CapEx'!I1460 -> 0 | L37: =J37+K37 -> 92366261 | M37: 1.775201e+08 | N37: =SUM(I37,M37) -> 1.775201e+08 | Q37: Local Government Service Commission
A38: 31 | B38: 015600100100 | C38: Ministry of Communications and Digital Economy | E38: ='DetailSup-Rec.Rev.,2024'!G140 -> 250000000 | F38: =SUM(D38,E38) -> 250000000 | G38: ='Detail RecExp. & CapEx'!J1514 -> 825056900 | H38: ='Detail RecExp. & CapEx'!J1533 -> -14935000 | I38: =G38+H38 -> 810121900 | J38: ='Detail RecExp. & CapEx'!I1514 -> 353416000 | K38: ='Detail RecExp. & CapEx'!I1533 -> 0 | L38: =J38+K38 -> 353416000 | M38: 1065996387 | N38: =SUM(I38,M38) -> 1876118287 | Q38: Ministry of Communications and Digital Economy
A39: 32 | B39: 016100100100 | C39: Office of the Secretary to State Government (SSG) | F39: =SUM(D39,E39) -> 0 | G39: ='Detail RecExp. & CapEx'!J1569 -> 956800000 | H39: ='Detail RecExp. & CapEx'!J1589 -> 449400000 | I39: =G39+H39 -> 1406200000 | J39: ='Detail RecExp. & CapEx'!I1569 -> 1.1605787e+09 | K39: ='Detail RecExp. & CapEx'!I1589 -> 0 | L39: =J39+K39 -> 1.1605787e+09 | M39: 4.2044597e+09 | N39: =SUM(I39,M39) -> 5.6106597e+09 | Q39: Office of the Secretary to State Government (SSG)
A40: 33 | B40: 016100200100 | C40: Bureau of Political - SSG | F40: =SUM(D40,E40) -> 0 | G40: ='Detail RecExp. & CapEx'!J1611 -> 2800000 | I40: =G40+H40 -> 2800000 | J40: ='Detail RecExp. & CapEx'!I1611 -> 0 | L40: =J40+K40 -> 0 | M40: 9982000 | N40: =SUM(I40,M40) -> 12782000 | Q40: Bureau of Political - SSG
A41: 34 | B41: 016100300100 | C41: Bureau of Research and Policy Analysis (REPA) - SSG | F41: =SUM(D41,E41) -> 0 | G41: ='Detail RecExp. & CapEx'!J1626 -> 14000000 | H41: ='Detail RecExp. & CapEx'!J1635 -> 3500000 | I41: =G41+H41 -> 17500000 | J41: ='Detail RecExp. & CapEx'!I1626 -> 0 | K41: ='Detail RecExp. & CapEx'!I1635 -> 0 | L41: =J41+K41 -> 0 | M41: 3150000 | N41: =SUM(I41,M41) -> 20650000 | Q41: Bureau of Research and Policy Analysis (REPA) - SSG
A42: 35 | B42: 016100400100 | C42: Office of the Secretary to State Government - (EXCO) | F42: =SUM(D42,E42) -> 0 | G42: ='Detail RecExp. & CapEx'!J1652 -> 0 | I42: =G42+H42 -> 0 | J42: ='Detail RecExp. & CapEx'!I1652 -> 0 | L42: =J42+K42 -> 0 | M42: 22797600 | N42: =SUM(I42,M42) -> 22797600 | Q42: Office of the Secretary to State Government - (EXCO)
A43: 36 | B43: 016100500100 | C43: Liaison Office Lagos | D43: 900000 | F43: =SUM(D43,E43) -> 900000 | G43: ='Detail RecExp. & CapEx'!J1687 -> 0 | I43: =G43+H43 -> 0 | J43: ='Detail RecExp. & CapEx'!I1687 -> 0 | L43: =J43+K43 -> 0 | M43: 21240000 | N43: =SUM(I43,M43) -> 21240000 | Q43: Liaison Office Lagos
A44: 37 | B44: 016100600100 | C44: Liaison Office Kaduna | D44: 450000 | F44: =SUM(D44,E44) -> 450000 | G44: ='Detail RecExp. & CapEx'!J1719 -> 0 | H44: ='Detail RecExp. & CapEx'!J1730 -> 0 | I44: =G44+H44 -> 0 | J44: ='Detail RecExp. & CapEx'!I1719 -> 0 | K44: ='Detail RecExp. & CapEx'!I1730 -> 0 | L44: =J44+K44 -> 0 | M44: 21160000 | N44: =SUM(I44,M44) -> 21160000 | Q44: Liaison Office Kaduna
A45: 38 | B45: 016100700100 | C45: Liaison Office Abuja/Lodge | D45: 600000 | F45: =SUM(D45,E45) -> 600000 | G45: ='Detail RecExp. & CapEx'!J1759 -> 0 | I45: =G45+H45 -> 0 | J45: ='Detail RecExp. & CapEx'!I1759 -> 3682315 | L45: =J45+K45 -> 3682315 | M45: 56640000 | N45: =SUM(I45,M45) -> 56640000 | Q45: Liaison Office Abuja/Lodge
A46: 39 | B46: 021500100100 | C46: Ministry of Agriculture & Food Security | G46: ='Detail RecExp. & CapEx'!J1808 -> 0 | H46: ='Detail RecExp. & CapEx'!J1864 -> -7.2894768e+08 | I46: =G46+H46 -> -7.2894768e+08 | J46: ='Detail RecExp. & CapEx'!I1808 -> 2.7724303e+08 | K46: ='Detail RecExp. & CapEx'!I1864 -> 83593887 | L46: =J46+K46 -> 3.6083691e+08 | M46: 4.2127117e+09 | N46: =SUM(I46,M46) -> 3.483764e+09 | Q46: Ministry of Agriculture & Food Security
A47: 40 | B47: 021502100100 | C47: Akperan Orshi Polytechnic, Yandev. | D47: 2366361880 | F47: =SUM(D47,E47) -> 2366361880 | G47: ='Detail RecExp. & CapEx'!J1924 -> 37128253 | H47: ='Detail RecExp. & CapEx'!J1980 -> -53566931 | I47: =G47+H47 -> -16438678 | J47: ='Detail RecExp. & CapEx'!I1924 -> 6.0446389e+08 | K47: ='Detail RecExp. & CapEx'!I1980 -> 387000 | L47: =J47+K47 -> 6.0485089e+08 | M47: 2.8164895e+09 | N47: =SUM(I47,M47) -> 2.8000508e+09 | Q47: Akperan Orshi Polytechnic, Yandev.
A48: 41 | B48: 021510200100 | C48: Bureau of Agricultural Development & Mechanization | D48: 800000000 | F48: =SUM(D48,E48) -> 800000000 | G48: ='Detail RecExp. & CapEx'!J2003 -> 7.4398097e+08 | H48: ='Detail RecExp. & CapEx'!J2076 -> 1.3852805e+10 | I48: =G48+H48 -> 1.4596786e+10 | J48: ='Detail RecExp. & CapEx'!I2003 -> 38469000 | K48: ='Detail RecExp. & CapEx'!I2076 -> 0 | L48: =J48+K48 -> 38469000 | M48: 1.473619e+09 | N48: =SUM(I48,M48) -> 1.6070405e+10 | Q48: Bureau of Agricultural Development & Mechanization/Benue State Agriculture and Rural Development Authority (BNARDA)
A49: 42 | B49: 022000100100 | C49: Ministry of Finance | F49: =SUM(D49,E49) -> 0 | G49: ='Detail RecExp. & CapEx'!J2131 -> 7032375052 | H49: ='Detail RecExp. & CapEx'!J2153 -> 15000000000 | I49: =G49+H49 -> 22032375052 | J49: ='Detail RecExp. & CapEx'!I2131 -> 2.3809976e+09 | K49: ='Detail RecExp. & CapEx'!I2153 -> 0 | L49: =J49+K49 -> 2.3809976e+09 | M49: 9.9995272e+09 | N49: =SUM(I49,M49) -> 3.2031902e+10 | Q49: Ministry of Finance
A50: 43 | B50: 022000700100 | C50: Office of the Accountant-General | D50: 1.4750951e+11 | E50: ='DetailSup-Rec.Rev.,2024'!G182 -> 1.2692216e+11 | F50: =SUM(D50,E50) -> 2.7443167e+11 | G50: ='Detail RecExp. & CapEx'!J2192 -> 0 | H50: ='Detail RecExp. & CapEx'!J2204 -> 0 | I50: =G50+H50 -> 0 | J50: ='Detail RecExp. & CapEx'!I2192 -> 1.7672582e+08 | K50: ='Detail RecExp. & CapEx'!I2204 -> 0 | L50: =J50+K50 -> 1.7672582e+08 | M50: 6.6042946e+08 | N50: =SUM(I50,M50) -> 6.6042946e+08 | Q50: Office of the Accountant-General
A51: 44 | B51: 022000700500 | C51: Debt Management Office | D51: 20000000000 | F51: =SUM(D51,E51) -> 20000000000 | G51: ='Detail RecExp. & CapEx'!J2239 -> 1.7319101e+09 | H51: ='Detail RecExp. & CapEx'!J2248 -> 0 | I51: =G51+H51 -> 1.7319101e+09 | J51: ='Detail RecExp. & CapEx'!I2239 -> 4.0897387e+09 | K51: ='Detail RecExp. & CapEx'!I2248 -> 1.7812368e+09 | L51: =J51+K51 -> 5.8709755e+09 | M51: 1.5394428e+10 | N51: =SUM(I51,M51) -> 1.7126338e+10 | Q51: Debt Management Office
A52: 45 | B52: 022000800100 | C52: Benue State Internal Revenue Service (BIRS) | D52: 1.5073276e+10 | E52: ='DetailSup-Rec.Rev.,2024'!G204 -> 9.2866379e+09 | F52: =SUM(D52,E52) -> 2.4359914e+10 | G52: ='Detail RecExp. & CapEx'!J2302 -> 442000000 | H52: ='Detail RecExp. & CapEx'!J2323 -> -140500000 | I52: =G52+H52 -> 301500000 | J52: ='Detail RecExp. & CapEx'!I2302 -> 9.7436183e+08 | K52: ='Detail RecExp. & CapEx'!I2323 -> 6017200 | L52: =J52+K52 -> 9.8037903e+08 | M52: 2.1319944e+09 | N52: =SUM(I52,M52) -> 2.4334944e+09 | Q52: Benue State Internal Revenue Service (BIRS)
A53: 46 | B53: 022200100100 | C53: Ministry of Industry, Trade & Investment | D53: 5.2154288e+09 | E53: ='DetailSup-Rec.Rev.,2024'!G26 -> -1.492914e+09 | F53: =SUM(D53,E53) -> 3.7225148e+09 | G53: ='Detail RecExp. & CapEx'!J2382 -> 35900000 | H53: ='Detail RecExp. & CapEx'!J2410 -> 97080000 | I53: =G53+H53 -> 132980000 | J53: ='Detail RecExp. & CapEx'!I2382 -> 51955557 | K53: ='Detail RecExp. & CapEx'!I2410 -> 2.0125067e+08 | L53: =J53+K53 -> 2.5320623e+08 | M53: 4.1542111e+09 | N53: =SUM(I53,M53) -> 4.2871911e+09 | Q53: Ministry of Industry, Trade & Investment
A54: 47 | B54: 022700600100 | C54: Benue State Bureau of Entrepreneurship & Wealth Creation | G54: ='Detail RecExp. & CapEx'!J262 -> 847423525 | H54: ='Detail RecExp. & CapEx'!J276 -> 108386000 | I54: =G54+H54 -> 955809525 | L54: =J54+K54 -> 0 | N54: =SUM(I54,M54) -> 955809525 | Q54: Benue State Bureau of Entrepreneurship & Wealth Creation
A55: 48 | B55: 022800100100 | C55: Ministry of Science, Technology & Innovation | D55: 203378697 | F55: =SUM(D55,E55) -> 203378697 | G55: ='Detail RecExp. & CapEx'!J2457 -> 0 | H55: ='Detail RecExp. & CapEx'!J2504 -> -3500000000 | I55: =G55+H55 -> -3500000000 | J55: ='Detail RecExp. & CapEx'!I2457 -> 39159323 | K55: ='Detail RecExp. & CapEx'!I2504 -> 2.9355172e+08 | L55: =J55+K55 -> 3.3271105e+08 | M55: 5.4569106e+09 | N55: =SUM(I55,M55) -> 1.9569106e+09 | Q55: Ministry of Science, Technology & Innovation
A56: 49 | B56: 022800100300 | C56: Business and Engineering Skills Training (BEST) Centre | D56: 2914000 | F56: =SUM(D56,E56) -> 2914000 | G56: ='Detail RecExp. & CapEx'!J2536 -> 0 | I56: =G56+H56 -> 0 | J56: ='Detail RecExp. & CapEx'!I2536 -> 0 | L56: =J56+K56 -> 0 | M56: 2798053 | N56: =SUM(I56,M56) -> 2798053 | Q56: Business and Engineering Skills Training (BEST) Centre
A57: 50 | B57: 023100100100 | C57: Ministry of Power, Renewable Energy and Transport | F57: =SUM(D57,E57) -> 0 | G57: ='Detail RecExp. & CapEx'!J2593 -> 0 | H57: ='Detail RecExp. & CapEx'!J2625 -> 8.9908979e+09 | I57: =G57+H57 -> 8.9908979e+09 | J57: ='Detail RecExp. & CapEx'!I2593 -> 0 | K57: ='Detail RecExp. & CapEx'!I2625 -> 3.9878376e+09 | L57: =J57+K57 -> 3.9878376e+09 | M57: 2124670250 | N57: =SUM(I57,M57) -> 1.1115568e+10 | Q57: Ministry of Power, Renewable Energy and Transport
A58: 51 | B58: 023400100100 | C58: Ministry of Works, Housing and Urban Development | F58: =SUM(D58,E58) -> 0 | G58: ='Detail RecExp. & CapEx'!J2679 -> 64830323 | H58: ='Detail RecExp. & CapEx'!J2702 -> 7532600000 | I58: =G58+H58 -> 7.5974303e+09 | J58: ='Detail RecExp. & CapEx'!I2679 -> 80835726 | K58: ='Detail RecExp. & CapEx'!I2702 -> 2.4087373e+10 | L58: =J58+K58 -> 2.4168209e+10 | M58: 2.6509878e+10 | N58: =SUM(I58,M58) -> 3.4107308e+10 | Q58: Ministry of Works, Housing and Urban Development
A59: 52 | B59: 023600400100 | C59: Benue State Council For Arts and Culture | D59: 5000000 | F59: =SUM(D59,E59) -> 5000000 | G59: ='Detail RecExp. & CapEx'!J2739 -> 40245850 | I59: =G59+H59 -> 40245850 | J59: ='Detail RecExp. & CapEx'!I2739 -> 64123810 | L59: =J59+K59 -> 64123810 | M59: 1.4320875e+08 | N59: =SUM(I59,M59) -> 1.834546e+08 | Q59: Benue State Council For Arts and Culture
A60: 54 | B60: 023800100100 | C60: Benue State Budget and Economic Planning Commission | D60: 8.1828923e+08 | E60: ='DetailSup-Rec.Rev.,2024'!G219 -> 4900000000 | F60: =SUM(D60,E60) -> 5.7182892e+09 | G60: ='Detail RecExp. & CapEx'!J2783 -> 216000000 | H60: ='Detail RecExp. & CapEx'!J2808 -> 6.0718084e+09 | I60: =G60+H60 -> 6.2878084e+09 | J60: ='Detail RecExp. & CapEx'!I2783 -> 35068113 | K60: ='Detail RecExp. & CapEx'!I2808 -> 1.8817576e+09 | L60: =J60+K60 -> 1.9168257e+09 | M60: 3.7645976e+09 | N60: =SUM(I60,M60) -> 1.0052406e+10 | Q60: Benue State Budget and Economic Planning Commission
A61: 55 | B61: 023800400100 | C61: Benue State Bureau of Statistics | F61: =SUM(D61,E61) -> 0 | G61: ='Detail RecExp. & CapEx'!J2848 -> 0 | H61: ='Detail RecExp. & CapEx'!J2858 -> -880000 | I61: =G61+H61 -> -880000 | J61: ='Detail RecExp. & CapEx'!I2848 -> 0 | K61: ='Detail RecExp. & CapEx'!I2858 -> 0 | L61: =J61+K61 -> 0 | M61: 72190000 | N61: =SUM(I61,M61) -> 71310000 | Q61: Benue State Bureau of Statistics
A62: 56 | B62: 025000100100 | C62: Fiscal Responsibility Commission | F62: =SUM(D62,E62) -> 0 | G62: ='Detail RecExp. & CapEx'!J2905 -> 0 | H62: ='Detail RecExp. & CapEx'!J2915 -> 0 | I62: =G62+H62 -> 0 | J62: ='Detail RecExp. & CapEx'!I2905 -> 0 | K62: ='Detail RecExp. & CapEx'!I2915 -> 0 | L62: =J62+K62 -> 0 | M62: 96791340 | N62: =SUM(I62,M62) -> 96791340 | Q62: Fiscal Responsibility Commission
A63: 57 | B63: 025200100100 | C63: Ministry of Water Resources, Environment and Climate Change | D63: 120372000 | E63: ='DetailSup-Rec.Rev.,2024'!G44 -> 2400000 | F63: =SUM(D63,E63) -> 122772000 | G63: ='Detail RecExp. & CapEx'!J2959 -> 0 | H63: ='Detail RecExp. & CapEx'!J2983 -> -7.3799258e+08 | I63: =G63+H63 -> -7.3799258e+08 | J63: ='Detail RecExp. & CapEx'!I2959 -> 86703900 | K63: ='Detail RecExp. & CapEx'!I2983 -> 110480000 | L63: =J63+K63 -> 1.971839e+08 | M63: 3.3772055e+09 | N63: =SUM(I63,M63) -> 2.639213e+09 | Q63: Ministry of Water Resources, Environment and Climate Change
A64: 58 | B64: 025210200100 | C64: Benue State Water Board | D64: 62000000 | F64: =SUM(D64,E64) -> 62000000 | G64: ='Detail RecExp. & CapEx'!J3020 -> 0 | I64: =G64+H64 -> 0 | J64: ='Detail RecExp. & CapEx'!I3020 -> 46264273 | L64: =J64+K64 -> 46264273 | M64: 158663407 | N64: =SUM(I64,M64) -> 158663407 | Q64: Benue State Water Board
A65: 59 | B65: 025210300100 | C65: Benue State Rural Water Supply and Sanitation Agency (BERWASSA) | D65: 1.6670274e+09 | F65: =SUM(D65,E65) -> 1.6670274e+09 | G65: ='Detail RecExp. & CapEx'!J3057 -> 0 | H65: ='Detail RecExp. & CapEx'!J3072 -> -600000000 | I65: =G65+H65 -> -600000000 | J65: ='Detail RecExp. & CapEx'!I3057 -> 20816478 | K65: ='Detail RecExp. & CapEx'!I3072 -> 6035875 | L65: =J65+K65 -> 26852353 | M65: 1.7204669e+09 | N65: =SUM(I65,M65) -> 1.1204669e+09 | Q65: Benue State Rural Water Supply and Sanitation Agency (BERWASSA)
A66: 60 | B66: 025210400100 | C66: Benue State Environmental Sanitation Authority | D66: 20000000 | F66: =SUM(D66,E66) -> 20000000 | G66: ='Detail RecExp. & CapEx'!J3107 -> 100000000 | H66: ='Detail RecExp. & CapEx'!J3117 -> -53500000 | I66: =G66+H66 -> 46500000 | J66: ='Detail RecExp. & CapEx'!I3107 -> 49665954 | K66: ='Detail RecExp. & CapEx'!I3117 -> 0 | L66: =J66+K66 -> 49665954 | M66: 1.8349989e+08 | N66: =SUM(I66,M66) -> 2.2999989e+08 | Q66: Benue State Environmental Sanitation Authority
A67: 61 | B67: 025400100100 | C67: Ministry of Cooperatives and Rural Development | D67: 748180 | E67: ='DetailSup-Rec.Rev.,2024'!G167 -> 200000000 | F67: =SUM(D67,E67) -> 200748180 | G67: ='Detail RecExp. & CapEx'!J3148 -> 0 | H67: ='Detail RecExp. & CapEx'!J3172 -> -7.7983889e+09 | I67: =G67+H67 -> -7.7983889e+09 | J67: ='Detail RecExp. & CapEx'!I3148 -> 70086204 | K67: ='Detail RecExp. & CapEx'!I3172 -> 0 | L67: =J67+K67 -> 70086204 | M67: 10775159027 | N67: =SUM(I67,M67) -> 2.9767701e+09 | Q67: Ministry of Cooperatives and Rural Development
A68: 62 | B68: 025400200100 | C68: Benue State Urban Development Board | D68: 84000000 | F68: =SUM(D68,E68) -> 84000000 | G68: ='Detail RecExp. & CapEx'!J3210 -> 4249999 | H68: ='Detail RecExp. & CapEx'!J3224 -> -65000000 | I68: =G68+H68 -> -60750001 | J68: ='Detail RecExp. & CapEx'!I3210 -> 17489019 | K68: ='Detail RecExp. & CapEx'!I3224 -> 0 | L68: =J68+K68 -> 17489019 | M68: 1.4887425e+08 | N68: =SUM(I68,M68) -> 88124252 | Q68: Benue State Urban Development Board
A69: 63 | B69: 026000100100 | C69: Ministry of Lands, Survey and Solid Minerals | D69: 117086650 | F69: =SUM(D69,E69) -> 117086650 | G69: ='Detail RecExp. & CapEx'!J3250 -> 0 | H69: ='Detail RecExp. & CapEx'!J3266 -> -1000000000 | I69: =G69+H69 -> -1000000000 | J69: ='Detail RecExp. & CapEx'!I3250 -> 58806931 | K69: ='Detail RecExp. & CapEx'!I3266 -> 0 | L69: =J69+K69 -> 58806931 | M69: 1.6721776e+09 | N69: =SUM(I69,M69) -> 6.7217759e+08 | Q69: Ministry of Lands, Survey and Solid Minerals
A70: 64 | B70: 031801100100 | C70: Benue State Judicial Service Commission | F70: =SUM(D70,E70) -> 0 | G70: ='Detail RecExp. & CapEx'!J3301 -> 1.659483e+08 | H70: ='Detail RecExp. & CapEx'!J3315 -> 157720000 | I70: =G70+H70 -> 3.236683e+08 | J70: ='Detail RecExp. & CapEx'!I3301 -> 35329370 | K70: ='Detail RecExp. & CapEx'!I3315 -> 560000 | L70: =J70+K70 -> 35889370 | M70: 2.776728e+08 | N70: =SUM(I70,M70) -> 6.013411e+08 | Q70: Benue State Judicial Service Commission
A71: 65 | B71: 031805100100 | C71: High Court of Justice | D71: 135000000 | F71: =SUM(D71,E71) -> 135000000 | G71: ='Detail RecExp. & CapEx'!J3383 -> 1.5036379e+09 | H71: ='Detail RecExp. & CapEx'!J3400 -> 700000000 | I71: =G71+H71 -> 2.2036379e+09 | J71: ='Detail RecExp. & CapEx'!I3383 -> 9.9416806e+08 | K71: ='Detail RecExp. & CapEx'!I3400 -> 440760577 | L71: =J71+K71 -> 1.4349286e+09 | M71: 7.7161166e+09 | N71: =SUM(I71,M71) -> 9.9197545e+09 | Q71: High Court of Justice
A72: 66 | B72: 031805200100 | C72: Customary Court of Appeal | D72: 8065999 | F72: =SUM(D72,E72) -> 8065999 | G72: ='Detail RecExp. & CapEx'!J3452 -> 1.0450899e+09 | H72: ='Detail RecExp. & CapEx'!J3474 -> 2.0384329e+09 | I72: =G72+H72 -> 3.0835228e+09 | J72: ='Detail RecExp. & CapEx'!I3452 -> 1.049725e+08 | K72: ='Detail RecExp. & CapEx'!I3474 -> 37846300 | L72: =J72+K72 -> 1.428188e+08 | M72: 6.0386458e+08 | N72: =SUM(I72,M72) -> 3687387411 | Q72: Customary Court of Appeal
A73: 67 | B73: 032600100100 | C73: Ministry of Justice and Public Order | D73: 7100000 | F73: =SUM(D73,E73) -> 7100000 | G73: ='Detail RecExp. & CapEx'!J3512 -> 2048067300 | H73: ='Detail RecExp. & CapEx'!J3521 -> -35000000 | I73: =G73+H73 -> 2013067300 | J73: ='Detail RecExp. & CapEx'!I3512 -> 1.9171837e+09 | K73: ='Detail RecExp. & CapEx'!I3521 -> 21273017 | L73: =J73+K73 -> 1.9384567e+09 | M73: 2.3272136e+09 | N73: =SUM(I73,M73) -> 4.3402809e+09 | Q73: Ministry of Justice and Public Order
A74: 68 | B74: 032600700100 | C74: Citizens Mediation Centre, Makurdi | F74: =SUM(D74,E74) -> 0 | G74: ='Detail RecExp. & CapEx'!J3545 -> 0 | I74: =G74+H74 -> 0 | J74: ='Detail RecExp. & CapEx'!I3545 -> 0 | L74: =J74+K74 -> 0 | M74: 5050000 | N74: =SUM(I74,M74) -> 5050000 | Q74: Citizens Mediation Centre, Makurdi
A75: 69 | B75: 051400100100 | C75: Ministry of Women Affairs and Social Development | D75: 12000000 | F75: =SUM(D75,E75) -> 12000000 | G75: ='Detail RecExp. & CapEx'!J3589 -> 0 | H75: ='Detail RecExp. & CapEx'!J3608 -> 0 | I75: =G75+H75 -> 0 | J75: ='Detail RecExp. & CapEx'!I3589 -> 53500215 | K75: ='Detail RecExp. & CapEx'!I3608 -> 0 | L75: =J75+K75 -> 53500215 | M75: 1.1045696e+09 | N75: =SUM(I75,M75) -> 1.1045696e+09 | Q75: Ministry of Women Affairs and Social Development
A76: 70 | B76: 051405100100 | C76: Benue State Rehabilitation Board, Apir | F76: =SUM(D76,E76) -> 0 | G76: ='Detail RecExp. & CapEx'!J3648 -> 5843180 | I76: =G76+H76 -> 5843180 | J76: ='Detail RecExp. & CapEx'!I3648 -> 31306054 | L76: =J76+K76 -> 31306054 | M76: 35476682 | N76: =SUM(I76,M76) -> 41319862 | Q76: Benue State Rehabilitation Board, Apir
A77: 71 | B77: 051405200100 | C77: Benue State Community and Social Development Agency | D77: 1047199000 | E77: ='DetailSup-Rec.Rev.,2024'!G131 -> 484660075 | F77: =SUM(D77,E77) -> 1531859075 | G77: ='Detail RecExp. & CapEx'!J3701 -> 1.211762e+09 | H77: ='Detail RecExp. & CapEx'!J3715 -> 571000000 | I77: =G77+H77 -> 1.782762e+09 | J77: ='Detail RecExp. & CapEx'!I3701 -> 1.5571473e+08 | K77: ='Detail RecExp. & CapEx'!I3715 -> 129000000 | L77: =J77+K77 -> 2.8471473e+08 | M77: 1234722225 | N77: =SUM(I77,M77) -> 3.0174843e+09 | Q77: Benue State Community and Social Development Agency
A78: 72 | B78: 051700100100 | C78: Ministry of Education and Knowledge Management | D78: 464092268 | E78: ='DetailSup-Rec.Rev.,2024'!G158 -> 1.4772937e+08 | F78: =SUM(D78,E78) -> 6.1182164e+08 | G78: ='Detail RecExp. & CapEx'!J3753 -> 34000000 | H78: ='Detail RecExp. & CapEx'!J3780 -> 1795899999 | I78: =G78+H78 -> 1829899999 | J78: ='Detail RecExp. & CapEx'!I3753 -> 1.2625534e+08 | K78: ='Detail RecExp. & CapEx'!I3780 -> 0 | L78: =J78+K78 -> 1.2625534e+08 | M78: 1.4506834e+09 | N78: =SUM(I78,M78) -> 3.2805834e+09 | Q78: Ministry of Education and Knowledge Management
A79: 73 | B79: 051700300100 | C79: Benue State Universal Basic Education Board (SUBEB) | D79: 2597684360 | F79: =SUM(D79,E79) -> 2597684360 | G79: ='Detail RecExp. & CapEx'!J3825 -> 51700335 | H79: ='Detail RecExp. & CapEx'!J3961 -> 0 | I79: =G79+H79 -> 51700335 | J79: ='Detail RecExp. & CapEx'!I3825 -> 2.1886714e+08 | K79: ='Detail RecExp. & CapEx'!I3961 -> 0 | L79: =J79+K79 -> 2.1886714e+08 | M79: 2.4533557e+09 | N79: =SUM(I79,M79) -> 2.505056e+09 | Q79: Benue State Universal Basic Education Board (SUBEB)
A80: 74 | B80: 051700800100 | C80: Benue State Library Board | D80: 800500 | F80: =SUM(D80,E80) -> 800500 | G80: ='Detail RecExp. & CapEx'!J3999 -> 0 | H80: ='Detail RecExp. & CapEx'!J3999 -> 0 | I80: =G80+H80 -> 0 | J80: ='Detail RecExp. & CapEx'!I3999 -> 9469972.2 | L80: =J80+K80 -> 9469972.2 | M80: 24577943 | N80: =SUM(I80,M80) -> 24577943 | Q80: Benue State Library Board
A81: 75 | B81: 051700900100 | C81: Benue State Examinations Board | D81: 501015000 | F81: =SUM(D81,E81) -> 501015000 | G81: ='Detail RecExp. & CapEx'!J4045 -> 0 | H81: ='Detail RecExp. & CapEx'!J4055 -> 0 | I81: =G81+H81 -> 0 | J81: ='Detail RecExp. & CapEx'!I4045 -> 2.3925929e+08 | K81: ='Detail RecExp. & CapEx'!I4055 -> 0 | L81: =J81+K81 -> 2.3925929e+08 | M81: 5.4798411e+08 | N81: =SUM(I81,M81) -> 5.4798411e+08 | Q81: Benue State Examinations Board
A82: 76 | B82: 051701000100 | C82: Agency for Adult and Non-Formal Education | D82: 500000 | E82: ='DetailSup-Rec.Rev.,2024'!G71 -> 176000 | F82: =SUM(D82,E82) -> 676000 | G82: ='Detail RecExp. & CapEx'!J4140 -> 60100000 | I82: =G82+H82 -> 60100000 | J82: ='Detail RecExp. & CapEx'!I4140 -> 1.1400889e+08 | L82: =J82+K82 -> 1.1400889e+08 | M82: 2.3855303e+08 | N82: =SUM(I82,M82) -> 2.9865303e+08 | Q82: Agency for Adult and Non-Formal Education
A83: 77 | B83: 051701200100 | C83: Education Quality Assurance Agency | E83: ='DetailSup-Rec.Rev.,2024'!H258 -> 277046134 | F83: =SUM(D83,E83) -> 277046134 | G83: ='Detail RecExp. & CapEx'!J4093 -> 1040626890 | H83: ='Detail RecExp. & CapEx'!J4112 -> 326000000 | I83: =G83+H83 -> 1366626890 | L83: =J83+K83 -> 0 | N83: =SUM(I83,M83) -> 1366626890 | Q83: Bureau For Education Quality Assurance
A84: 78 | B84: 051701800100 | C84: Benue State Polytechnic, Ugbokolo | D84: 923131970 | F84: =SUM(D84,E84) -> 923131970 | G84: ='Detail RecExp. & CapEx'!J4198 -> 4.114357e+08 | H84: ='Detail RecExp. & CapEx'!J4225 -> 309500000 | I84: =G84+H84 -> 7.209357e+08 | J84: ='Detail RecExp. & CapEx'!I4198 -> 6.7475809e+08 | K84: ='Detail RecExp. & CapEx'!I4225 -> 2.8231146e+08 | L84: =J84+K84 -> 9.5706956e+08 | M84: 1.9959537e+09 | N84: =SUM(I84,M84) -> 2.7168894e+09 | Q84: Benue State Polytechnic, Ugbokolo
A85: 79 | B85: 051701900100 | C85: College of Education, Katsina-Ala | D85: 1865274520 | F85: =SUM(D85,E85) -> 1865274520 | G85: ='Detail RecExp. & CapEx'!J4293 -> 0 | H85: ='Detail RecExp. & CapEx'!J4327 -> -48360000 | I85: =G85+H85 -> -48360000 | J85: ='Detail RecExp. & CapEx'!I4293 -> 9.4201495e+08 | K85: ='Detail RecExp. & CapEx'!I4327 -> 7041717.6 | L85: =J85+K85 -> 9.4905667e+08 | M85: 2.0161094e+09 | N85: =SUM(I85,M85) -> 1.9677494e+09 | Q85: College of Education, Katsina-Ala
A86: 80 | B86: 051702100100 | C86: College of Education Oju | D86: 1465750000 | F86: =SUM(D86,E86) -> 1465750000 | G86: ='Detail RecExp. & CapEx'!J4379 -> 33061654 | H86: ='Detail RecExp. & CapEx'!J4411 -> -313800000 | I86: =G86+H86 -> -2.8073835e+08 | J86: ='Detail RecExp. & CapEx'!I4379 -> 7.6022929e+08 | K86: ='Detail RecExp. & CapEx'!I4411 -> 7350000 | L86: =J86+K86 -> 7.6757929e+08 | M86: 2.1698398e+09 | N86: =SUM(I86,M86) -> 1.8891014e+09 | Q86: College of Education Oju
A87: 81 | B87: 051702100200 | C87: Benue State University College of Health Sciences | D87: 3.0603143e+08 | E87: ='DetailSup-Rec.Rev.,2024'!G107 -> 1600000 | F87: =SUM(D87,E87) -> 3.0763143e+08 | G87: ='Detail RecExp. & CapEx'!J4473 -> 5.6195961e+08 | H87: ='Detail RecExp. & CapEx'!J4497 -> -69318400 | I87: =G87+H87 -> 4.9264121e+08 | J87: ='Detail RecExp. & CapEx'!I4473 -> 6.7281546e+08 | K87: ='Detail RecExp. & CapEx'!I4497 -> 50020800 | L87: =J87+K87 -> 7.2283626e+08 | M87: 1.8378291e+09 | N87: =SUM(I87,M87) -> 2.3304703e+09 | Q87: Benue State University College of Health Sciences
A88: 82 | B88: 051702100300 | C88: Benue State University (BSU), Makurdi | D88: 3269940098 | F88: =SUM(D88,E88) -> 3269940098 | G88: ='Detail RecExp. & CapEx'!J4564 -> 8.1382656e+08 | H88: ='Detail RecExp. & CapEx'!J4586 -> -177136450 | I88: =G88+H88 -> 6.3669011e+08 | J88: ='Detail RecExp. & CapEx'!I4564 -> 2.8743496e+09 | K88: ='Detail RecExp. & CapEx'!I4586 -> 25924680 | L88: =J88+K88 -> 2.9002743e+09 | M88: 7.4884909e+09 | N88: =SUM(I88,M88) -> 8.125181e+09 | Q88: Benue State University (BSU), Makurdi
A89: 83 | B89: 051705400100 | C89: Benue State Teaching Service Board (TSB) | D89: 225990000 | F89: =SUM(D89,E89) -> 225990000 | G89: ='Detail RecExp. & CapEx'!J4628 -> 185000 | H89: ='Detail RecExp. & CapEx'!J4642 -> 48162447 | I89: =G89+H89 -> 48347447 | J89: ='Detail RecExp. & CapEx'!I4628 -> 3.0012648e+09 | K89: ='Detail RecExp. & CapEx'!I4642 -> 0 | L89: =J89+K89 -> 3.0012648e+09 | M89: 6.3347127e+09 | N89: =SUM(I89,M89) -> 6.3830602e+09 | Q89: Benue State Teaching Service Board (TSB)
A90: 84 | B90: 051705500100 | C90: Benue State Science and Technical Education Board | D90: 1555500 | F90: =SUM(D90,E90) -> 1555500 | G90: ='Detail RecExp. & CapEx'!J4683 -> 79106970 | H90: ='Detail RecExp. & CapEx'!J4695 -> 120000000 | I90: =G90+H90 -> 1.9910697e+08 | J90: ='Detail RecExp. & CapEx'!I4683 -> 2.5614142e+08 | K90: ='Detail RecExp. & CapEx'!I4695 -> 0 | L90: =J90+K90 -> 2.5614142e+08 | M90: 491392061 | N90: =SUM(I90,M90) -> 6.9049903e+08 | Q90: Benue State Science and Technical Education Board
A91: 85 | B91: 051705600100 | C91: Benue State Scholarship Board | D91: 8000000 | F91: =SUM(D91,E91) -> 8000000 | G91: ='Detail RecExp. & CapEx'!J4731 -> 0 | I91: =G91+H91 -> 0 | J91: ='Detail RecExp. & CapEx'!I4731 -> 4012379.7 | L91: =J91+K91 -> 4012379.7 | M91: 1.6634134e+08 | N91: =SUM(I91,M91) -> 1.6634134e+08 | Q91: Benue State Scholarship Board
A92: 86 | B92: 051705700100 | C92: Akawe Torkula Polytechnic, Makurdi | D92: 466940000 | F92: =SUM(D92,E92) -> 466940000 | G92: ='Detail RecExp. & CapEx'!J4778 -> 4.6718814e+08 | H92: ='Detail RecExp. & CapEx'!J4861 -> -372160000 | I92: =G92+H92 -> 95028145 | J92: ='Detail RecExp. & CapEx'!I4778 -> 2.4495945e+08 | K92: ='Detail RecExp. & CapEx'!I4861 -> 0 | L92: =J92+K92 -> 2.4495945e+08 | M92: 1.4577215e+09 | N92: =SUM(I92,M92) -> 1.5527497e+09 | Q92: Akawe Torkula Polytechnic, Makurdi
A93: 87 | B93: 052100100100 | C93: Ministry of Health and Human Services | D93: 1227500000 | F93: =SUM(D93,E93) -> 1227500000 | G93: ='Detail RecExp. & CapEx'!J4900 -> 0 | H93: ='Detail RecExp. & CapEx'!J4925 -> 0 | I93: =G93+H93 -> 0 | J93: ='Detail RecExp. & CapEx'!I4900 -> 3.3399006e+08 | K93: ='Detail RecExp. & CapEx'!I4925 -> 103584296 | L93: =J93+K93 -> 4.3757436e+08 | M93: 2.8179046e+09 | N93: =SUM(I93,M93) -> 2.8179046e+09 | Q93: Ministry of Health and Human Services
A94: 88 | B94: 052100200100 | C94: Benue State Health Insurance Agency | D94: 1697500000 | F94: =SUM(D94,E94) -> 1697500000 | G94: ='Detail RecExp. & CapEx'!J4970 -> -500000000 | H94: ='Detail RecExp. & CapEx'!J4985 -> -89350000 | I94: =G94+H94 -> -589350000 | J94: ='Detail RecExp. & CapEx'!I4970 -> 0 | K94: ='Detail RecExp. & CapEx'!I4985 -> 0 | L94: =J94+K94 -> 0 | M94: 2634615000 | N94: =SUM(I94,M94) -> 2045265000 | Q94: Benue State Health Insurance Agency
A95: 89 | B95: 052102600100 | C95: Benue State University Teaching Hospital (BSUTH) | D95: 6.0363193e+09 | F95: =SUM(D95,E95) -> 6.0363193e+09 | G95: ='Detail RecExp. & CapEx'!J5056 -> 3.6032246e+09 | H95: ='Detail RecExp. & CapEx'!J5080 -> -1181030340 | I95: =G95+H95 -> 2.4221943e+09 | J95: ='Detail RecExp. & CapEx'!I5056 -> 2.4089072e+09 | K95: ='Detail RecExp. & CapEx'!I5080 -> 2.6180887e+08 | L95: =J95+K95 -> 2.6707161e+09 | M95: 1.1459203e+10 | N95: =SUM(I95,M95) -> 1.3881398e+10 | Q95: Benue State University Teaching Hospital (BSUTH)
A96: 90 | B96: 052102700100 | C96: Benue State Primary Health Care Board | D96: 189164161 | E96: ='DetailSup-Rec.Rev.,2024'!G62 -> 1.9161635e+09 | F96: =SUM(D96,E96) -> 2.1053277e+09 | G96: ='Detail RecExp. & CapEx'!J5139 -> 0 | H96: ='Detail RecExp. & CapEx'!J5156 -> -151750000 | I96: =G96+H96 -> -151750000 | J96: ='Detail RecExp. & CapEx'!I5139 -> 13004372 | K96: ='Detail RecExp. & CapEx'!I5156 -> 0 | L96: =J96+K96 -> 13004372 | M96: 2.150789e+08 | N96: =SUM(I96,M96) -> 63328897 | Q96: Benue State Primary Health Care Board
A97: 91 | B97: 052110200100 | C97: Hospital Management Board | D97: 337985000 | F97: =SUM(D97,E97) -> 337985000 | G97: ='Detail RecExp. & CapEx'!J5201 -> 0 | H97: ='Detail RecExp. & CapEx'!J5211 -> -5000000 | I97: =G97+H97 -> -5000000 | J97: ='Detail RecExp. & CapEx'!I5201 -> 1.1088684e+09 | K97: ='Detail RecExp. & CapEx'!I5211 -> 0 | L97: =J97+K97 -> 1.1088684e+09 | M97: 2.5851591e+09 | N97: =SUM(I97,M97) -> 2.5801591e+09 | Q97: Hospital Management Board
A98: 92 | B98: 053900100100 | C98: Ministry of Youth and Sports Development | D98: 62164000 | F98: =SUM(D98,E98) -> 62164000 | G98: ='Detail RecExp. & CapEx'!J5258 -> 0 | H98: ='Detail RecExp. & CapEx'!J5273 -> -2000000000 | I98: =G98+H98 -> -2000000000 | J98: ='Detail RecExp. & CapEx'!I5258 -> 42390713 | K98: ='Detail RecExp. & CapEx'!I5273 -> 289712500 | L98: =J98+K98 -> 3.3210321e+08 | M98: 4506683695 | N98: =SUM(I98,M98) -> 2506683695 | Q98: Ministry of Youth and Sports Development
A99: 93 | B99: 053905100100 | C99: Benue State Sports Council | D99: 464477 | F99: =SUM(D99,E99) -> 464477 | G99: ='Detail RecExp. & CapEx'!J5305 -> -300000000 | I99: =G99+H99 -> -300000000 | J99: ='Detail RecExp. & CapEx'!I5305 -> 60257436 | L99: =J99+K99 -> 60257436 | M99: 5.3611822e+08 | N99: =SUM(I99,M99) -> 2.3611822e+08 | Q99: Benue State Sports Council
A100: 94 | B100: 053905400100 | C100: Benue State Sports Marketing and Lottery Board | D100: 70000000 | F100: =SUM(D100,E100) -> 70000000 | G100: ='Detail RecExp. & CapEx'!J5354 -> 0 | H100: ='Detail RecExp. & CapEx'!J5375 -> 15932000 | I100: =G100+H100 -> 15932000 | J100: ='Detail RecExp. & CapEx'!I5354 -> 0 | K100: ='Detail RecExp. & CapEx'!I5375 -> 0 | L100: =J100+K100 -> 0 | M100: 27598750 | N100: =SUM(I100,M100) -> 43530750 | Q100: Benue State Sports Marketing and Lottery Board
A101: 95 | B101: 054400100100 | C101: Ministry of Humanitarian Affairs and Disaster Management | F101: =SUM(D101,E101) -> 0 | G101: ='Detail RecExp. & CapEx'!J5434 -> -1000000000 | H101: ='Detail RecExp. & CapEx'!J5459 -> -400000000 | I101: =G101+H101 -> -1400000000 | J101: ='Detail RecExp. & CapEx'!I5434 -> 0 | K101: ='Detail RecExp. & CapEx'!I5459 -> 0 | L101: =J101+K101 -> 0 | M101: 1993312500 | N101: =SUM(I101,M101) -> 593312500 | Q101: Ministry of Humanitarian Affairs and Disaster Management
...

Sheet Budget Framework,2022 (2)
A1: BENUE STATE GOVERNMENT
A3: 2022 SUPPLEMENTARY BUDGET FRAMEWORK
A4: S/No. | B4: Source of Revenue | C4: Revenue Estimates January- December, 2022 | D4: o/w COVID-responsive* (in 2022 )
A5: 1 | B5: Opening Balance
B6: RECEIPTS:
A7: 2 | B7: Statutory Allocation | C7: 3.4256954e+10 | E7: =C7+D7 -> 3.4256954e+10
A8: 3 | B8: FAAC Special Allocations | C8: 4253264465 | E8: =C8+D8 -> 4253264465
A9: 4 | B9: Share of VAT | C9: 22373647564 | E9: =C9+D9 -> 22373647564
A10: 5 | B10: Other Federation Account | C10: 1000000000 | E10: =C10+D10 -> 1000000000
C11: =SUM(C7:C10) -> 6.1883866e+10 | E11: =C11+D11 -> 6.1883866e+10
B12: INDEPENDENT REVENUE | E12: =C12+D12 -> 0
A13: 7 | B13: Tax Revenue | C13: 13157019742 | E13: =C13+D13 -> 13157019742
A14: 8 | B14: Non-Tax Revenue | C14: 2.1503147e+10 | E14: =C14+D14 -> 2.1503147e+10
C15: =SUM(C13:C14) -> 3.4660167e+10 | E15: =C15+D15 -> 3.4660167e+10
E16: =C16+D16 -> 0
B17: TOTAL PROJECTED FUNDS: | C17: =SUM(C11,C15) -> 9.6544033e+10 | E17: =C17+D17 -> 9.6544033e+10
B18: OTHER RECEIPTS/REVENUE | E18: =C18+D18 -> 0
A19: 9 | B19: Domestic Aid | C19: 13218000000 | E19: =C19+D19 -> 13218000000
A20: 10 | B20: Domestic Grant | C20: 1.1657292e+10 | E20: =C20+D20 -> 1.1657292e+10
A21: 11 | B21: Foreign Aid | C21: 1.3649267e+09 | E21: =C21+D21 -> 1.3649267e+09
A22: 12 | B22: Foreign Grant | C22: 2476256000 | E22: =C22+D22 -> 2476256000
A23: 13 | B23: Other Capital Receipts | C23: 5918282895 | E23: =C23+D23 -> 5918282895
A24: 14 | B24: Transfer To Fund Reccurent Expenditure | C24: 4.4325997e+09 | E24: =C24+D24 -> 4.4325997e+09
C25: =SUM(C19:C24) -> 3.9067358e+10 | E25: =C25+D25 -> 3.9067358e+10
B26: DEFICIT FINANCING: | E26: =C26+D26 -> 0
A27: 15 | B27: Domestic Loans/Bond/Deficit Financing | C27: 4.0292051e+10 | E27: =C27+D27 -> 4.0292051e+10
C28: =C27 -> 4.0292051e+10 | E28: =C28+D28 -> 4.0292051e+10
B29: EXPENDITURE: | E29: =C29+D29 -> 0
A30: 20 | B30: Debt Payments Local | C30: 9.1535034e+09 | D30: 9.1535034e+09 | E30: =C30+D30 -> 1.8307007e+10
A31: 21 | B31: Debt Payments Foreign | C31: 4.4e+08 | D31: -60000000 | E31: =C31+D31 -> 3.8e+08
A32: 22 | B32: Pension | C32: 3670840528 | E32: =C32+D32 -> 3670840528
A33: 23 | B33: Gratuity | C33: 956620439 | E33: =C33+D33 -> 956620439
A34: 24 | B34: Death benefits | C34: 64112964 | D34: -99000000 | E34: =C34+D34 -> -34887036
A35: 25 | B35: NHIS Contribution | C35: 8.759501e+08 | D35: -4.2143197e+08 | E35: =C35+D35 -> 4.5451814e+08
A36: 26 | B36: Contributory Pension | C36: 1.6919694e+09 | D36: -464576530 | E36: =C36+D36 -> 1.2273929e+09
A37: 27 | B37: Personnel Costs | C37: =48454808485.2036-C32-C33-C34-C35-C36 -> 4.1195315e+10 | E37: =C37+D37 -> 4.1195315e+10
A38: 28 | B38: Overhead Costs | C38: =60036801961.2139-C30-C31 -> 5.0443299e+10 | E38: =C38+D38 -> 5.0443299e+10
B39: CAPITAL | E39: =C39+D39 -> 0
A40: 28 | B40: ADMINISTRATION SECTOR: | C40: 3607482280 | E40: =C40+D40 -> 3607482280
A41: 29 | B41: ECONOMIC SECTOR: | C41: 5.2312163e+10 | E41: =C41+D41 -> 5.2312163e+10
A42: 30 | B42: LAW & JUSTICE SECTOR: | C42: 2210391969 | E42: =C42+D42 -> 2210391969
A43: 31 | B43: SOCIAL SECTOR: | C43: 9.2817942e+09 | E43: =C43+D43 -> 9.2817942e+09
B44: TOTAL EXPENDITURE: | C44: =SUM(C30:C43) -> 1.7590344e+11 | D44: =SUM(D30:D43) -> 8.1084949e+09 | E44: =C44+D44 -> 1.8401194e+11
E45: =C45+D45 -> 0
B46: TOTAL REVENUE: | C46: =SUM(C17,C25,C28) -> 1.7590344e+11 | E46: =C46+D46 -> 1.7590344e+11
B47: FINANCING GAP | C47: =C44-C46 -> 0.14144897 | E47: =C47+D47 -> 0.14144897
E48: =C48+D48 -> 0

Sheet Detail RecExp. & CapEx (2)
A1: BENUE STATE GOVERNMENT
A2: 2021 SUPPLEMENTARY BUDGET
A3: 23050126 | B3: 02 | C3: 70620 | D3: 00020000010101 | E3: 03101 | F3: 10721300 | G3: SERVICE CONCESSION ASSETS (PPP): PRINTING OF BOOKLET: TITLE "TACKLING RURAL POVERTY IN BENUE STATE THROUGH COOPERATIVE ADMINISTRATION AND RUFIN | H3: 936000 | K3: =SUM(H3,J3) -> 936000 | L3: CR8
A4: 23050126 | B4: 02 | C4: 70620 | D4: 00080000020102 | E4: 03101 | F4: 10721300 | G4: SERVICE CONCESSION ASSETS (PPP): COMMUNITY APPRENTICESHIP SCHEME | H4: 2500000 | K4: =SUM(H4,J4) -> 2500000 | L4: CR8
A5: 23050126 | B5: 02 | C5: 70620 | D5: 80000020102 | E5: 3101 | F5: 10721300 | G5: SERVICE CONCESSION ASSETS (PPP): COMMUNITY APPRENTICESHIP SCHEME | H5: 2500000 | K5: =SUM(H5,J5) -> 2500000 | L5: CR9
A6: 23050126 | B6: 02 | C6: 70620 | D6: 20000010101 | E6: 3101 | F6: 10721300 | G6: SERVICE CONCESSION ASSETS (PPP): PRINTING OF BOOKLET: TITLE "TACKLING RURAL POVERTY IN BENUE STATE THROUGH COOPERATIVE ADMINISTRATION AND RUFIN | H6: 936000 | K6: =SUM(H6,J6) -> 936000 | L6: CR9
A7: 23050126 | B7: 02 | C7: 70620 | D7: 20000010101 | E7: 3101 | F7: 10721300 | G7: SERVICE CONCESSION ASSETS (PPP): PRODUCTION OF 1000 COPIES GOVERNOR SAMUEL ORTOM'S RURAL DEVELOPMENT DRIVE IN BENUE STATE 1. RURAL ELECTRIFICATION 2. RURAL ROADS/CULVERTS 3. COOPERATIVES | H7: 975000 | K7: =SUM(H7,J7) -> 975000 | L7: CR9
A8: 23050126 | B8: 02 | C8: 70620 | D8: 20000010101 | E8: 3101 | F8: 10721300 | G8: SERVICE CONCESSION ASSETS (PPP): PRODUCTION OF 1000 COPIES RURAL DEVELOPMENT ADMINISTRATION IN BENUE STATE 1980 -2017 APER AKU, GEORGE AKUME, GABRIEL SUSWAM, DR. SAMUEL ORTOM | H8: 750000 | K8: =SUM(H8,J8) -> 750000 | L8: CR9
A9: 23050126 | B9: 03 | C9: 70330 | D9: 150000010104 | E9: 3101 | F9: 10721300 | G9: Enactment and enforcement of regulatory measures for controlling COVID- 19 | K9: =H9+J9 -> 0
A10: 23050104 | B10: 02 | C10: 70630 | D10: 10000030106 | E10: 3101 | F10: 10721300 | G10: EXHIBITION: National & State Councils on Agric. & Show | H10: 3990000 | K10: =SUM(H10,J10) -> 3990000 | L10: CR4
A11: 23050104 | B11: 05 | C11: 70443 | D11: 70000010104 | E11: 3101 | F11: 10721300 | G11: ANNIVERSARIES/CELEBRATIONS: women peace & security programme | H11: 2150000 | K11: =SUM(H11,J11) -> 2150000
A12: 23050104 | B12: 05 | C12: 71070 | D12: 30000020108 | E12: 3101 | F12: 10721300 | G12: ANNIVERSARIES/CELEBRATIONS: Orphan and Vulnerable children empowerment and livelihoods support | K12: =SUM(H12,J12) -> 0
A13: 23050103 | B13: 02 | C13: 70133 | D13: 20000020104 | E13: 3101 | F13: 10721300 | G13: MONITORING AND EVALUATION | H13: 5000000 | K13: =SUM(H13,J13) -> 5000000
A14: 23050103 | B14: 02 | C14: 70474 | D14: 40000031104 | E14: 3101 | F14: 10721300 | G14: MONITORITION AND EVALUATION: Monitoring and Evaluation of Projects Implementation and Feasibility Studies in the State | H14: 1500000 | J14: -750000 | K14: =SUM(H14,J14) -> 750000
A15: 23050103 | B15: 02 | C15: 70132 | D15: 130000010105 | E15: 3101 | F15: 10721300 | G15: MONITORING AND EVALUATION: Internal monitoring and evaluation of projects, programmes and other activities of the Ministry. | H15: 4160000 | K15: =SUM(H15,J15) -> 4160000
A16: 23050103 | B16: 02 | C16: 70132 | D16: 130000010105 | E16: 3101 | F16: 10721300 | G16: MONITORING AND EVALUATION: Monitoring and Supervision of Driving School in the State. | H16: 1600000 | K16: =SUM(H16,J16) -> 1600000
A17: 23050102 | B17: 02 | C17: 70460 | D17: 110000010104 | E17: 3101 | F17: 10721300 | G17: COMPUTER SOFTWARE ACQUISITION:Purchase of Budgeting Software | H17: 50000000 | J17: -25000000 | K17: =SUM(H17,J17) -> 25000000
A18: 23050102 | B18: 02 | C18: 70132 | D18: 140000010104 | E18: 3101 | F18: 10721300 | G18: COMPUTER SOFTWARE ACQUISITION: Purchase of Softwares for the PRS. | H18: 4000000 | K18: =SUM(H18,J18) -> 4000000
A19: 23050102 | B19: 02 | C19: 70460 | D19: 110000010102 | E19: 3101 | F19: 10721300 | G19: COMPUTER SOFTWARE ACQUISITION | I19: 6.350,00.00 | K19: =SUM(H19,J19) -> 0
A20: 23050101 | B20: 01 | C20: 70850 | D20: 20000030105 | E20: 3101 | F20: 10721300 | G20: RESEARCH & DEVELOPMENT: Research into materials and non- material cultures of the Tiv, Idoma, Igede and Etulo | H20: 100000 | K20: =SUM(H20,J20) -> 100000
A21: 23050101 | B21: 01 | C21: 70850 | D21: 20000030105 | E21: 3101 | F21: 10721300 | G21: RESEARCH & DEVELOPMENT: Reproduction of Archival materials from the National Archives in Kaduna | H21: 100000 | K21: =SUM(H21,J21) -> 100000
A22: 23050101 | B22: 01 | C22: 70850 | D22: 80000020105 | E22: 3101 | F22: 10721300 | G22: RESEARCH & DEVELOPMENT: Tourism Development Plan, Benue Youth Carnival, Benue International Festival, Talent Hunt Carnivals/Celebrations etc. | H22: 20000000 | J22: -1166613.4 | K22: =SUM(H22,J22) -> 18833387
A23: 23050101 | B23: 02 | C23: 70630 | D23: 10000030106 | E23: 3101 | F23: 10721300 | G23: RESEARCH AND DEVELOPMENT: Land classification & soil mapping | H23: 8480000 | K23: =SUM(H23,J23) -> 8480000 | L23: CR4
A24: 23050101 | B24: 02 | C24: 70630 | D24: 10000030106 | E24: 3101 | F24: 10721300 | G24: RESEARCH AND DEVELOPMENT: Food and Nutrition Security | H24: 50000000 | J24: -30000000 | K24: =SUM(H24,J24) -> 20000000
A25: 23050101 | B25: 02 | C25: 70421 | D25: 10000010102 | E25: 3101 | F25: 10721300 | G25: RESEARCH AND DEVELOPMENT: RESEARCH INTO RICE,CASSAVA,SOYABEANS,POTATOES,MAIZE | H25: 3000000 | K25: =SUM(H25,J25) -> 3000000
A26: 23050101 | B26: 02 | C26: 70421 | D26: 10000020104 | E26: 3101 | F26: 10721300 | G26: RESEARCH & DEVELOPMENT: (VCDP) | H26: 10000000 | K26: =SUM(H26,J26) -> 10000000
A27: 23050101 | B27: 02 | C27: 70421 | D27: 10000030103 | E27: 3101 | F27: 10720517 | G27: RESEARCH AND DEVELOPMENT: on Modern Farm Technology | H27: 3000000 | K27: =SUM(H27,J27) -> 3000000
A28: 23050101 | B28: 02 | C28: 70443 | D28: 60000010103 | E28: 3101 | F28: 10721300 | G28: RESEARCH AND DEVELOPMENT | H28: 2120000 | K28: =SUM(H28,J28) -> 2120000
A29: 23050101 | B29: 02 | C29: 70620 | D29: 00130000010105 | E29: 03101 | F29: 10721300 | G29: RESEARCH & DEVELOPMENT: ASSESSMENT/EXPLORATION OF ECONOMIC POTENTIALS OF THE RURAL COMMUNITIES | H29: 5850000 | K29: =SUM(H29,J29) -> 5850000 | L29: CR8
A30: 23050101 | B30: 02 | C30: 70474 | D30: 40000031104 | E30: 3101 | F30: 10721300 | G30: Government Counterpart Cash Contribution to UNHCR,UNICEF, UNFPA,UNDP, Social Inv. Prog. (SOCU) Maternal and child heath care,etc. | H30: 1.7143485e+09 | J30: -600000000 | K30: =SUM(H30,J30) -> 1.1143485e+09
A31: 23050101 | B31: 02 | C31: 70133 | D31: 80000020105 | E31: 3101 | F31: 10721300 | G31: RESEARCH AND DEVELOPMENT: Bi- Ethanol Project | H31: 52000000 | J31: -26000000 | K31: =SUM(H31,J31) -> 26000000
A32: 23050101 | B32: 02 | C32: 70133 | D32: 130000010105 | E32: 3101 | F32: 10721300 | G32: RESEARCH & DEVELOPMENT: Statistical Investigation & Surveys | K32: =SUM(H32,J32) -> 0
A33: 23050101 | B33: 02 | C33: 70474 | D33: 40000031104 | E33: 3101 | F33: 10721300 | G33: RESEARCH AND DEVELOPMENT:Finalization and Production of Donor Cordination Framework, | H33: 3000000 | J33: -1500000 | K33: =SUM(H33,J33) -> 1500000
A34: 23050101 | B34: 02 | C34: 70474 | D34: 40000031104 | E34: 3101 | F34: 10721300 | G34: RESEARCH AND DEVELOPMENT: Economic and Statistical Investigation and Production of Statistical Yearbook, | H34: 6000000 | J34: -3000000 | K34: =SUM(H34,J34) -> 3000000
A35: 23050101 | B35: 02 | C35: 70474 | D35: 40000031104 | E35: 3101 | F35: 10721300 | G35: RESEARCH AND DEVELOPMENT: General Household Surveys(GHS) | H35: 50893000 | J35: -25446500 | K35: =SUM(H35,J35) -> 25446500
A36: 23050101 | B36: 02 | C36: 70474 | D36: 40000031104 | E36: 3101 | F36: 10721300 | G36: RESEARCH AND DEVELOPMENT: Cordination and Preparation of Sectoral Policies in the MDAs | H36: 1000000 | J36: -500000 | K36: =SUM(H36,J36) -> 500000
A37: 23050101 | B37: 02 | C37: 70474 | D37: 40000031104 | E37: 3101 | F37: 10721300 | G37: RESEARCH AND DEVELOPMENT: Cordination of Local Govt Plans | H37: 5000000 | J37: -2500000 | K37: =SUM(H37,J37) -> 2500000
A38: 23050101 | B38: 02 | C38: 70474 | D38: 40000031104 | E38: 3101 | F38: 10721300 | G38: RESEARCH AND DEVELOPMENT: Manpower Survey | H38: 3000000 | J38: -1500000 | K38: =SUM(H38,J38) -> 1500000
A39: 23050101 | B39: 02 | C39: 70474 | D39: 40000031104 | E39: 3101 | F39: 10721300 | G39: RESEARCH AND DEVELOPMENT: Price Income and Productivity Survey.(PIP) | H39: 3000000 | J39: -1500000 | K39: =SUM(H39,J39) -> 1500000
A40: 23050101 | B40: 02 | C40: 70630 | D40: 10000010104 | E40: 3101 | F40: 10721300 | G40: RESEARCH AND DEVELOPMENT: SCALE-UP OF CLTS FOR ODF | H40: 12891249 | J40: 37108751 | K40: =SUM(H40,J40) -> 50000000
A41: 23050101 | B41: 02 | C41: 70132 | D41: 150000010104 | E41: 3101 | F41: 10721300 | G41: RESEARCH AND DEVELOPMENT: Organization of the State Council on Works & Transport. | H41: 4160000 | I41: 1632000 | K41: =SUM(H41,J41) -> 4160000
A42: 23050101 | B42: 02 | C42: 70132 | D42: 130000010105 | E42: 3101 | F42: 10721300 | G42: RESEARCH AND DEVELOPMENT: Researches/ Surveys and collection of field data for analysis and management. | H42: 1000000 | K42: =SUM(H42,J42) -> 1000000
A43: 23050101 | B43: 02 | C43: 70132 | D43: 150000010104 | E43: 3102 | F43: 10721301 | G43: RESEARCH AND DEVELOPMENT: Organisation of various sensitisation workshops for users of Roads and other infrastructure. | H43: 5000000 | K43: =SUM(H43,J43) -> 5000000
A44: 23050101 | B44: 02 | C44: 70620 | D44: 130000010105 | E44: 3101 | F44: 10721300 | G44: RESEARCH & DEVELOPMENT: SURVEY AND FEASIBILITY STUDY OF 3 NO. MODEL SETTLEMENT IN EACH SENATORIAL ZONE | H44: 15600000 | J44: -10000000 | K44: =SUM(H44,J44) -> 5600000 | L44: CR9
A45: 23050101 | B45: 02 | C45: 70620 | D45: 130000010105 | E45: 3101 | F45: 10721300 | G45: RESEARCH & DEVELOPMENT: ASSESSMENT/EXPLORATION OF ECONOMIC POTENTIALS OF THE RURAL COMMUNITIES | H45: 5850000 | K45: =SUM(H45,J45) -> 5850000 | L45: CR9
A46: 23050101 | B46: 02 | C46: 70620 | D46: 130000010105 | E46: 3101 | F46: 10721300 | G46: RESEARCH & DEVELOPMENT: MOBILIZATION AND SENSITIZATION OF COMMUNITY DEVELOPMENT AREAS | H46: 1000000 | K46: =SUM(H46,J46) -> 1000000 | L46: CR9
A47: 23050101 | B47: 02 | C47: 70620 | D47: 130000010105 | E47: 3101 | F47: 10721300 | G47: NATIONAL AND INTERNATIONAL CONFERENCES | H47: 500000 | K47: =SUM(H47,J47) -> 500000 | L47: CR9
A48: 23050101 | B48: 02 | C48: 70620 | D48: 130000010105 | E48: 3101 | F48: 10721300 | G48: RESEARCH & DEVELOPMENT: NEEDS/ECONOMIC SURVEY OF RURAL COMMUNITIES | H48: 2730000 | K48: =SUM(H48,J48) -> 2730000 | L48: CR9
A49: 23050101 | B49: 03 | C49: 70140 | D49: 130000010105 | E49: 3101 | F49: 10721300 | G49: RESEARCH & DEVELOPMENT | H49: 1000000 | K49: =SUM(H49,J49) -> 1000000
A50: 23050101 | B50: 03 | C50: 70133 | D50: 130000010105 | E50: 3101 | F50: 10721306 | G50: RESEARCH AND DEVELOPMENT: RESEARECH INTO CUSTOMARY LAW | H50: 1640007 | K50: =SUM(H50,J50) -> 1640007
A51: 23050101 | B51: 05 | C51: 70140 | D51: 130000010105 | E51: 3101 | F51: 10721300 | G51: RESEARCH & DEVELOPMENT: Development of Curriculum for Indigenous Languages (Tiv, Idoma and Igede) | H51: 1000000 | J51: 2500000 | K51: =SUM(H51,J51) -> 3500000
A52: 23050101 | B52: 05 | C52: 70140 | D52: 50000020102 | E52: 3101 | F52: 10721300 | G52: Family Life Health Education Monitoring and Evaluation MoE Makurdi | H52: 1720000 | K52: =SUM(H52,J52) -> 1720000
A53: 23050101 | B53: 05 | C53: 70140 | D53: 10000030106 | E53: 3101 | F53: 10721300 | G53: RESEARCH & DEVELOPMENT:Hosting of Annual Book Fair Festival for schs. | H53: 5000000 | K53: =SUM(H53,J53) -> 5000000
A54: 23050101 | B54: 05 | C54: 70140 | D54: 10000030106 | E54: 3101 | F54: 10721300 | G54: RESEARCH & DEVELOPMENT:Hosting of Arts and Culture/Craft exhibition for schs. | H54: 5000000 | K54: =SUM(H54,J54) -> 5000000
A55: 23050101 | B55: 05 | C55: 70970 | D55: 50000020102 | E55: 3101 | F55: 10731700 | G55: RESEARCH AND DEVELOPMENT-: Asset Collation Documentation, Revaluation at College of Education, Oju. | H55: 5378100 | K55: =SUM(H55,J55) -> 5378100
A56: 23050101 | B56: 05 | C56: 70131 | D56: 0 | E56: 2101 | F56: 10721300 | G56: RESEARCH AND DEVELOPMENT - RECURRENT (R&D) | H56: 800000 | K56: =SUM(H56,J56) -> 800000
A57: 23050101 | B57: 05 | C57: 70970 | D57: 00030000020104 | E57: 3101 | F57: 107213000 | G57: RESEARCH AND DEVELOPMENT | K57: =SUM(H57,J57) -> 0
A58: 23050101 | B58: 05 | C58: 70740 | D58: 40000030104 | E58: 3101 | F58: 10721300 | G58: HMIS and LMCU, Malaria, HIV/AIDS, Immunization, Emergency Preparedness, Nutrition, Maternal and Child Health,Hepatitis control and food safety. | H58: 10000000 | K58: =SUM(H58,J58) -> 10000000 | L58: CR10
A59: 23050101 | B59: 05 | C59: 70740 | D59: 40000030104 | E59: 3101 | F59: 10721300 | G59: RESEARCH & DEVELOPMENT: Conduction of Health related Researchs activities | H59: 5000000 | K59: =SUM(H59,J59) -> 5000000 | L59: CR10
A60: 23050101 | B60: 05 | C60: 70740 | D60: 40000030104 | E60: 3101 | F60: 10721300 | G60: RESEARCH & DEVELOPMENT: Implementatio, Expansion and strengthening ofFree MCH for under 5 children in the Sttate | H60: 10000000 | K60: =SUM(H60,J60) -> 10000000 | L60: CR10
A61: 23050101 | B61: 05 | C61: 70740 | D61: 40000010106 | E61: 3101 | F61: 10721300 | G61: RESEARCH & DEVELOPMENT: Implementation of State Strategic Health Development plan | H61: 20000000 | K61: =SUM(H61,J61) -> 20000000 | L61: CR10
A62: 23050101 | B62: 05 | C62: 70740 | D62: 40000030104 | E62: 3101 | F62: 10721300 | G62: RESEARCH & DEVELOPMENT: Implementation of ward minimum health package: | H62: 3000000 | K62: =SUM(H62,J62) -> 3000000 | L62: CR10
A63: 23050101 | B63: 05 | C63: 70740 | D63: 40000030104 | E63: 3101 | F63: 10721300 | G63: RESEARCH & DEVELOPMENT: Strengthening specific disease control programme and development of emergency preparedness and response to crucial outbreak of diseases (Measles, celebro-spinal meningitis etc).Emergency Preparedness for epidemic and disease control and fire outbreak | H63: 15000000 | K63: =SUM(H63,J63) -> 15000000 | L63: CR10
A64: 23050101 | B64: 05 | C64: 70740 | D64: 40000030104 | E64: 3101 | F64: 10721300 | G64: RESEARCH & DEVELOPMENT: Control of tropical diseases to be able to curtail the spread of epidemic diseases and SMT activities in the state. | H64: 50000000 | J64: -25000000 | K64: =SUM(H64,J64) -> 25000000 | L64: CR10
A65: 23050101 | B65: 05 | C65: 70740 | D65: 40000010106 | E65: 3101 | F65: 10721300 | G65: RESEARCH & DEVELOPMENT: Infant and yound child feeding: To improve nutritional status and reduce child mortality rate. | H65: 3000000 | K65: =SUM(H65,J65) -> 3000000 | L65: CR10
A66: 23050101 | B66: 05 | C66: 70740 | D66: 40000030104 | E66: 3101 | F66: 10721300 | G66: RESEARCH & DEVELOPMENT: Support control of Malaria, tuberculosis and Leprosy. To improve access to quality TB prevention, diagnosis and treatment in the State | H66: 5000000 | K66: =SUM(H66,J66) -> 5000000 | L66: CR10
A67: 23050101 | B67: 05 | C67: 70740 | D67: 40000030104 | E67: 3101 | F67: 10721300 | G67: RESEARCH & DEVELOPMENT: Support preventive Mental health: To strengthen mental health services and provide effective services to contain drug abuse,provide rehabilitation center and services for managing addicts. and set up task force. (SDCC) | H67: 50000000 | J67: -25000000 | K67: =SUM(H67,J67) -> 25000000 | L67: CR10
A68: 23050101 | B68: 05 | C68: 70740 | D68: 40000030102 | E68: 3101 | F68: 10721300 | G68: RESEARCH & DEVELOPMENT: Strengthening of supply chain Management programme: Data collection, review, and collation for Last Mile Distribution to functional Malaria, NTD, FP and HIV sites) every 2 months @ 2million X 6 times. | H68: 30000000 | K68: =SUM(H68,J68) -> 30000000 | L68: CR10
A69: 23040105 | B69: 02 | C69: 70630 | D69: 90000010102 | E69: 3101 | F69: 10721300 | G69: WATER POLLUTION PREVENTION & CONTROL: Solid Waste and Dumpsite Management Equipment | H69: 151905600 | J69: -100000000 | K69: =SUM(H69,J69) -> 51905600 | L69: CR7
A70: 23040102 | B70: 02 | C70: 70550 | D70: 90000010105 | E70: 3101 | F70: 10721300 | G70: EROSION & FLOOD CONTROL: Erosion and Flood Control Measures at Hudco Qtrs Road, North Bank, Makurdi; Lafia Road by Old Customs House North Bank, Makurdi; Niger Crescent Wadata, Makurdi | H70: 10000000 | J70: -5000000 | K70: =SUM(H70,J70) -> 5000000 | L70: CR7
A71: 23040102 | B71: 02 | C71: 70550 | D71: 90000010105 | E71: 3101 | F71: 10721300 | G71: EROSION & FLOOD CONTROL: Channelization of Lobi Stream Reinforced Concrete Drainage Channel & River Benue Beach Park. | H71: 25000000 | J71: -10000000 | K71: =SUM(H71,J71) -> 15000000 | L71: CR7
A72: 23040102 | B72: 02 | C72: 70550 | D72: 90000010105 | E72: 3101 | F72: 10721300 | G72: EROSION & FLOOD CONTROL: Ecological Projects | H72: 1210000000 | J72: -760000000 | K72: =SUM(H72,J72) -> 450000000
A73: 23040102 | B73: 02 | C73: 70550 | D73: 90000010105 | E73: 3101 | F73: 10721300 | G73: EROSION & FLOOD CONTROL: Engineering Design and Construction of Drainage System at Kyabiz Hotel to Benue State University 2nd Gate and Benue State University Teaching Hospital to River Benue | H73: 28000000 | J73: -10000000 | K73: =SUM(H73,J73) -> 18000000 | L73: CR7
A74: 23040102 | B74: 05 | C74: 70550 | D74: 90000010103 | E74: 3101 | F74: 10731700 | G74: EROSION & FLOOD CONTROL-: Construction of Culverts and Drainages at College of Education, Oju. | H74: 24000000 | J74: -5000000 | K74: =SUM(H74,J74) -> 19000000
A75: 23040101 | B75: 02 | C75: 70421 | D75: 90000010104 | E75: 3101 | F75: 10721300 | G75: TREE PLANTING:TREE PLANTING IN OBI | H75: 3500000 | K75: =SUM(H75,J75) -> 3500000
A76: 23040101 | B76: 02 | C76: 70421 | D76: 90000010104 | E76: 3101 | F76: 10721300 | G76: TREE PLANTING:TREE PLANTING IN BURUKU | H76: 3500000 | K76: =SUM(H76,J76) -> 3500000
A77: 23040101 | B77: 02 | C77: 70540 | D77: 90000010104 | E77: 3101 | F77: 10720517 | G77: TREE PLANTING: Tree Planting at AOPOLY, Yandev. | H77: 10000000 | J77: -5000000 | K77: =SUM(H77,J77) -> 5000000
A78: 23040101 | B78: 02 | C78: 70550 | D78: 90000010104 | E78: 3101 | F78: 10721300 | G78: TREE PLANTING: Annual Tree Planting Campaign | H78: 10000000 | J78: -5000000 | K78: =SUM(H78,J78) -> 5000000 | L78: CR7
A79: 23040101 | B79: 02 | C79: 70550 | D79: 90000010104 | E79: 3101 | F79: 10721300 | G79: TREE PLANTING: Tree Crop Seeding Production for Revenue Generation | H79: 10000000 | J79: -5000000 | K79: =SUM(H79,J79) -> 5000000 | L79: CR7
A80: 23030127 | B80: 01 | C80: 70460 | D80: 110000010102 | E80: 3101 | F80: 10721300 | G80: REHABILITATION/REPAIRS- ICT INFRASTRUCTURES: Digital Production of of Benue News & Benue Today | H80: 300000 | K80: =SUM(H80,J80) -> 300000
A81: 23030127 | B81: 02 | C81: 70460 | D81: 110000010102 | E81: 3101 | F81: 10720517 | G81: REHABILITATION/REPAIRS- ICT INFRASTRUCTURES: Internet Facilities at the ICT Unit at School of Agriculture, Yandev. | H81: 2455000 | K81: =SUM(H81,J81) -> 2455000
A82: 23030124 | B82: 05 | C82: 70411 | D82: 00030000020108 | E82: 3101 | F82: 107213000 | G82: REHABILITATION/REPAIRS- MARKETS/PARKS | K82: =SUM(H82,J82) -> 0
A83: 23030122 | B83: 01 | C83: 70620 | D83: 30000020108 | E83: 3101 | F83: 10721300 | G83: REHABILITATION/REPAIRS OF BOUNDARIES | H83: 50000000 | K83: 50000000
A84: 23030121 | B84: 01 | C84: 70610 | D84: 30000020106 | E84: 3101 | F84: 10721300 | G84: REHABILITATION / REPAIRS OF OFFICE BUILDINGS: Repairs/Rehabilitation of State Secretariat | H84: 14323050 | J84: -5000000 | K84: =SUM(H84,J84) -> 9323050
A85: 23030121 | B85: 01 | C85: 70460 | D85: 110000010102 | E85: 3101 | F85: 10721300 | G85: REHABILITATION / REPAIRS OF OFFICE BUILDINGS: Repair/Equipping of Graphic Arts Studio | H85: 1000000 | K85: =SUM(H85,J85) -> 1000000
A86: 23030121 | B86: 01 | C86: 70460 | D86: 130000010106 | E86: 3101 | F86: 10731908 | G86: REHABILITATION / REPAIRS OF OFFICE BUILDINGS: Renovation and Extension of 3 Area Information Offices at Otukpo | H86: 1700000 | K86: =SUM(H86,J86) -> 1700000
A87: 23030121 | B87: 01 | C87: 70460 | D87: 130000010106 | E87: 3101 | F87: 10721300 | G87: REHABILITATION / REPAIRS OF OFFICE BUILDINGS: Rehabilitation of outdoor /indoor Aminu Isah Kantogora theatre | H87: 50000000 | J87: -30000000 | K87: =SUM(H87,J87) -> 20000000
A88: 23030121 | B88: 01 | C88: 70460 | D88: 130000010106 | E88: 3101 | F88: 10731908 | G88: REHABILITATION / REPAIRS OF OFFICE BUILDINGS: Library Renovation & Fencing at Lib. Board Otukpo | H88: 2200000 | K88: =SUM(H88,J88) -> 2200000
A89: 23030121 | B89: 01 | C89: 70460 | D89: 130000010106 | E89: 3101 | F89: 10720503 | G89: REHABILITATION / REPAIRS OF OFFICE BUILDINGS: Library Renovation & Fencing at Lib. Board Gboko | H89: 2200000 | K89: =SUM(H89,J89) -> 2200000
A90: 23030121 | B90: 01 | C90: 70460 | D90: 130000010106 | E90: 3101 | F90: 10710904 | G90: REHABILITATION / REPAIRS OF OFFICE BUILDINGS: Library Renovation / fencing at Lib. Board Kastina-Ala | H90: 5400000 | K90: =SUM(H90,J90) -> 5400000
A91: 23030121 | B91: 01 | C91: 70460 | D91: 130000010106 | E91: 3101 | F91: 10721300 | G91: REHABILITATION / REPAIRS OF OFFICE BUILDINGS: Library Renovation at Library Board Headquarters | H91: 50000000 | J91: -30000000 | K91: =SUM(H91,J91) -> 20000000
A92: 23030121 | B92: 01 | C92: 70460 | D92: 130000010106 | E92: 3101 | F92: 10731908 | G92: REHABILITATION / REPAIRS OF OFFICE BUILDINGS: Renovation of Dilapidated Library Area Office In Adikpo,Gboko,Otukpo | H92: 3400000 | K92: =SUM(H92,J92) -> 3400000
A93: 23030121 | B93: 02 | C93: 70443 | D93: 130000010106 | E93: 3101 | F93: 10721300 | G93: REHABILITATION / REPAIRS OF OFFICE BUILDINGS: Renovation of office block at MANR Headquarters | H93: 21200000 | K93: =SUM(H93,J93) -> 21200000
A94: 23030121 | B94: 02 | C94: 70443 | D94: 130000010106 | E94: 3101 | F94: 10721300 | G94: REHABILITATION / REPAIRS OF OFFICE BUILDINGS:Renovation of office building HQTRS (BNARDA) | H94: 18000000 | J94: -8000000 | K94: =SUM(H94,J94) -> 10000000
A95: 23030121 | B95: 02 | C95: 70610 | D95: 50000020105 | E95: 3101 | F95: 10720517 | G95: REHABILITATION / REPAIRS OF OFFICE BUILDINGS: Renovation of CPT Block at AOPOLY, Yandev. | H95: 6400000 | K95: =SUM(H95,J95) -> 6400000
A96: 23030121 | B96: 02 | C96: 70610 | D96: 50000020105 | E96: 3101 | F96: 10720517 | G96: REHABILITATION / REPAIRS OF OFFICE BUILDINGS: Re-modeling the roof of the office block for Animal Husbandry and Animal Health Depts at AOPOLY, Yandev. | H96: 1588790 | K96: =SUM(H96,J96) -> 1588790
A97: 23030121 | B97: 02 | C97: 70610 | D97: 50000020105 | E97: 3101 | F97: 10720517 | G97: REHABILITATION / REPAIRS OF OFFICE BUILDINGS: Repair of the College Library roof and windows at AOPOLY, Yandev. | H97: 1050000 | K97: =SUM(H97,J97) -> 1050000
A98: 23030121 | B98: 02 | C98: 70610 | D98: 50000020105 | E98: 3101 | F98: 10720517 | G98: REHABILITATION / REPAIRS OF OFFICE BUILDINGS: Re-construction of the roof of the 405 Capacity Auditorium at AOPOLY, Yandev. | H98: 10645925 | J98: -5000000 | K98: =SUM(H98,J98) -> 5645925
A99: 23030121 | B99: 02 | C99: 70443 | D99: 60000010103 | E99: 3101 | F99: 10721300 | G99: REHABILITATION / REPAIRS OF OFFICE BUILDINGS | J99: 8745200 | K99: =SUM(H99,J99) -> 8745200
A100: 23030121 | B100: 02 | C100: 70443 | D100: 130000010106 | E100: 3101 | F100: 10721300 | G100: REHABILITATION / REPAIRS OF OFFICE BUILDINGS: Rehabilitation of Central Mechanical and Electrical Workshops Buildings. | H100: 5000000 | K100: =SUM(H100,J100) -> 5000000
...

Sheet Detail RecExp. & CAP SORT
A1: BENUE STATE GOVERNMENT
A2: 2021 SUPPLEMENTARY BUDGET
A3: 23050104 | B3: 05 | C3: 70443 | D3: 70000010104 | E3: 3101 | F3: 10721300 | G3: ANNIVERSARIES/CELEBRATIONS: women peace & security programme | H3: 2150000 | K3: =SUM(H3,J3) -> 2150000
A4: 23050104 | B4: 05 | C4: 71070 | D4: 30000020108 | E4: 3101 | F4: 10721300 | G4: ANNIVERSARIES/CELEBRATIONS: Orphan and Vulnerable children empowerment and livelihoods support | K4: =SUM(H4,J4) -> 0
A5: 23050101 | B5: 05 | C5: 70140 | D5: 130000010105 | E5: 3101 | F5: 10721300 | G5: RESEARCH & DEVELOPMENT: Development of Curriculum for Indigenous Languages (Tiv, Idoma and Igede) | H5: 1000000 | J5: 2500000 | K5: =SUM(H5,J5) -> 3500000
A6: 23050101 | B6: 05 | C6: 70140 | D6: 50000020102 | E6: 3101 | F6: 10721300 | G6: Family Life Health Education Monitoring and Evaluation MoE Makurdi | H6: 1720000 | K6: =SUM(H6,J6) -> 1720000
A7: 23050101 | B7: 05 | C7: 70140 | D7: 10000030106 | E7: 3101 | F7: 10721300 | G7: RESEARCH & DEVELOPMENT:Hosting of Annual Book Fair Festival for schs. | H7: 5000000 | K7: =SUM(H7,J7) -> 5000000
A8: 23050101 | B8: 05 | C8: 70140 | D8: 10000030106 | E8: 3101 | F8: 10721300 | G8: RESEARCH & DEVELOPMENT:Hosting of Arts and Culture/Craft exhibition for schs. | H8: 5000000 | K8: =SUM(H8,J8) -> 5000000
A9: 23050101 | B9: 05 | C9: 70970 | D9: 50000020102 | E9: 3101 | F9: 10731700 | G9: RESEARCH AND DEVELOPMENT-: Asset Collation Documentation, Revaluation at College of Education, Oju. | H9: 5378100 | K9: =SUM(H9,J9) -> 5378100
A10: 23050101 | B10: 05 | C10: 70131 | D10: 0 | E10: 2101 | F10: 10721300 | G10: RESEARCH AND DEVELOPMENT - RECURRENT (R&D) | H10: 800000 | K10: =SUM(H10,J10) -> 800000
A11: 23050101 | B11: 05 | C11: 70970 | D11: 00030000020104 | E11: 3101 | F11: 107213000 | G11: RESEARCH AND DEVELOPMENT | K11: =SUM(H11,J11) -> 0
A12: 23050101 | B12: 05 | C12: 70740 | D12: 40000030104 | E12: 3101 | F12: 10721300 | G12: HMIS and LMCU, Malaria, HIV/AIDS, Immunization, Emergency Preparedness, Nutrition, Maternal and Child Health,Hepatitis control and food safety. | H12: 10000000 | K12: =SUM(H12,J12) -> 10000000 | L12: CR10
A13: 23050101 | B13: 05 | C13: 70740 | D13: 40000030104 | E13: 3101 | F13: 10721300 | G13: RESEARCH & DEVELOPMENT: Conduction of Health related Researchs activities | H13: 5000000 | K13: =SUM(H13,J13) -> 5000000 | L13: CR10
A14: 23050101 | B14: 05 | C14: 70740 | D14: 40000030104 | E14: 3101 | F14: 10721300 | G14: RESEARCH & DEVELOPMENT: Implementatio, Expansion and strengthening ofFree MCH for under 5 children in the Sttate | H14: 10000000 | K14: =SUM(H14,J14) -> 10000000 | L14: CR10
A15: 23050101 | B15: 05 | C15: 70740 | D15: 40000010106 | E15: 3101 | F15: 10721300 | G15: RESEARCH & DEVELOPMENT: Implementation of State Strategic Health Development plan | H15: 20000000 | K15: =SUM(H15,J15) -> 20000000 | L15: CR10
A16: 23050101 | B16: 05 | C16: 70740 | D16: 40000030104 | E16: 3101 | F16: 10721300 | G16: RESEARCH & DEVELOPMENT: Implementation of ward minimum health package: | H16: 3000000 | K16: =SUM(H16,J16) -> 3000000 | L16: CR10
A17: 23050101 | B17: 05 | C17: 70740 | D17: 40000030104 | E17: 3101 | F17: 10721300 | G17: RESEARCH & DEVELOPMENT: Strengthening specific disease control programme and development of emergency preparedness and response to crucial outbreak of diseases (Measles, celebro-spinal meningitis etc).Emergency Preparedness for epidemic and disease control and fire outbreak | H17: 15000000 | K17: =SUM(H17,J17) -> 15000000 | L17: CR10
A18: 23050101 | B18: 05 | C18: 70740 | D18: 40000030104 | E18: 3101 | F18: 10721300 | G18: RESEARCH & DEVELOPMENT: Control of tropical diseases to be able to curtail the spread of epidemic diseases and SMT activities in the state. | H18: 50000000 | J18: -25000000 | K18: =SUM(H18,J18) -> 25000000 | L18: CR10
A19: 23050101 | B19: 05 | C19: 70740 | D19: 40000010106 | E19: 3101 | F19: 10721300 | G19: RESEARCH & DEVELOPMENT: Infant and yound child feeding: To improve nutritional status and reduce child mortality rate. | H19: 3000000 | K19: =SUM(H19,J19) -> 3000000 | L19: CR10
A20: 23050101 | B20: 05 | C20: 70740 | D20: 40000030104 | E20: 3101 | F20: 10721300 | G20: RESEARCH & DEVELOPMENT: Support control of Malaria, tuberculosis and Leprosy. To improve access to quality TB prevention, diagnosis and treatment in the State | H20: 5000000 | K20: =SUM(H20,J20) -> 5000000 | L20: CR10
A21: 23050101 | B21: 05 | C21: 70740 | D21: 40000030104 | E21: 3101 | F21: 10721300 | G21: RESEARCH & DEVELOPMENT: Support preventive Mental health: To strengthen mental health services and provide effective services to contain drug abuse,provide rehabilitation center and services for managing addicts. and set up task force. (SDCC) | H21: 50000000 | J21: -25000000 | K21: =SUM(H21,J21) -> 25000000 | L21: CR10
A22: 23050101 | B22: 05 | C22: 70740 | D22: 40000030102 | E22: 3101 | F22: 10721300 | G22: RESEARCH & DEVELOPMENT: Strengthening of supply chain Management programme: Data collection, review, and collation for Last Mile Distribution to functional Malaria, NTD, FP and HIV sites) every 2 months @ 2million X 6 times. | H22: 30000000 | K22: =SUM(H22,J22) -> 30000000 | L22: CR10
A23: 23040102 | B23: 05 | C23: 70550 | D23: 90000010103 | E23: 3101 | F23: 10731700 | G23: EROSION & FLOOD CONTROL-: Construction of Culverts and Drainages at College of Education, Oju. | H23: 24000000 | J23: -5000000 | K23: =SUM(H23,J23) -> 19000000
A24: 23030124 | B24: 05 | C24: 70411 | D24: 00030000020108 | E24: 3101 | F24: 107213000 | G24: REHABILITATION/REPAIRS- MARKETS/PARKS | K24: =SUM(H24,J24) -> 0
A25: 23030121 | B25: 05 | C25: 70941 | D25: 50000010105 | E25: 3101 | F25: 10721300 | G25: REHABILITATION / REPAIRS OF OFFICE BUILDINGS: Construction of 1No Administrative Office | H25: 6192000 | K25: =SUM(H25,J25) -> 6192000
A26: 23030121 | B26: 05 | C26: 70443 | D26: 50000030105 | E26: 3101 | F26: 10731700 | G26: REHABILITATION / REPAIRS OF OFFICE BUILDINGS-: Renovation of Delapidated Class Rooms/Auditorium and Staff Offices at College of Education, Oju. | H26: 8202075 | J26: -3000000 | K26: =SUM(H26,J26) -> 5202075
A27: 23030121 | B27: 05 | C27: 70131 | D27: 00130000010106 | E27: 3101 | F27: 10721300 | G27: REHABILITATION / REPAIRS OF OFFICE BUILDINGS: Renovation of 3 Blocks Offices | K27: =SUM(H27,J27) -> 0
A28: 23030121 | B28: 05 | C28: 70610 | D28: 60000010103 | E28: 3101 | F28: 107213000 | G28: REHABILITATION / REPAIRS OF OFFICE BUILDINGS: Rehabilitaion of 5 Office Blocks at BSU Campus, Makurdi | H28: 25834248 | K28: =SUM(H28,J28) -> 25834248
A29: 23030121 | B29: 05 | C29: 70740 | D29: 50000010104 | E29: 13101 | F29: 10721300 | G29: REHABILITATION / REPAIRS OF OFFICE BUILDINGS: Renovation/Rehabilitation of Benue State Primary Health Care Board offices:To Provide conducive accomodation for staff of the Board. | H29: 25000000 | I29: 5500000 | J29: -8865000 | K29: =SUM(H29,J29) -> 16135000 | L29: CR10
A30: 23030121 | B30: 05 | C30: 70443 | D30: 40000010106 | E30: 3101 | F30: 10721300 | G30: REHABILITATION / REPAIRS OF OFFICE BUILDINGS: Renovation of State Medical Store Apir | H30: 50000000 | J30: -25000000 | K30: =SUM(H30,J30) -> 25000000 | L30: CR10
A31: 23030121 | B31: 05 | C31: 70443 | D31: 60000010103 | E31: 3101 | F31: 10721300 | G31: REHABILITATION / REPAIRS OF OFFICE BUILDINGS: Renovation work of IBB square Makurdi | H31: 4300000 | J31: -2000000 | K31: =SUM(H31,J31) -> 2300000
A32: 23030121 | B32: 05 | C32: 70443 | D32: 60000010105 | E32: 3101 | F32: 10720500 | G32: REHABILITATION / REPAIRS OF OFFICE BUILDINGS: Renovation of staff quarters in Remand Home Gboko | H32: 6450000 | J32: -4000000 | K32: =SUM(H32,J32) -> 2450000
A33: 23030121 | B33: 05 | C33: 70443 | D33: 70000010104 | E33: 3101 | F33: 10710900 | G33: REHABILITATION / REPAIRS OF OFFICE BUILDINGS: Renovation of DSWO at K/Ala | H33: 3000000 | K33: =SUM(H33,J33) -> 3000000
A34: 23030121 | B34: 05 | C34: 70443 | D34: 70000010104 | E34: 3101 | F34: 10720500 | G34: REHABILITATION / REPAIRS OF OFFICE BUILDINGS: Renovation of DSWO at Gboko | H34: 3000000 | K34: =SUM(H34,J34) -> 3000000
A35: 23030121 | B35: 05 | C35: 70443 | D35: 70000010104 | E35: 3101 | F35: 10711101 | G35: REHABILITATION / REPAIRS OF OFFICE BUILDINGS: Renovation of DSWO at Adikpo | H35: 3000000 | J35: -2000000 | K35: =SUM(H35,J35) -> 1000000
A36: 23030121 | B36: 05 | C36: 70443 | D36: 70000010104 | E36: 3101 | F36: 10721300 | G36: REHABILITATION / REPAIRS OF OFFICE BUILDINGS: Renovation of DSWO at Makurdi | H36: 3000000 | J36: -2000000 | K36: =SUM(H36,J36) -> 1000000
A37: 23030121 | B37: 05 | C37: 70443 | D37: 70000010104 | E37: 3101 | F37: 10731900 | G37: REHABILITATION / REPAIRS OF OFFICE BUILDINGS: Renovation of DSWO at Otukpo | H37: 3000000 | J37: -2000000 | K37: =SUM(H37,J37) -> 1000000
A38: 23030121 | B38: 05 | C38: 70443 | D38: 70000010104 | E38: 3101 | F38: 10721300 | G38: REHABILITATION / REPAIRS OF OFFICE BUILDINGS: Renovation of some parts of Mama Abayol Orphanage Home:Children Park | H38: 2709000 | K38: =SUM(H38,J38) -> 2709000
A39: 23030121 | B39: 05 | C39: 70443 | D39: 70000010104 | E39: 3101 | F39: 10721300 | G39: REHABILITATION / REPAIRS OF OFFICE BUILDINGS: Renovation of Day care Centre | H39: 2875000 | J39: 10000000 | K39: =SUM(H39,J39) -> 12875000
A40: 23030121 | B40: 05 | C40: 70443 | D40: 30000020108 | E40: 3101 | F40: 10721300 | G40: REHABILITATION / REPAIRS OF OFFICE BUILDINGS: Renovation of OVC zonal centre for older children | H40: 8000000 | J40: -4000000 | K40: =SUM(H40,J40) -> 4000000
A41: 23030121 | B41: 05 | C41: 70443 | D41: 80000020103 | E41: 3101 | F41: 10721300 | G41: REHABILITATION / REPAIRS OF OFFICE BUILDINGS: Renovation of Maryam Abacha Amusement Park opposite Ankpa quarters. | H41: 4300000 | J41: -2000000 | K41: =SUM(H41,J41) -> 2300000
A42: 23030121 | B42: 05 | C42: 70443 | D42: 60000010105 | E42: 3101 | F42: 10721300 | G42: REHABILITATION / REPAIRS OF OFFICE BUILDINGS: Resuscitation of the Briquetting Center | H42: 8600000 | J42: -4000000 | K42: =SUM(H42,J42) -> 4600000
A43: 23030121 | B43: 05 | C43: 70443 | D43: 60000010105 | E43: 3101 | F43: 10721300 | G43: REHABILITATION / REPAIRS OF OFFICE BUILDINGS: Renovation of Pauline Makka Centre | H43: 25800 | J43: 4500000 | K43: =SUM(H43,J43) -> 4525800
A44: 23030121 | B44: 05 | C44: 70443 | D44: 80000020103 | E44: 3101 | F44: 10721300 | G44: REHABILITATION / REPAIRS OF OFFICE BUILDINGS: Re-construction of Macafa Park (Event Hall) | H44: 12900000 | J44: 10000000 | K44: =SUM(H44,J44) -> 22900000
A45: 23030106 | B45: 05 | C45: 70941 | D45: 50000010104 | E45: 3101 | F45: 10721300 | G45: REHABILITATION / REPAIRS - PUBLIC SCHOOLS: Cost of Renovation of 2 No. classrooms (BSU II & III) for Public Administration | H45: 2408000 | K45: =SUM(H45,J45) -> 2408000
A46: 23030106 | B46: 05 | C46: 70941 | D46: 50000010104 | E46: 3101 | F46: 10721300 | G46: REHABILITATION / REPAIRS - PUBLIC SCHOOLS:Repairs of dilapidated ceiling, broken walls and lourves and wiring of the existing classroom | H46: 550400 | K46: =SUM(H46,J46) -> 550400
A47: 23030106 | B47: 05 | C47: 70740 | D47: 50000010104 | E47: 13101 | F47: 10721300 | G47: REHABILITATION / REPAIRS - PUBLIC SCHOOLS: Renovation of 3 Nos. Classroom Blocks with 3 No. Toilets at Sch. Of Nursing Makurdi. | H47: 9000000 | K47: =SUM(H47,J47) -> 9000000 | L47: CR10
A48: 23030105 | B48: 05 | C48: 70740 | D48: 40000010106 | E48: 3101 | F48: 10721300 | G48: REHABILITATION / REPAIRS - HOSPITAL / HEALTH CENTRES: Renovation of General Hospital, K/ala | J48: 50000000 | K48: =SUM(H48,J48) -> 50000000
A49: 23030105 | B49: 05 | C49: 70740 | D49: 40000010106 | E49: 3101 | F49: 10721300 | G49: REHABILITATION / REPAIRS - HOSPITAL / HEALTH CENTRES: Renovation of General Hospital, Gboko | J49: 50000000 | K49: =SUM(H49,J49) -> 50000000
A50: 23030105 | B50: 05 | C50: 70740 | D50: 40000010106 | E50: 3101 | F50: 10721300 | G50: REHABILITATION / REPAIRS - HOSPITAL / HEALTH CENTRES: Renovation of General Hospital, Okpoga | J50: 50000000 | K50: =SUM(H50,J50) -> 50000000
A51: 23030105 | B51: 05 | C51: 70740 | D51: 40000010101 | E51: 3101 | F51: 10711101 | G51: REHABILITATION / REPAIRS - HOSPITAL / HEALTH CENTRES: Completion of renovation works of 10 general hospitals (Adikpo,Aliade,Gboko,Gbajimba,Katsina Ala,Vandekya,Otukpo,Igumale,Okpoga and Oju): 45% Completion (Adikpo) | H51: 18636364 | K51: =SUM(H51,J51) -> 18636364
A52: 23030105 | B52: 05 | C52: 70740 | D52: 40000010101 | E52: 3101 | F52: 10720702 | G52: REHABILITATION / REPAIRS - HOSPITAL / HEALTH CENTRES: Completion of renovation works of 10 general hospitals (Adikpo,Aliade,Gboko,Gbajimba,Katsina Ala,Vandekya,Otukpo,Igumale,Okpoga and Oju): 45% Completion (Aliade) | H52: 18636364 | K52: =SUM(H52,J52) -> 18636364
A53: 23030105 | B53: 05 | C53: 70740 | D53: 40000010101 | E53: 3101 | F53: 10720501 | G53: REHABILITATION / REPAIRS - HOSPITAL / HEALTH CENTRES: Completion of renovation works of 10 general hospitals (Adikpo,Aliade,Gboko,Gbajimba,Katsina Ala,Vandekya,Otukpo,Igumale,Okpoga and Oju): 45% Completion (Gboko) | H53: 18636364 | K53: =SUM(H53,J53) -> 18636364
A54: 23030105 | B54: 05 | C54: 70740 | D54: 40000010101 | E54: 3101 | F54: 10720602 | G54: REHABILITATION / REPAIRS - HOSPITAL / HEALTH CENTRES: Completion of renovation works of 10 general hospitals (Adikpo,Aliade,Gboko,Gbajimba,Katsina Ala,Vandekya,Otukpo,Igumale,Okpoga and Oju): 45% Completion (Gbajimba) | H54: 18636364 | K54: =SUM(H54,J54) -> 18636364
A55: 23030105 | B55: 05 | C55: 70740 | D55: 40000010101 | E55: 3101 | F55: 10710904 | G55: REHABILITATION / REPAIRS - HOSPITAL / HEALTH CENTRES: Completion of renovation works of 10 general hospitals (Adikpo,Aliade,Gboko,Gbajimba,Katsina Ala,Vandekya,Otukpo,Igumale,Okpoga and Oju): 45% Completion (Katsina Ala) | H55: 18636364 | K55: =SUM(H55,J55) -> 18636364
A56: 23030105 | B56: 05 | C56: 70740 | D56: 40000010101 | E56: 3101 | F56: 10712311 | G56: REHABILITATION / REPAIRS - HOSPITAL / HEALTH CENTRES: Completion of renovation works of 10 general hospitals (Adikpo,Aliade,Gboko,Gbajimba,Katsina Ala,Vandekya,Otukpo,Igumale,Okpoga and Oju): 45% Completion (Vandekya) | H56: 18636364 | K56: =SUM(H56,J56) -> 18636364
A57: 23030105 | B57: 05 | C57: 70740 | D57: 40000010101 | E57: 3101 | F57: 10720500 | G57: REHABILITATION / REPAIRS - HOSPITAL / HEALTH CENTRES: Completion of renovation works of 10 general hospitals (Adikpo,Aliade,Gboko,Gbajimba,Katsina Ala,Vandekya,Otukpo,Igumale,Okpoga and Oju): 45% Completion (Otukpo) | H57: 18636364 | K57: =SUM(H57,J57) -> 18636364
A58: 23030105 | B58: 05 | C58: 70740 | D58: 40000010101 | E58: 3101 | F58: 10730104 | G58: REHABILITATION / REPAIRS - HOSPITAL / HEALTH CENTRES: Completion of renovation works of 10 general hospitals (Adikpo,Aliade,Gboko,Gbajimba,Katsina Ala,Vandekya,Otukpo,Igumale,Okpoga and Oju): 45% Completion (Igumale) | H58: 18636364 | K58: =SUM(H58,J58) -> 18636364
A59: 23030105 | B59: 05 | C59: 70740 | D59: 40000010101 | E59: 3101 | F59: 10731808 | G59: REHABILITATION / REPAIRS - HOSPITAL / HEALTH CENTRES: Completion of renovation works of 10 general hospitals (Adikpo,Aliade,Gboko,Gbajimba,Katsina Ala,Vandekya,Otukpo,Igumale,Okpoga and Oju): 45% Completion (Okpoga) | H59: 18636364 | K59: =SUM(H59,J59) -> 18636364
A60: 23030105 | B60: 05 | C60: 70740 | D60: 40000010101 | E60: 3101 | F60: 10731607 | G60: REHABILITATION / REPAIRS - HOSPITAL / HEALTH CENTRES: Completion of renovation works of 10 general hospitals (Adikpo,Aliade,Gboko,Gbajimba,Katsina Ala,Vandekya,Otukpo,Igumale,Okpoga and Oju): 45% Completion (Oju) | H60: 18636364 | K60: =SUM(H60,J60) -> 18636364
A61: 23030105 | B61: 05 | C61: 70740 | D61: 40000010101 | E61: 3101 | F61: 10731900 | G61: REHABILITATION / REPAIRS - HOSPITAL / HEALTH CENTRES: Renovation of Health Centres at Ugboju-Ehaje and Adoka Icho (Ugboju- Ehaje) | H61: 5500000 | K61: =SUM(H61,J61) -> 5500000 | L61: CR10
A62: 23030105 | B62: 05 | C62: 70740 | D62: 40000010101 | E62: 3101 | F62: 10731900 | G62: REHABILITATION / REPAIRS - HOSPITAL / HEALTH CENTRES: Renovation of Health Centres at Ugboju-Ehaje and Adoka Icho (Adoka Icho) | H62: 5500000 | K62: =SUM(H62,J62) -> 5500000
A63: 23030105 | B63: 05 | C63: 70740 | D63: 40000010106 | E63: 3101 | F63: 10721300 | G63: REHABILITATION / REPAIRS - HOSPITAL / HEALTH CENTRES: Renovation/fencing of State Epid Unit, Makurdi. | H63: 20000000 | K63: =SUM(H63,J63) -> 20000000 | L63: CR10
A64: 23030105 | B64: 05 | C64: 70740 | D64: 40000010106 | E64: 3101 | F64: 10721300 | G64: REHABILITATION / REPAIRS - HOSPITAL / HEALTH CENTRE: Renovation of COVID-19 and other infectious disease research and treatment centre (Infectious Diseases Unit) at BSUTH Makurdi | H64: 126125580 | J64: -50000000 | K64: =SUM(H64,J64) -> 76125580 | L64: CR10
A65: 23030105 | B65: 05 | C65: 70740 | D65: 40000010101 | E65: 3101 | F65: 10721300 | G65: REHABILITATION / REPAIRS - PUBLIC SCHOOLS: Renovation of multipurpose hall, store block and attached toilets at Sch. Of Nursing. | H65: 11000000 | I65: 3000000 | K65: =SUM(H65,J65) -> 11000000 | L65: CR10
A66: 23030104 | B66: 05 | C66: 70630 | D66: 00030000020101 | E66: 3101 | F66: 10721300 | G66: REHABILITATION / REPAIRS - WATER FACILITIES | K66: =SUM(H66,J66) -> 0
A67: 23030103 | B67: 05 | C67: 70610 | D67: 00030000020108 | E67: 3101 | F67: 10721300 | G67: REHABILITATION / REPAIRS - HOUSING: HOSTEL | K67: =SUM(H67,J67) -> 0
A68: 23030102 | B68: 05 | C68: 70435 | D68: 00030000020105 | E68: 3101 | F68: 10721300 | G68: REHABILITATION / REPAIRS - ELECTRICITY | K68: =SUM(H68,J68) -> 0
A69: 23030101 | B69: 05 | C69: 70443 | D69: 50000010104 | E69: 3101 | F69: 10721300 | G69: REHABILITATION / REPAIRS OF OFFICE BUILDINGS: Renovation of EMIS Centre at MOE HQTRS Makurdi | H69: 17200000 | J69: -10000000 | K69: =SUM(H69,J69) -> 7200000
A70: 23030101 | B70: 05 | C70: 70443 | D70: 50000010104 | E70: 3101 | F70: 10721300 | G70: REHABILITATION / REPAIRS OF OFFICE BUILDINGS: Renov of 16 No. Govt Schools and Colleges in Benue State at N15, 625,000 million each | H70: 50000000 | J70: -30000000 | K70: =SUM(H70,J70) -> 20000000
A71: 23030101 | B71: 05 | C71: 70443 | D71: 50000010104 | E71: 3101 | F71: 10721300 | G71: REHABILITATION / REPAIRS OF OFFICE BUILDINGS: Reno/Rehab & Fu | H71: 17200000 | K71: =SUM(H71,J71) -> 17200000
A72: 23030101 | B72: 05 | C72: 70443 | D72: 50000010104 | E72: 3101 | F72: 10721300 | G72: REHABILITATION / REPAIRS OF OFFICE BUILDINGS: Renovation of 32 Govt.Secondary Schools | H72: 50000000 | J72: -32500000 | K72: =SUM(H72,J72) -> 17500000
A73: 23030101 | B73: 05 | C73: 70610 | D73: 60000010103 | E73: 3101 | F73: 107213000 | G73: REHABILITATION / REPAIRS OF RESIDENTIAL BUILDING: Rehabilitaion of 5 Blocks of Class rooms at BSU Campus, Makurdi | H73: 21190050 | I73: 2209040 | K73: =SUM(H73,J73) -> 21190050
A74: 23030101 | B74: 05 | C74: 70443 | D74: 60000010103 | E74: 3101 | F74: 10721300 | G74: REHABILITATION / REPAIRS OF RESIDENTIAL BUILDING: Renovation of Maimuna Kotangora Hostel | H74: 23650000 | J74: 8000000 | K74: =SUM(H74,J74) -> 31650000
A75: 23020127 | B75: 05 | C75: 70460 | D75: 140000010104 | E75: 3101 | F75: 10721300 | G75: RESEARCH AND DEVELOPMENT: SPECIALISED RESEARCH EQUIPMENT (E.G. SATELLITE) | H75: 587370 | K75: =SUM(H75,J75) -> 587370
A76: 23020127 | B76: 05 | C76: 70460 | D76: 110000010102 | E76: 3101 | F76: 10721300 | G76: PURCHASE OF TEACHING / LEARNING AID EQUIPMENT(Projectors) | H76: 1000000 | K76: =SUM(H76,J76) -> 1000000
A77: 23020119 | B77: 05 | C77: 70941 | D77: 80000020103 | E77: 3101 | F77: 10721300 | G77: CONSTRUCTION / PROVISION OF RECREATIONAL FACILITIES: Football field with tracks, Lawn Tennis, Volley Ball court with all necessary kits, balls and jersey. | H77: 4128000 | K77: =SUM(H77,J77) -> 4128000
A78: 23020119 | B78: 05 | C78: 70840 | D78: 30000020106 | E78: 3101 | F78: 10721300 | G78: ZOOS, PARKS & RESERVES: Academic Parks | H78: 1590000 | K78: =SUM(H78,J78) -> 1590000 | L78: CR13
A79: 23020118 | B79: 05 | C79: 70941 | D79: 50000010104 | E79: 3101 | F79: 10721300 | G79: CONSTRUCTION / PROVISION OF INFRASTRUCTURE: Construction of Lecture Theatre | H79: 250000000 | J79: 100000000 | K79: =SUM(H79,J79) -> 350000000
A80: 23020118 | B80: 05 | C80: 70443 | D80: 50000030105 | E80: 3101 | F80: 10731700 | G80: CONSTRUCTION / PROVISION OF INFRASTRUCTURE-: Construction of Central Stores at College of Education, Oju. | H80: 12000000 | J80: -4000000 | K80: =SUM(H80,J80) -> 8000000
A81: 23020118 | B81: 05 | C81: 70443 | D81: 50000030105 | E81: 3101 | F81: 10731700 | G81: CONSTRUCTION / PROVISION OF INFRASTRUCTURE-Construction of College Gate at College of Education, Oju. | H81: 6000000 | J81: -193101.67 | K81: =SUM(H81,J81) -> 5806898.3
A82: 23020118 | B82: 05 | C82: 70443 | D82: 50000030105 | E82: 3101 | F82: 10731700 | G82: CONSTRUCTION / PROVISION OF INFRASTRUCTURE-Construction of Perimeter Fence at College at College of Education, Oju. | H82: 2402400 | K82: =SUM(H82,J82) -> 2402400
A83: 23020116 | B83: 05 | C83: 70540 | D83: 90000010103 | E83: 3101 | F83: 10721300 | G83: REHABILITATION / REPAIRS - WATER FACILITIES : Repairs of broken water Pipes at the College | H83: 1500000 | I83: 244500 | J83: 51100 | K83: =SUM(H83,J83) -> 1551100
A84: 23020116 | B84: 05 | C84: 70540 | D84: 90000010103 | E84: 3101 | F84: 10721300 | G84: CONSTRUCTION / PROVISION OF INFRASTRUCTURE: Reconstruction/reinforce concrete wall chambers, install 2No. Sewage pumps and hack and bury the exposed water pipes to Dr. quarters at BSUTH | H84: 10000000 | K84: =SUM(H84,J84) -> 10000000 | L84: CR10
A85: 23020116 | B85: 05 | C85: 70540 | D85: 90000010103 | E85: 3101 | F85: 10721300 | G85: CONSTRUCTION / PROVISION OF INFRASTRUCTURE: School of Nursing | K85: =SUM(H85,J85) -> 0
A86: 23020116 | B86: 05 | C86: 70540 | D86: 90000010103 | E86: 3101 | F86: 10721300 | G86: SEWAGE/ DRAINAGE NETWORK | H86: 5586200 | K86: =SUM(H86,J86) -> 5586200 | L86: CR13
A87: 23020114 | B87: 05 | C87: 70443 | D87: 50000030105 | E87: 3101 | F87: 10731700 | G87: CONSTRUCTION / PROVISION OF ROADS-: Construction of Access Road at College of Education, Oju. | H87: 12000000 | J87: -4000000 | K87: =SUM(H87,J87) -> 8000000
A88: 23020114 | B88: 05 | C88: 70451 | D88: 150000010101 | E88: 3101 | F88: 10721300 | G88: CONSTRUCTION / PROVISION OF ROADS: Access Roads from 1st Campus to Second Campus | H88: 14447983 | K88: =SUM(H88,J88) -> 14447983
A89: 23020107 | B89: 05 | C89: 70941 | D89: 50000010105 | E89: 3101 | F89: 10721300 | G89: CONSTRUCTION / PROVISION OF PUBLIC SCHOOLS: Construction of 1 No. Resource centre | H89: 12040000 | J89: 20000000 | K89: =SUM(H89,J89) -> 32040000
A90: 23020107 | B90: 05 | C90: 70941 | D90: 50000010104 | E90: 3101 | F90: 10721300 | G90: CONSTRUCTION / PROVISION OF PUBLIC SCHOOLS: Cost of partitioning of available classroom | H90: 412800 | J90: 20000000 | K90: =SUM(H90,J90) -> 20412800
A91: 23020107 | B91: 05 | C91: 70941 | D91: 50000010104 | E91: 3101 | F91: 10721300 | G91: CONSTRUCTION / PROVISION OF PUBLIC SCHOOLS: Cost of design studio, pattern drafting, cutting, sewing and sitting rooms | H91: 963200 | J91: 20000000 | K91: =SUM(H91,J91) -> 20963200
A92: 23020107 | B92: 05 | C92: 70941 | D92: 50000010104 | E92: 3101 | F92: 10721300 | G92: CONSTRUCTION / PROVISION OF PUBLIC SCHOOLS: Cost of flooring of the classroom for Fashion Design | H92: 172000 | J92: 20000000 | K92: =SUM(H92,J92) -> 20172000
A93: 23020107 | B93: 05 | C93: 70941 | D93: 50000010104 | E93: 3101 | F93: 10721300 | G93: CONSTRUCTION / PROVISION OF PUBLIC SCHOOLS: Construction of 2 No. classrooms for the programme | H93: 2752000 | J93: 20000000 | K93: =SUM(H93,J93) -> 22752000
A94: 23020107 | B94: 05 | C94: 70941 | D94: 50000010104 | E94: 3101 | F94: 10721300 | G94: CONSTRUCTION / PROVISION OF PUBLIC SCHOOLS: Construction of 1 No. block housing hardware & software for computer science | H94: 2752000 | J94: 20000000 | K94: =SUM(H94,J94) -> 22752000
A95: 23020107 | B95: 05 | C95: 70941 | D95: 50000010104 | E95: 3101 | F95: 10721300 | G95: CONSTRUCTION / PROVISION OF PUBLIC SCHOOLS: Construction of 1 No. Painting, Decoration and Blazing Workshop | H95: 1720000 | J95: 20000000 | K95: =SUM(H95,J95) -> 21720000
A96: 23020107 | B96: 05 | C96: 70941 | D96: 50000010104 | E96: 3101 | F96: 10721300 | G96: CONSTRUCTION / PROVISION OF PUBLIC SCHOOLS:Construction of 1 No. Laboratory for structure/strength of materials per NBTE minimum requirements | H96: 2752000 | J96: 20000000 | K96: =SUM(H96,J96) -> 22752000
A97: 23020107 | B97: 05 | C97: 70941 | D97: 50000010104 | E97: 3101 | F97: 10721300 | G97: CONSTRUCTION / PROVISION OF PUBLIC SCHOOLS: Construction of 1 No. Electronics/Telecom Laboratory | H97: 1720000 | J97: 20000000 | K97: =SUM(H97,J97) -> 21720000
A98: 23020107 | B98: 05 | C98: 70941 | D98: 50000010104 | E98: 3101 | F98: 10721300 | G98: CONSTRUCTION / PROVISION OF PUBLIC SCHOOLS: Construction of 1 No. Power and Machine Laboratory | H98: 2064000 | J98: 20000000 | K98: =SUM(H98,J98) -> 22064000
A99: 23020107 | B99: 05 | C99: 70941 | D99: 50000010104 | E99: 3101 | F99: 10721300 | G99: CONSTRUCTION / PROVISION OF PUBLIC SCHOOLS: Construction of 1 No. Mechanical workshop for Electrical/Electronic Engineering | H99: 1720000 | J99: 20000000 | K99: =SUM(H99,J99) -> 21720000
A100: 23020107 | B100: 05 | C100: 70941 | D100: 50000010104 | E100: 3101 | F100: 10721300 | G100: CONSTRUCTION / PROVISION OF PUBLIC SCHOOLS:Construction of 1 No. Resource centre with 20 functional computers for Business Adminstration | H100: 8600000 | J100: 20000000 | K100: =SUM(H100,J100) -> 28600000
...

Sheet Detail RecExp. & REC SORT (2)
A1: BENUE STATE GOVERNMENT
A2: 2021 SUPPLEMENTARY BUDGET
A3: 22070101 | B3: 05 | C3: 70131 | D3: 0 | E3: 2101 | F3: 10721300 | G3: TRANSFER TO CDF | H3: 247492885 | J3: -150000000 | K3: =SUM(H3,J3) -> 97492885
A4: 22070101 | B4: 05 | C4: 70131 | D4: 0 | E4: 2101 | F4: 10721300 | G4: TRANSFER TO CDF:RELIEF Material and Food Supply for the Poor, Widows,aged,persons living with disability and psychosocial illness and other vulnerable groups | H4: 100000000 | I4: 5595500 | K4: =SUM(H4,J4) -> 100000000 | L4: CR11
A5: 22040110 | B5: 05 | C5: 70131 | D5: 0 | E5: 2101 | F5: 10721300 | G5: GRANTS TO ACADEMIC INSTITUTIONS: National Science/Mathematics Competitions. | H5: 750000 | K5: =SUM(H5,J5) -> 750000
A6: 22040109 | B6: 05 | C6: 70133 | D6: 0 | E6: 2101 | F6: 10721300 | G6: GRANTS TO COMMUNITIES/NGOs | H6: 2793000 | I6: 1833500 | J6: 707000 | K6: =SUM(H6,J6) -> 3500000
A7: 22040109 | B7: 05 | C7: 70131 | D7: 0 | E7: 2101 | F7: 10721300 | G7: GRANTS TO COMMUNITIES/NGOs | H7: 294000 | I7: 85000 | K7: =SUM(H7,J7) -> 294000
A8: 22040109 | B8: 05 | C8: 70133 | D8: 0 | E8: 2101 | F8: 10721300 | G8: GRANTS TO COMMUNITIES/NGOs | H8: 252000 | K8: =SUM(H8,J8) -> 252000
A9: 22040109 | B9: 05 | C9: 70131 | D9: 0 | E9: 2101 | F9: 10721300 | G9: GRANTS TO COMMUNITIES/NGOs | H9: 100000 | K9: =SUM(H9,J9) -> 100000
A10: 22040109 | B10: 05 | C10: 70131 | D10: 0 | E10: 2101 | F10: 10721300 | G10: GRANTS TO COMMUNITIES/NGOs/SOML/PHBPF | H10: 203000000 | I10: 0 | J10: -100000000 | K10: =SUM(H10,J10) -> 103000000 | L10: CR10
A11: 22040109 | B11: 05 | C11: 70131 | D11: 0 | E11: 2101 | F11: 10721300 | G11: GRANTS TO COMMUNITIES/NGOs - BSHIS | H11: 250000000 | I11: 0 | J11: -45800000 | K11: =SUM(H11,J11) -> 204200000 | L11: CR10
A12: 22040109 | B12: 05 | C12: 70131 | D12: 0 | E12: 2101 | F12: 10721300 | G12: GRANTS TO COMMUNITIES/NGOs - Word Bank Support on COVID-19 | H12: 250000000 | I12: 9878017.3 | J12: -150000000 | K12: =SUM(H12,J12) -> 100000000 | L12: CR10
A13: 22040109 | B13: 05 | C13: 70133 | D13: 0 | E13: 2101 | F13: 10721300 | G13: GRANTS TO COMMUNITIES/NGOs | H13: 294000 | I13: 300000 | J13: 4000000 | K13: =SUM(H13,J13) -> 4294000 | L13: CR13
A14: 22040109 | B14: 05 | C14: 70133 | D14: 0 | E14: 2101 | F14: 10721300 | G14: GRANTS TO COMMUNITIES/NGOs/TRADITIONAL COUNCILS | H14: 1000000 | I14: 0 | K14: =SUM(H14,J14) -> 1000000
A15: 22040109 | B15: 05 | C15: 70131 | D15: 0 | E15: 2101 | F15: 10721300 | G15: GRANTS TO COMMUNITIES/NGOs: Livelihood Support to Beneficiaries | H15: 1045800 | I15: 0 | J15: 1.3601216e+08 | K15: =SUM(H15,J15) -> 1.3705796e+08 | L15: CR11
A16: 22040104 | B16: 05 | C16: 70131 | D16: 0 | E16: 2101 | F16: 10721300 | G16: GRANT TO LOCAL GOVERNMENTS - CAPITAL (N-CARES 2021) | H16: 343480729 | I16: 132884994 | K16: =SUM(H16,J16) -> 343480729
A17: 22040101 | B17: 05 | C17: 70133 | D17: 0 | E17: 2101 | F17: 10721300 | G17: GRANT TO OTHER STATE GOVERNMENTS - CURRENT (REMITTANCE TO MOH) | H17: 1562795 | I17: 624084 | K17: =SUM(H17,J17) -> 1562795
A18: 22021041 | B18: 05 | C18: 70131 | D18: 0 | E18: 2101 | F18: 10721300 | G18: CONTINGENCY | H18: 1.0933067e+08 | I18: 51981376 | K18: =SUM(H18,J18) -> 1.0933067e+08 | L18: CR10
A19: 22021021 | B19: 05 | C19: 70131 | D19: 0 | E19: 2101 | F19: 10721300 | G19: SPECIAL DAYS/CELEBRATIONS | H19: 1000000 | K19: =SUM(H19,J19) -> 1000000
A20: 22021021 | B20: 05 | C20: 70131 | D20: 0 | E20: 2101 | F20: 10721300 | G20: SPECIAL DAYS/CELEBRATIONS | H20: - | J20: 3500000 | K20: =SUM(H20,J20) -> 3500000
A21: 22021021 | B21: 05 | C21: 70133 | D21: 0 | E21: 2101 | F21: 10721300 | G21: SPECIAL DAYS/CELEBRATIONS | H21: 14542500 | I21: 3180000 | K21: =SUM(H21,J21) -> 14542500
A22: 22021021 | B22: 05 | C22: 70131 | D22: 0 | E22: 2101 | F22: 10721300 | G22: SPECIAL DAYS/CELEBRATIONS | H22: 2000000 | I22: 1250000 | K22: =SUM(H22,J22) -> 2000000
A23: 22021021 | B23: 05 | C23: 70133 | D23: 0 | E23: 2101 | F23: 10721300 | G23: SPECIAL DAYS/CELEBRATIONS - CONVOCATION | H23: 651000 | J23: 20000000 | K23: =SUM(H23,J23) -> 20651000
A24: 22021021 | B24: 05 | C24: 70133 | D24: 0 | E24: 2101 | F24: 10721300 | G24: SPECIAL DAYS/CELEBRATIONS | H24: 7875000 | I24: 13645000 | K24: =SUM(H24,J24) -> 7875000
A25: 22021021 | B25: 05 | C25: 70131 | D25: 0 | E25: 2101 | F25: 10721300 | G25: SPECIAL DAYS/CELEBRATIONS | H25: 210000 | I25: 0 | K25: =SUM(H25,J25) -> 210000
A26: 22021021 | B26: 05 | C26: 70133 | D26: 0 | E26: 2101 | F26: 10721300 | G26: SPECIAL DAYS/CELEBRATIONS | H26: 1680000 | I26: 1680000 | K26: =SUM(H26,J26) -> 1680000
A27: 22021021 | B27: 05 | C27: 70133 | D27: 0 | E27: 2101 | F27: 10721300 | G27: SPECIAL DAYS/CELEBRATIONS | H27: 405000 | J27: 1000000 | K27: =SUM(H27,J27) -> 1405000 | L27: CR13
A28: 22021021 | B28: 05 | C28: 70131 | D28: 0 | E28: 2101 | F28: 10721300 | G28: SPECIAL DAYS/CELEBRATIONS | H28: 3334800 | K28: =SUM(H28,J28) -> 3334800
A29: 22021021 | B29: 05 | C29: 70133 | D29: 0 | E29: 2101 | F29: 10721300 | G29: SPECIAL DAYS/CELEBRATIONS | H29: 10000000 | I29: 0 | J29: -5000000 | K29: =SUM(H29,J29) -> 5000000
A30: 22021021 | B30: 05 | C30: 70131 | D30: 0 | E30: 2101 | F30: 10721300 | G30: SPECIAL DAYS/CELEBRATIONS | H30: 4000000 | I30: 1498000 | K30: =SUM(H30,J30) -> 4000000
A31: 22021021 | B31: 05 | C31: 70133 | D31: 0 | E31: 2101 | F31: 10721300 | G31: SPECIAL DAYS/CELEBRATIONS | H31: 3000000 | I31: 0 | K31: =SUM(H31,J31) -> 3000000
A32: 22021019 | B32: 05 | C32: 70133 | D32: 0 | E32: 2101 | F32: 10721300 | G32: MEDICAL EXPENSES-INTERNATIONAL | H32: 1000000 | K32: =SUM(H32,J32) -> 1000000
A33: 22021019 | B33: 05 | C33: 70133 | D33: 0 | E33: 2101 | F33: 10721300 | G33: MEDICAL EXPENSES - INTERNATIONAL | H33: 405000 | K33: =SUM(H33,J33) -> 405000 | L33: CR13
A34: 22021015 | B34: 05 | C34: 70131 | D34: 0 | E34: 2101 | F34: 10721300 | G34: PROCUREMENT& DISTRIBUTION OF COVID-19 PREVENTIVE EQUIPMENT | H34: 20000000 | J34: -11400000 | K34: =SUM(H34,J34) -> 8600000 | L34: CR14
A35: 22021014 | B35: 05 | C35: 70131 | D35: 0 | E35: 2101 | F35: 10721300 | G35: ANNUAL BUDGET EXPENSES AND ADMINSTRATION | I35: 0 | K35: =SUM(H35,J35) -> 0
A36: 22021014 | B36: 05 | C36: 70133 | D36: 0 | E36: 2101 | F36: 10721300 | G36: ANNUAL BUDGET EXPENSES & ADMINISTRATION | K36: =SUM(H36,J36) -> 0
A37: 22021014 | B37: 05 | C37: 70133 | D37: 0 | E37: 2101 | F37: 10721300 | G37: ANNUAL BUDGET EXPENSES & ADMINISTRATION | K37: =SUM(H37,J37) -> 0
A38: 22021011 | B38: 05 | C38: 70131 | D38: 0 | E38: 2101 | F38: 10721300 | G38: ANNUAL BUDGET EXPENSES AND ADMINISTRATION | H38: 2390644 | I38: 1839900 | K38: =SUM(H38,J38) -> 2390644
A39: 22021010 | B39: 05 | C39: 70133 | D39: 0 | E39: 2101 | F39: 10721300 | G39: DIRECT TEACHING & LABORATORY COST | H39: 34637064 | I39: 64404883 | K39: =SUM(H39,J39) -> 34637064
A40: 22021010 | B40: 05 | C40: 70131 | D40: 0 | E40: 2101 | F40: 10721300 | G40: DIRECT TEACHING & LABORATORY COST | H40: 6300000 | I40: 1352500 | K40: =SUM(H40,J40) -> 6300000
A41: 22021010 | B41: 05 | C41: 70133 | D41: 0 | E41: 2101 | F41: 10721300 | G41: DIRECT TEACHING & LABORATORY COST | H41: 5000000 | I41: 2660000 | K41: =SUM(H41,J41) -> 5000000
A42: 22021010 | B42: 05 | C42: 70133 | D42: 0 | E42: 2101 | F42: 10721300 | G42: DIRECT TEACHING & LABORATORY COST | H42: 801900 | K42: =SUM(H42,J42) -> 801900 | L42: CR13
A43: 22021009 | B43: 05 | C43: 70131 | D43: 0 | E43: 2101 | F43: 10721300 | G43: SPORTING ACTIVITIES | H43: 500000 | K43: =SUM(H43,J43) -> 500000
A44: 22021009 | B44: 05 | C44: 70131 | D44: 0 | E44: 2101 | F44: 10721300 | G44: SPORTING ACTIVITIES | H44: 2156000 | K44: =SUM(H44,J44) -> 2156000
A45: 22021009 | B45: 05 | C45: 70133 | D45: 0 | E45: 2101 | F45: 10721300 | G45: SPORTING ACTIVITIES | H45: 1197000 | I45: 100000 | K45: =SUM(H45,J45) -> 1197000
A46: 22021009 | B46: 05 | C46: 70131 | D46: 0 | E46: 2101 | F46: 10721300 | G46: SPORTING ACTIVITIES | H46: 25000 | I46: 0 | K46: =SUM(H46,J46) -> 25000
A47: 22021009 | B47: 05 | C47: 70133 | D47: 0 | E47: 2101 | F47: 10721300 | G47: SPORTING ACTIVITIES | H47: 3402000 | I47: 511000 | K47: =SUM(H47,J47) -> 3402000
A48: 22021009 | B48: 05 | C48: 70133 | D48: 0 | E48: 2101 | F48: 10721300 | G48: SPORTING ACTIVITIES | H48: 267300 | K48: =SUM(H48,J48) -> 267300 | L48: CR13
A49: 22021009 | B49: 05 | C49: 70133 | D49: 0 | E49: 2101 | F49: 10721300 | G49: SPORTING ACTIVITIES | H49: 100000 | I49: 0 | K49: =SUM(H49,J49) -> 100000
A50: 22021009 | B50: 05 | C50: 70131 | D50: 0 | E50: 2101 | F50: 10721300 | G50: SPORTING ACTIVITIES | H50: 26730 | K50: =SUM(H50,J50) -> 26730
A51: 22021008 | B51: 05 | C51: 70133 | D51: 0 | E51: 2101 | F51: 10721300 | G51: SUBSCRIPTION TO PROFESSIONAL BODIES | H51: 315000 | I51: 90000 | J51: 185000 | K51: =SUM(H51,J51) -> 500000
A52: 22021008 | B52: 05 | C52: 70133 | D52: 0 | E52: 2101 | F52: 10721300 | G52: SUBSCRIPTION TO PROFESSIONAL BODIES | H52: 409500 | K52: =SUM(H52,J52) -> 409500
A53: 22021008 | B53: 05 | C53: 70131 | D53: 0 | E53: 2101 | F53: 10721300 | G53: SUBSCRIPTION TO PROFESSIONAL BODIES | H53: 420000 | K53: =SUM(H53,J53) -> 420000
A54: 22021008 | B54: 05 | C54: 70133 | D54: 0 | E54: 2101 | F54: 10721300 | G54: SUBSCRIPTION TO PROFESSIONAL BODIES | H54: 9374213.1 | I54: 2739641.8 | K54: =SUM(H54,J54) -> 9374213.1
A55: 22021008 | B55: 05 | C55: 70131 | D55: 0 | E55: 2101 | F55: 10721300 | G55: SUBSCRIPTION TO PROFESSIONAL BODIES | H55: 1500000 | I55: 50000 | K55: =SUM(H55,J55) -> 1500000
A56: 22021008 | B56: 05 | C56: 70133 | D56: 0 | E56: 2101 | F56: 10721300 | G56: SUBSCRIPTION TO PROFESSIONAL BODIES | H56: 405000 | I56: 90000 | K56: =SUM(H56,J56) -> 405000
A57: 22021008 | B57: 05 | C57: 70133 | D57: 0 | E57: 2101 | F57: 10721300 | G57: SUBSCRIPTION TO PROFESSIONAL BODIES | H57: 2138400 | I57: 4471202 | J57: 13000000 | K57: =SUM(H57,J57) -> 15138400 | L57: CR13
A58: 22021008 | B58: 05 | C58: 70131 | D58: 0 | E58: 2101 | F58: 10721300 | G58: SUBSCRIPTION TO PROFESSIONAL BODIES | H58: 495000 | K58: =SUM(H58,J58) -> 495000 | L58: CR14
